Workbook

Sheet Cover
B1: Constellation Brands, Inc. (NYSE: STZ)
B2: Cover
B3: $ millions, except per share
J5: Notes / sources
B9: Company Model — built by Shortcut
B10: Constellation Brands, Inc. — 2Q FY2027 (quarter ended August 31, 2026) earnings forecast
B12: Company | C12: =Inputs!C28 -> Constellation Brands, Inc.
B13: Ticker | C13: =Inputs!C27 -> STZ
B14: Exchange | C14: =Inputs!C29 -> NYSE:STZ
B15: Fiscal year end | C15: =Inputs!C36 -> Feb-28
B16: Currency | C16: =Inputs!C21 -> USD
B17: EPS basis | C17: Comparable (normalized) diluted EPS per Class A share, USD — CapIQ normalized basis; issuer "comparable" adjustments verified on Income Statement
B18: Information cutoff | C18: 2026-10-04 22:22 UTC
B19: Expected report date | C19: =Inputs!C35&" (after market close; call 10/7 8:00 ET, S16)" -> 2026-10-06 (after market close; call 10/7 8:00 ET, S16)
B20: Market cap at cutoff ($M) / S&P 500 | C20: =TEXT(Inputs!C119,"#,##0")&" / S&P 500 member: "&Inputs!C126 -> 19,270 / S&P 500 member: Y
B21: Author | C21: Shortcut
B23: 2Q27E headline ($M, except per share) | C23: Shortcut estimate | D23: Consensus (CapIQ 10/4/26) | E23: Variance | F23: 2Q27 guidance mid | G23: FY27 guidance mid
B24: Net sales | C24: ='Income Statement'!H21 -> 2534.6844 | D24: =Inputs!C20 -> 2539.1 | E24: =C24-D24 -> -4.4156205 | F24: n/a | G24: =Guidance!G34 -> 9000
B25: Variance vs consensus (%) | E25: =E24/D24 -> -0.0017390495
B26: Comparable net income (CBI) | C26: ='Income Statement'!H154 -> 610.13486 | D26: =Inputs!C67 -> 609.02 | E26: =C26-D26 -> 1.1148582 | F26: n/a | G26: n/a
B27: Variance vs consensus (%) | E27: =E26/D26 -> 0.0018305773
B28: Comparable diluted EPS | C28: ='Income Statement'!H159 -> 3.5691562 | D28: =Inputs!C18 -> 3.55 | E28: =C28-D28 -> 0.019156248 | F28: n/a | G28: =Guidance!G32 -> 11.55
B29: Variance vs consensus (%) | E29: =E28/D28 -> 0.0053961263
B30: GAAP diluted EPS | C30: ='Income Statement'!H91 -> 3.5081547 | D30: =Inputs!C47 -> 3.55 | E30: =C30-D30 -> -0.041845284 | F30: n/a | G30: =Guidance!G33 -> 11.85
B31: Variance vs consensus (%) | E31: =E30/D30 -> -0.011787404
B32: Check: Cover ties to statements (=0) | C32: =ROUND(ABS(C24-'Income Statement'!H21)+ABS(C26-'Income Statement'!H154)+ABS(C28-'Income Statement'!H159)+ABS(C30-'Income Statement'!H91),2) -> 0
B33: Overall check (incl. 2Q27E identities) | C33: =IF(AND(ABS('Revenue summary'!C51)<Inputs!$C$133,ABS('Revenue summary'!D51)<Inputs!$C$133,ABS('Revenue summary'!E51)<Inputs!$C$133,ABS('Revenue summary'!F51)<Inputs!$C$133,ABS('Revenue summary'!G51)<Inputs!$C$133,ABS('Revenue summary'!H51)<Inputs!$C$133,ABS('Revenue summary'!C53)<Inputs!$C$133,ABS('Revenue summary'!D53)<Inputs!$C$133,ABS('Revenue summary'!E53)<Inputs!$C$133,ABS('Revenue summary'!F53)<Inputs!$C$133,ABS('Revenue summary'!G53)<Inputs!$C$133,ABS('Segment - Beer'!C115)<Inputs!$C$133,ABS('Segment - Beer'!D115)<Inputs!$C$133,ABS('Segment - Beer'!E115)<Inputs!$C$133,ABS('Segment - Beer'!F115)<Inputs!$C$133,ABS('Segment - Beer'!G115)<Inputs!$C$133,ABS('Segment - Wine and Spirits'!C159)<Inputs!$C$133,ABS('Segment - Wine and Spirits'!D159)<Inputs!$C$133,ABS('Segment - Wine and Spirits'!E159)<Inputs!$C$133,ABS('Segment - Wine and Spirits'!F159)<Inputs!$C$133,ABS('Segment - Wine and Spirits'!G159)<Inputs!$C$133,ABS('Segment - Wine and Spirits'!C65)<Inputs!$C$133,ABS('Segment - Wine and Spirits'!D65)<Inputs!$C$133,ABS('Segment - Wine and Spirits'!E65)<Inputs!$C$133,ABS('Segment - Wine and Spirits'!F65)<Inputs!$C$133,ABS('Segment - Wine and Spirits'!H65)<Inputs!$C$133,ABS('Segment - Wine and Spirits'!C115)<Inputs!$C$133,ABS('Segment - Wine and Spirits'!D115)<Inputs!$C$133,ABS('Segment - Wine and Spirits'!E115)<Inputs!$C$133,ABS('Segment - Wine and Spirits'!F115)<Inputs!$C$133,ABS('Segment - Wine and Spirits'!H115)<Inputs!$C$133,ABS('Income Statement'!C96)<Inputs!$C$133,ABS('Income Statement'!D96)<Inputs!$C$133,ABS('Income Statement'!E96)<Inputs!$C$133,ABS('Income Statement'!F96)<Inputs!$C$133,ABS('Income Statement'!G96)<Inputs!$C$133,ABS('Income Statement'!H96)<Inputs!$C$133,ABS('Income Statement'!C123)<Inputs!$C$133,ABS('Income Statement'!D123)<Inputs!$C$133,ABS('Income Statement'!E123)<Inputs!$C$133,ABS('Income Statement'!F123)<Inputs!$C$133,ABS('Income Statement'!G123)<Inputs!$C$133,ABS('Income Statement'!H123)<Inputs!$C$133,ABS('Income Statement'!C152)<Inputs!$C$133,ABS('Income Statement'!D152)<Inputs!$C$133,ABS('Income Statement'!E152)<Inputs!$C$133,ABS('Income Statement'!F152)<Inputs!$C$133,ABS('Income Statement'!G152)<Inputs!$C$133,ABS('Income Statement'!C163)<Inputs!$C$133,ABS('Income Statement'!D163)<Inputs!$C$133,ABS('Income Statement'!E163)<Inputs!$C$133,ABS('Income Statement'!F163)<Inputs!$C$133,ABS('Income Statement'!G163)<Inputs!$C$133,ABS('Income Statement'!H163)<Inputs!$C$133,ABS('Income Statement'!C190)<Inputs!$C$133,ABS('Income Statement'!D190)<Inputs!$C$133,ABS('Income Statement'!E190)<Inputs!$C$133,ABS('Income Statement'!F190)<Inputs!$C$133,ABS('Income Statement'!G190)<Inputs!$C$133,ABS('Income Statement'!H190)<Inputs!$C$133,ABS('Income Statement'!F197)<Inputs!$C$133,ABS('Balance Sheet'!C38)<Inputs!$C$133,ABS('Balance Sheet'!D38)<Inputs!$C$133,ABS('Balance Sheet'!E38)<Inputs!$C$133,ABS('Balance Sheet'!F38)<Inputs!$C$133,ABS('Balance Sheet'!G38)<Inputs!$C$133,ABS('Balance Sheet'!H38)<Inputs!$C$133,ABS('Balance Sheet'!C39)<Inputs!$C$133,ABS('Balance Sheet'!D39)<Inputs!$C$133,ABS('Balance Sheet'!E39)<Inputs!$C$133,ABS('Balance Sheet'!F39)<Inputs!$C$133,ABS('Balance Sheet'!G39)<Inputs!$C$133,ABS('Cash Flow Statement'!C25)<Inputs!$C$133,ABS('Cash Flow Statement'!D25)<Inputs!$C$133,ABS('Cash Flow Statement'!E25)<Inputs!$C$133,ABS('Cash Flow Statement'!F25)<Inputs!$C$133,ABS('Cash Flow Statement'!G25)<Inputs!$C$133,ABS('Cash Flow Statement'!C33)<Inputs!$C$133,ABS('Cash Flow Statement'!D33)<Inputs!$C$133,ABS('Cash Flow Statement'!E33)<Inputs!$C$133,ABS('Cash Flow Statement'!F33)<Inputs!$C$133,ABS('Cash Flow Statement'!G33)<Inputs!$C$133,ABS('Cash Flow Statement'!C44)<Inputs!$C$133,ABS('Cash Flow Statement'!D44)<Inputs!$C$133,ABS('Cash Flow Statement'!E44)<Inputs!$C$133,ABS('Cash Flow Statement'!F44)<Inputs!$C$133,ABS('Cash Flow Statement'!G44)<Inputs!$C$133,ABS('Cash Flow Statement'!C50)<Inputs!$C$133,ABS('Cash Flow Statement'!D50)<Inputs!$C$133,ABS('Cash Flow Statement'!E50)<Inputs!$C$133,ABS('Cash Flow Statement'!F50)<Inputs!$C$133,ABS('Cash Flow Statement'!G50)<Inputs!$C$133,ABS('Cash Flow Statement'!H50)<Inputs!$C$133,ABS('Cash Flow Statement'!C54)<Inputs!$C$133,ABS('Cash Flow Statement'!D54)<Inputs!$C$133,ABS('Cash Flow Statement'!E54)<Inputs!$C$133,ABS('Cash Flow Statement'!F54)<Inputs!$C$133,ABS('Cash Flow Statement'!G54)<Inputs!$C$133,ABS('Cash Flow Statement'!H54)<Inputs!$C$133,ABS('Share Count'!H51)<Inputs!$C$133,ABS(Cover!C32)<Inputs!$C$133),"PASS","FAIL") -> PASS | J33: PASS = historical ties to reported data (columns C:G) plus 2Q27E column-H identities (Revenue summary H51; W&S H65/H115; IS H96/H123/H163/H190; CF H50/H54; BS H38) that hold by construction. Share Count H51 is a +/-3% reasonableness test and the CF H38 revolver plug is a residual assumption. Column-H checks do not validate the forecast.
B34: P(beat consensus EPS) | C34: =Inputs!C131 -> 0.62
B35: Confidence | C35: =Inputs!C132 -> low
B37: Consensus detail and other references | C37: Value | D37: Source
B38: CapIQ normalized EPS: # estimates | C38: =Inputs!C43 -> 19 | D38: S2
B39: CapIQ normalized EPS: median | C39: =Inputs!C39 -> 3.56 | D39: S2
B40: CapIQ normalized EPS: low | C40: =Inputs!C41 -> 3.25 | D40: S2
B41: CapIQ normalized EPS: high | C41: =Inputs!C40 -> 3.88 | D41: S2
B42: CapIQ normalized EPS: std. dev. | C42: =Inputs!C42 -> 0.16 | D42: S2
B43: CapIQ revenue: # estimates | C43: =Inputs!C59 -> 16 | D43: S2
B44: Zacks EPS (10/1/26; not baseline) | C44: 3.62 | D44: S26
B45: Zacks consensus revenue ($M) | C45: 2570 | D45: S26
B46: Visible Alpha EPS (per UBS) | C46: 3.54 | D46: S24
B47: Earnings Whispers whisper EPS | C47: 3.55 | D47: S27
B48: UBS 2Q27 EPS estimate | C48: 3.33 | D48: S24
B49: Mean EPS surprise, last 6 qtrs ($) | C49: =Inputs!C118 -> 0.22666667 | D49: S1
B51: Key 2Q27E drivers (linked) | C51: 2Q27E | D51: 2Q26A
B52: Beer depletion growth | C52: ='Segment - Beer'!H11 -> -0.015 | D52: ='Segment - Beer'!C11 -> -0.027
B53: Beer shipment growth | C53: ='Segment - Beer'!H32 -> 0.015120102 | D53: ='Segment - Beer'!C32 -> -0.087091757
B54: Beer shipments (M cases) | C54: ='Segment - Beer'!H34 -> 119.1751 | D54: ='Segment - Beer'!C34 -> 117.4
B55: Beer net sales per case ($) | C55: ='Segment - Beer'!H52 -> 20.094293 | D55: ='Segment - Beer'!C52 -> 19.974446
B56: Beer gross margin | C56: ='Segment - Beer'!H82 -> 0.534 | D56: ='Segment - Beer'!C82 -> 0.52878465
B57: Beer marketing % of net sales | C57: ='Segment - Beer'!H92 -> 0.102 | D57: ='Segment - Beer'!C92 -> 0.081321962
B58: Beer operating margin | C58: ='Segment - Beer'!H110 -> 0.38773631 | D58: ='Segment - Beer'!C110 -> 0.40579957
B59: Comparable tax rate | C59: ='Income Statement'!H183 -> 0.198 | D59: ='Income Statement'!C183 -> 0.18455627
B60: Diluted shares (M) | C60: ='Income Statement'!H95 -> 170.94653 | D60: ='Income Statement'!C95 -> 175.938

Sheet Revenue summary
B1: Constellation Brands, Inc. (NYSE: STZ)
B2: Revenue summary
B3: $ millions, except per share
B5: Period | C5: 2Q26A | D5: 3Q26A | E5: 4Q26A | F5: FY26A | G5: 1Q27A | H5: 2Q27E | J5: Notes / sources
B6: Period end | C6: 45900 | D6: 45991 | E6: 46081 | F6: 46081 | G6: 46173 | H6: 46265
B7: Days in period | C7: 92 | D7: 91 | E7: 90 | F7: 365 | G7: 92 | H7: 92
B10: Net sales by reported segment ($M)
B11: PY: Beer net sales | C11: ='Segment - Beer'!C64 -> 2530.2 | D11: ='Segment - Beer'!D64 -> 2032.4 | E11: ='Segment - Beer'!E64 -> 1704.4 | F11: ='Segment - Beer'!F64 -> 8539.8 | G11: ='Segment - Beer'!G64 -> 2234.5 | H11: ='Segment - Beer'!H64 -> 2345
B12: Beer net sales | C12: ='Segment - Beer'!C65 -> 2345 | D12: ='Segment - Beer'!D65 -> 2009.7 | E12: ='Segment - Beer'!E65 -> 1726 | F12: ='Segment - Beer'!F65 -> 8315.2 | G12: ='Segment - Beer'!G65 -> 2283.5 | H12: ='Segment - Beer'!H65 -> 2394.7394
B13: % Y/Y | C13: =IF(AND(ISNUMBER(C12),ISNUMBER(C11)),IF(C11<=0,"n/m",C12/C11-1),"n/a") -> -0.073195795 | D13: =IF(AND(ISNUMBER(D12),ISNUMBER(D11)),IF(D11<=0,"n/m",D12/D11-1),"n/a") -> -0.011169061 | E13: =IF(AND(ISNUMBER(E12),ISNUMBER(E11)),IF(E11<=0,"n/m",E12/E11-1),"n/a") -> 0.012673081 | F13: =IF(AND(ISNUMBER(F12),ISNUMBER(F11)),IF(F11<=0,"n/m",F12/F11-1),"n/a") -> -0.026300382 | G13: =IF(AND(ISNUMBER(G12),ISNUMBER(G11)),IF(G11<=0,"n/m",G12/G11-1),"n/a") -> 0.021928843 | H13: =IF(AND(ISNUMBER(H12),ISNUMBER(H11)),IF(H11<=0,"n/m",H12/H11-1),"n/a") -> 0.021210823
B14: % Q/Q | C14: n/a | D14: =IF(AND(ISNUMBER(D12),ISNUMBER(C12)),IF(C12<=0,"n/m",D12/C12-1),"n/a") -> -0.14298507 | E14: =IF(AND(ISNUMBER(E12),ISNUMBER(D12)),IF(D12<=0,"n/m",E12/D12-1),"n/a") -> -0.14116535 | F14: n/a | G14: =IF(AND(ISNUMBER(G12),ISNUMBER(E12)),IF(E12<=0,"n/m",G12/E12-1),"n/a") -> 0.32300116 | H14: =IF(AND(ISNUMBER(H12),ISNUMBER(G12)),IF(G12<=0,"n/m",H12/G12-1),"n/a") -> 0.048714421
B15: Change Q/Q ($M) | C15: n/a | D15: =IF(AND(ISNUMBER(D12),ISNUMBER(C12)),D12-C12,"n/a") -> -335.3 | E15: =IF(AND(ISNUMBER(E12),ISNUMBER(D12)),E12-D12,"n/a") -> -283.7 | F15: n/a | G15: =IF(AND(ISNUMBER(G12),ISNUMBER(E12)),G12-E12,"n/a") -> 557.5 | H15: =IF(AND(ISNUMBER(H12),ISNUMBER(G12)),H12-G12,"n/a") -> 111.23938
B16: % of total net sales | C16: =IF(AND(ISNUMBER(C12),ISNUMBER(C38)),IF(C38=0,"n/a",C12/C38),"n/a") -> 0.94518339 | D16: =IF(AND(ISNUMBER(D12),ISNUMBER(D38)),IF(D38=0,"n/a",D12/D38),"n/a") -> 0.90412993 | E16: =IF(AND(ISNUMBER(E12),ISNUMBER(E38)),IF(E38=0,"n/a",E12/E38),"n/a") -> 0.8988647 | F16: =IF(AND(ISNUMBER(F12),ISNUMBER(F38)),IF(F38=0,"n/a",F12/F38),"n/a") -> 0.90985885 | G16: =IF(AND(ISNUMBER(G12),ISNUMBER(G38)),IF(G38=0,"n/a",G12/G38),"n/a") -> 0.93866897 | H16: =IF(AND(ISNUMBER(H12),ISNUMBER(H38)),IF(H38=0,"n/a",H12/H38),"n/a") -> 0.944788
B17: PY: % of total net sales | C17: =IF(AND(ISNUMBER(C11),ISNUMBER(C37)),IF(C37=0,"n/a",C11/C37),"n/a") -> 0.8668334 | D17: =IF(AND(ISNUMBER(D11),ISNUMBER(D37)),IF(D37=0,"n/a",D11/D37),"n/a") -> 0.82490462 | E17: =IF(AND(ISNUMBER(E11),ISNUMBER(E37)),IF(E37=0,"n/a",E11/E37),"n/a") -> 0.78754274 | F17: =IF(AND(ISNUMBER(F11),ISNUMBER(F37)),IF(F37=0,"n/a",F11/F37),"n/a") -> 0.83652179 | G17: =IF(AND(ISNUMBER(G11),ISNUMBER(G37)),IF(G37=0,"n/a",G11/G37),"n/a") -> 0.88846918 | H17: =IF(AND(ISNUMBER(H11),ISNUMBER(H37)),IF(H37=0,"n/a",H11/H37),"n/a") -> 0.94518339
B18: Change in mix Y/Y (bp) | C18: =IF(AND(ISNUMBER(C16),ISNUMBER(C17)),(C16-C17)*10000,"n/a") -> 783.49998 | D18: =IF(AND(ISNUMBER(D16),ISNUMBER(D17)),(D16-D17)*10000,"n/a") -> 792.25307 | E18: =IF(AND(ISNUMBER(E16),ISNUMBER(E17)),(E16-E17)*10000,"n/a") -> 1113.2196 | F18: =IF(AND(ISNUMBER(F16),ISNUMBER(F17)),(F16-F17)*10000,"n/a") -> 733.37056 | G18: =IF(AND(ISNUMBER(G16),ISNUMBER(G17)),(G16-G17)*10000,"n/a") -> 501.99784 | H18: =IF(AND(ISNUMBER(H16),ISNUMBER(H17)),(H16-H17)*10000,"n/a") -> -3.9539617
B19: Change in mix Q/Q (bp) | C19: n/a | D19: =IF(AND(ISNUMBER(D16),ISNUMBER(C16)),(D16-C16)*10000,"n/a") -> -410.53468 | E19: =IF(AND(ISNUMBER(E16),ISNUMBER(D16)),(E16-D16)*10000,"n/a") -> -52.652246 | F19: n/a | G19: =IF(AND(ISNUMBER(G16),ISNUMBER(E16)),(G16-E16)*10000,"n/a") -> 398.04267 | H19: =IF(AND(ISNUMBER(H16),ISNUMBER(G16)),(H16-G16)*10000,"n/a") -> 61.19029
B20: Organic growth | C20: ='Segment - Beer'!C71 -> -0.073195795 | D20: ='Segment - Beer'!D71 -> -0.011169061 | E20: ='Segment - Beer'!E71 -> 0.012673081 | F20: ='Segment - Beer'!F71 -> -0.026300382 | G20: ='Segment - Beer'!G71 -> 0.021928843 | H20: ='Segment - Beer'!H71 -> 0.021210823
B21: M&A / scope | C21: ='Segment - Beer'!C69 -> 0 | D21: ='Segment - Beer'!D69 -> 0 | E21: ='Segment - Beer'!E69 -> 0 | F21: ='Segment - Beer'!F69 -> 0 | G21: ='Segment - Beer'!G69 -> 0 | H21: ='Segment - Beer'!H69 -> 0
B22: FX impact | C22: ='Segment - Beer'!C70 -> 0 | D22: ='Segment - Beer'!D70 -> 0 | E22: ='Segment - Beer'!E70 -> 0 | F22: ='Segment - Beer'!F70 -> 0 | G22: ='Segment - Beer'!G70 -> 0 | H22: ='Segment - Beer'!H70 -> 0
B23: Total Y/Y | C23: =C13 -> -0.073195795 | D23: =D13 -> -0.011169061 | E23: =E13 -> 0.012673081 | F23: =F13 -> -0.026300382 | G23: =G13 -> 0.021928843 | H23: =H13 -> 0.021210823
B24: PY: W&S net sales | C24: ='Segment - Wine and Spirits'!C55 -> 388.7 | D24: ='Segment - Wine and Spirits'!D55 -> 431.4 | E24: ='Segment - Wine and Spirits'!E55 -> 459.8 | F24: ='Segment - Wine and Spirits'!F55 -> 1668.9 | G24: ='Segment - Wine and Spirits'!G55 -> 280.5 | H24: ='Segment - Wine and Spirits'!H55 -> 136
B25: Wine and Spirits net sales | C25: ='Segment - Wine and Spirits'!C56 -> 136 | D25: ='Segment - Wine and Spirits'!D56 -> 213.1 | E25: ='Segment - Wine and Spirits'!E56 -> 194.2 | F25: ='Segment - Wine and Spirits'!F56 -> 823.8 | G25: ='Segment - Wine and Spirits'!G56 -> 149.2 | H25: ='Segment - Wine and Spirits'!H56 -> 139.945
B26: % Y/Y | C26: =IF(AND(ISNUMBER(C25),ISNUMBER(C24)),IF(C24<=0,"n/m",C25/C24-1),"n/a") -> -0.65011577 | D26: =IF(AND(ISNUMBER(D25),ISNUMBER(D24)),IF(D24<=0,"n/m",D25/D24-1),"n/a") -> -0.50602689 | E26: =IF(AND(ISNUMBER(E25),ISNUMBER(E24)),IF(E24<=0,"n/m",E25/E24-1),"n/a") -> -0.57764245 | F26: =IF(AND(ISNUMBER(F25),ISNUMBER(F24)),IF(F24<=0,"n/m",F25/F24-1),"n/a") -> -0.50638145 | G26: =IF(AND(ISNUMBER(G25),ISNUMBER(G24)),IF(G24<=0,"n/m",G25/G24-1),"n/a") -> -0.46809269 | H26: =IF(AND(ISNUMBER(H25),ISNUMBER(H24)),IF(H24<=0,"n/m",H25/H24-1),"n/a") -> 0.029007353
B27: % Q/Q | C27: n/a | D27: =IF(AND(ISNUMBER(D25),ISNUMBER(C25)),IF(C25<=0,"n/m",D25/C25-1),"n/a") -> 0.56691176 | E27: =IF(AND(ISNUMBER(E25),ISNUMBER(D25)),IF(D25<=0,"n/m",E25/D25-1),"n/a") -> -0.088690756 | F27: n/a | G27: =IF(AND(ISNUMBER(G25),ISNUMBER(E25)),IF(E25<=0,"n/m",G25/E25-1),"n/a") -> -0.23171988 | H27: =IF(AND(ISNUMBER(H25),ISNUMBER(G25)),IF(G25<=0,"n/m",H25/G25-1),"n/a") -> -0.062030831
B28: Change Q/Q ($M) | C28: n/a | D28: =IF(AND(ISNUMBER(D25),ISNUMBER(C25)),D25-C25,"n/a") -> 77.1 | E28: =IF(AND(ISNUMBER(E25),ISNUMBER(D25)),E25-D25,"n/a") -> -18.9 | F28: n/a | G28: =IF(AND(ISNUMBER(G25),ISNUMBER(E25)),G25-E25,"n/a") -> -45 | H28: =IF(AND(ISNUMBER(H25),ISNUMBER(G25)),H25-G25,"n/a") -> -9.255
B29: % of total net sales | C29: =IF(AND(ISNUMBER(C25),ISNUMBER(C38)),IF(C38=0,"n/a",C25/C38),"n/a") -> 0.054816606 | D29: =IF(AND(ISNUMBER(D25),ISNUMBER(D38)),IF(D38=0,"n/a",D25/D38),"n/a") -> 0.095870074 | E29: =IF(AND(ISNUMBER(E25),ISNUMBER(E38)),IF(E38=0,"n/a",E25/E38),"n/a") -> 0.1011353 | F29: =IF(AND(ISNUMBER(F25),ISNUMBER(F38)),IF(F38=0,"n/a",F25/F38),"n/a") -> 0.090141153 | G29: =IF(AND(ISNUMBER(G25),ISNUMBER(G38)),IF(G38=0,"n/a",G25/G38),"n/a") -> 0.061331031 | H29: =IF(AND(ISNUMBER(H25),ISNUMBER(H38)),IF(H38=0,"n/a",H25/H38),"n/a") -> 0.055212002
B30: PY: % of total net sales | C30: =IF(AND(ISNUMBER(C24),ISNUMBER(C37)),IF(C37=0,"n/a",C24/C37),"n/a") -> 0.1331666 | D30: =IF(AND(ISNUMBER(D24),ISNUMBER(D37)),IF(D37=0,"n/a",D24/D37),"n/a") -> 0.17509538 | E30: =IF(AND(ISNUMBER(E24),ISNUMBER(E37)),IF(E37=0,"n/a",E24/E37),"n/a") -> 0.21245726 | F30: =IF(AND(ISNUMBER(F24),ISNUMBER(F37)),IF(F37=0,"n/a",F24/F37),"n/a") -> 0.16347821 | G30: =IF(AND(ISNUMBER(G24),ISNUMBER(G37)),IF(G37=0,"n/a",G24/G37),"n/a") -> 0.11153082 | H30: =IF(AND(ISNUMBER(H24),ISNUMBER(H37)),IF(H37=0,"n/a",H24/H37),"n/a") -> 0.054816606
B31: Change in mix Y/Y (bp) | C31: =IF(AND(ISNUMBER(C29),ISNUMBER(C30)),(C29-C30)*10000,"n/a") -> -783.49998 | D31: =IF(AND(ISNUMBER(D29),ISNUMBER(D30)),(D29-D30)*10000,"n/a") -> -792.25307 | E31: =IF(AND(ISNUMBER(E29),ISNUMBER(E30)),(E29-E30)*10000,"n/a") -> -1113.2196 | F31: =IF(AND(ISNUMBER(F29),ISNUMBER(F30)),(F29-F30)*10000,"n/a") -> -733.37056 | G31: =IF(AND(ISNUMBER(G29),ISNUMBER(G30)),(G29-G30)*10000,"n/a") -> -501.99784 | H31: =IF(AND(ISNUMBER(H29),ISNUMBER(H30)),(H29-H30)*10000,"n/a") -> 3.9539617
B32: Change in mix Q/Q (bp) | C32: n/a | D32: =IF(AND(ISNUMBER(D29),ISNUMBER(C29)),(D29-C29)*10000,"n/a") -> 410.53468 | E32: =IF(AND(ISNUMBER(E29),ISNUMBER(D29)),(E29-D29)*10000,"n/a") -> 52.652246 | F32: n/a | G32: =IF(AND(ISNUMBER(G29),ISNUMBER(E29)),(G29-E29)*10000,"n/a") -> -398.04267 | H32: =IF(AND(ISNUMBER(H29),ISNUMBER(G29)),(H29-G29)*10000,"n/a") -> -61.19029
B33: Organic growth (company basis) | C33: ='Segment - Wine and Spirits'!C63 -> -0.19143876 | D33: ='Segment - Wine and Spirits'!D63 -> -0.068618881 | E33: ='Segment - Wine and Spirits'!E63 -> -0.064997593 | F33: ='Segment - Wine and Spirits'!F63 -> -0.13981414 | G33: ='Segment - Wine and Spirits'!G63 -> 0.077256318 | H33: ='Segment - Wine and Spirits'!H63 -> 0.029007353
B34: M&A / scope | C34: ='Segment - Wine and Spirits'!C61 -> -0.56727553 | D34: ='Segment - Wine and Spirits'!D61 -> -0.46963375 | E34: ='Segment - Wine and Spirits'!E61 -> -0.54828186 | F34: ='Segment - Wine and Spirits'!F61 -> -0.42614896 | G34: ='Segment - Wine and Spirits'!G61 -> -0.50623886 | H34: ='Segment - Wine and Spirits'!H61 -> 0
B35: FX impact | C35: ='Segment - Wine and Spirits'!C62 -> n/d | D35: ='Segment - Wine and Spirits'!D62 -> n/d | E35: ='Segment - Wine and Spirits'!E62 -> n/d | F35: ='Segment - Wine and Spirits'!F62 -> n/d | G35: ='Segment - Wine and Spirits'!G62 -> n/d | H35: ='Segment - Wine and Spirits'!H62 -> n/d
B36: Total Y/Y | C36: =C26 -> -0.65011577 | D36: =D26 -> -0.50602689 | E36: =E26 -> -0.57764245 | F36: =F26 -> -0.50638145 | G36: =G26 -> -0.46809269 | H36: =H26 -> 0.029007353
B37: PY: total net sales | C37: =C11+C24 -> 2918.9 | D37: =D11+D24 -> 2463.8 | E37: =E11+E24 -> 2164.2 | F37: =F11+F24 -> 10208.7 | G37: =G11+G24 -> 2515 | H37: =H11+H24 -> 2481
B38: Total net sales | C38: =C12+C25 -> 2481 | D38: =D12+D25 -> 2222.8 | E38: =E12+E25 -> 1920.2 | F38: =F12+F25 -> 9139 | G38: =G12+G25 -> 2432.7 | H38: =H12+H25 -> 2534.6844
B39: % Y/Y | C39: =IF(AND(ISNUMBER(C38),ISNUMBER(C37)),IF(C37<=0,"n/m",C38/C37-1),"n/a") -> -0.15002227 | D39: =IF(AND(ISNUMBER(D38),ISNUMBER(D37)),IF(D37<=0,"n/m",D38/D37-1),"n/a") -> -0.097816381 | E39: =IF(AND(ISNUMBER(E38),ISNUMBER(E37)),IF(E37<=0,"n/m",E38/E37-1),"n/a") -> -0.11274374 | F39: =IF(AND(ISNUMBER(F38),ISNUMBER(F37)),IF(F37<=0,"n/m",F38/F37-1),"n/a") -> -0.10478318 | G39: =IF(AND(ISNUMBER(G38),ISNUMBER(G37)),IF(G37<=0,"n/m",G38/G37-1),"n/a") -> -0.032723658 | H39: =IF(AND(ISNUMBER(H38),ISNUMBER(H37)),IF(H37<=0,"n/m",H38/H37-1),"n/a") -> 0.021638202
B40: % Q/Q | C40: n/a | D40: =IF(AND(ISNUMBER(D38),ISNUMBER(C38)),IF(C38<=0,"n/m",D38/C38-1),"n/a") -> -0.10407094 | E40: =IF(AND(ISNUMBER(E38),ISNUMBER(D38)),IF(D38<=0,"n/m",E38/D38-1),"n/a") -> -0.13613461 | F40: n/a | G40: =IF(AND(ISNUMBER(G38),ISNUMBER(E38)),IF(E38<=0,"n/m",G38/E38-1),"n/a") -> 0.26689928 | H40: =IF(AND(ISNUMBER(H38),ISNUMBER(G38)),IF(G38<=0,"n/m",H38/G38-1),"n/a") -> 0.0419223
B41: Change Q/Q ($M) | C41: n/a | D41: =IF(AND(ISNUMBER(D38),ISNUMBER(C38)),D38-C38,"n/a") -> -258.2 | E41: =IF(AND(ISNUMBER(E38),ISNUMBER(D38)),E38-D38,"n/a") -> -302.6 | F41: n/a | G41: =IF(AND(ISNUMBER(G38),ISNUMBER(E38)),G38-E38,"n/a") -> 512.5 | H41: =IF(AND(ISNUMBER(H38),ISNUMBER(G38)),H38-G38,"n/a") -> 101.98438
B42: % of total net sales | C42: =IF(AND(ISNUMBER(C38),ISNUMBER(C38)),IF(C38=0,"n/a",C38/C38),"n/a") -> 1 | D42: =IF(AND(ISNUMBER(D38),ISNUMBER(D38)),IF(D38=0,"n/a",D38/D38),"n/a") -> 1 | E42: =IF(AND(ISNUMBER(E38),ISNUMBER(E38)),IF(E38=0,"n/a",E38/E38),"n/a") -> 1 | F42: =IF(AND(ISNUMBER(F38),ISNUMBER(F38)),IF(F38=0,"n/a",F38/F38),"n/a") -> 1 | G42: =IF(AND(ISNUMBER(G38),ISNUMBER(G38)),IF(G38=0,"n/a",G38/G38),"n/a") -> 1 | H42: =IF(AND(ISNUMBER(H38),ISNUMBER(H38)),IF(H38=0,"n/a",H38/H38),"n/a") -> 1
B43: Prior-year divested net sales | C43: ='Segment - Wine and Spirits'!C60 -> 220.5 | D43: ='Segment - Wine and Spirits'!D60 -> 202.6 | E43: ='Segment - Wine and Spirits'!E60 -> 252.1 | F43: ='Segment - Wine and Spirits'!F60 -> 711.2 | G43: ='Segment - Wine and Spirits'!G60 -> 142 | H43: ='Segment - Wine and Spirits'!H60 -> 0
B44: M&A / scope impact | C44: =-C43/C37 -> -0.075542156 | D44: =-D43/D37 -> -0.082230701 | E44: =-E43/E37 -> -0.11648646 | F44: =-F43/F37 -> -0.069666069 | G44: =-G43/G37 -> -0.056461233 | H44: =-H43/H37 -> 0
B45: FX impact (n/d = not disclosed) | C45: n/d | D45: n/d | E45: n/d | F45: n/d | G45: n/d | H45: n/d
B46: Organic growth (company basis) | C46: =C38/(C37-C43)-1 -> -0.080566261 | D46: =D38/(D37-D43)-1 -> -0.016982133 | E46: =E38/(E37-E43)-1 -> 0.0042361801 | F46: =F38/(F37-F43)-1 -> -0.037746775 | G46: =G38/(G37-G43)-1 -> 0.025158028 | H46: =H38/(H37-H43)-1 -> 0.021638202 | J46: Matches company organic: -8%, -2%, 0%, -4%, +3% (S3-S6)
B47: Organic (formula; needs FX) | C47: =IF(AND(ISNUMBER(C39),ISNUMBER(C44),ISNUMBER(C45)),(1+C39)/((1+C44)*(1+C45))-1,"n/a") -> n/a | D47: =IF(AND(ISNUMBER(D39),ISNUMBER(D44),ISNUMBER(D45)),(1+D39)/((1+D44)*(1+D45))-1,"n/a") -> n/a | E47: =IF(AND(ISNUMBER(E39),ISNUMBER(E44),ISNUMBER(E45)),(1+E39)/((1+E44)*(1+E45))-1,"n/a") -> n/a | F47: =IF(AND(ISNUMBER(F39),ISNUMBER(F44),ISNUMBER(F45)),(1+F39)/((1+F44)*(1+F45))-1,"n/a") -> n/a | G47: =IF(AND(ISNUMBER(G39),ISNUMBER(G44),ISNUMBER(G45)),(1+G39)/((1+G44)*(1+G45))-1,"n/a") -> n/a | H47: =IF(AND(ISNUMBER(H39),ISNUMBER(H44),ISNUMBER(H45)),(1+H39)/((1+H44)*(1+H45))-1,"n/a") -> n/a
B48: Total Y/Y | C48: =C39 -> -0.15002227 | D48: =D39 -> -0.097816381 | E48: =E39 -> -0.11274374 | F48: =F39 -> -0.10478318 | G48: =G39 -> -0.032723658 | H48: =H39 -> 0.021638202
B50: Checks
B51: Check: segments sum to total (=0) | C51: =ROUND(C38-'Income Statement'!C21,1) -> 0 | D51: =ROUND(D38-'Income Statement'!D21,1) -> 0 | E51: =ROUND(E38-'Income Statement'!E21,1) -> 0 | F51: =ROUND(F38-'Income Statement'!F21,1) -> 0 | G51: =ROUND(G38-'Income Statement'!G21,1) -> 0 | H51: =ROUND(H38-'Income Statement'!H21,1) -> 0
B52: Net sales per CapIQ history (Inputs) | C52: =Inputs!$I$103 -> 2481 | D52: =Inputs!$I$104 -> 2222.8 | E52: =Inputs!$I$105 -> 1920.2 | F52: =SUM(Inputs!$I$102:$I$105) -> 9139 | G52: =Inputs!$I$106 -> 2432.7 | H52: n/a | J52: FY26 = four FY26 quarters in CapIQ history (Inputs I102:I105)
B53: Check: total vs CapIQ actual (=0) | C53: =ROUND(C38-C52,1) -> 0 | D53: =ROUND(D38-D52,1) -> 0 | E53: =ROUND(E38-E52,1) -> 0 | F53: =ROUND(F38-F52,1) -> 0 | G53: =ROUND(G38-G52,1) -> 0 | H53: n/a
B55: Geography
B56: Geo: U.S. = 98.5% of FY26 net sales ($9,005.7M of $9,139.0M; FY26 10-K geographic note, S9) — effectively one country, so no Geo tab.

Sheet Segment - Beer
B1: Constellation Brands, Inc. (NYSE: STZ)
B2: Segment - Beer
B3: $ millions, except per share
B5: Period | C5: 2Q26A | D5: 3Q26A | E5: 4Q26A | F5: FY26A | G5: 1Q27A | H5: 2Q27E | J5: Notes / sources
B6: Period end | C6: 45900 | D6: 45991 | E6: 46081 | F6: 46081 | G6: 46173 | H6: 46265
B7: Days in period | C7: 92 | D7: 91 | E7: 90 | F7: 365 | G7: 92 | H7: 92
B10: Depletions — U.S. distributor sales to retailers (company-reported growth)
B11: Beer depletion growth Y/Y | C11: -0.027 | D11: -0.03 | E11: 0.006 | F11: -0.021 | G11: -0.003 | H11: -0.015 | J11: S3,S4,S5,S6; 2Q27E assumption
B12: Change Q/Q (bp) | C12: n/a | D12: =IF(AND(ISNUMBER(D11),ISNUMBER(C11)),(D11-C11)*10000,"n/a") -> -30 | E12: =IF(AND(ISNUMBER(E11),ISNUMBER(D11)),(E11-D11)*10000,"n/a") -> 360 | F12: n/a | G12: =IF(AND(ISNUMBER(G11),ISNUMBER(E11)),(G11-E11)*10000,"n/a") -> -90 | H12: =IF(AND(ISNUMBER(H11),ISNUMBER(G11)),(H11-G11)*10000,"n/a") -> -120
B13: Modelo Especial depl. growth (approx.) | C13: -0.04 | D13: -0.04 | E13: -0.01 | F13: -0.03 | G13: -0.02 | H13: n/a | J13: S3-S6 ("just over 4%", "approx. 4%", "just under 1%", "approx. 3%", "approx. 2%"); brand split not forecast
B14: Change Q/Q (bp) | C14: n/a | D14: =IF(AND(ISNUMBER(D13),ISNUMBER(C13)),(D13-C13)*10000,"n/a") -> 0 | E14: =IF(AND(ISNUMBER(E13),ISNUMBER(D13)),(E13-D13)*10000,"n/a") -> 300 | F14: n/a | G14: =IF(AND(ISNUMBER(G13),ISNUMBER(E13)),(G13-E13)*10000,"n/a") -> -100 | H14: =IF(AND(ISNUMBER(H13),ISNUMBER(G13)),(H13-G13)*10000,"n/a") -> n/a
B15: Corona Extra depl. growth (approx.) | C15: -0.07 | D15: -0.09 | E15: -0.06 | F15: -0.07 | G15: -0.05 | H15: n/a | J15: S3-S6 (approximate as disclosed); brand split not forecast
B16: Change Q/Q (bp) | C16: n/a | D16: =IF(AND(ISNUMBER(D15),ISNUMBER(C15)),(D15-C15)*10000,"n/a") -> -200 | E16: =IF(AND(ISNUMBER(E15),ISNUMBER(D15)),(E15-D15)*10000,"n/a") -> 300 | F16: n/a | G16: =IF(AND(ISNUMBER(G15),ISNUMBER(E15)),(G15-E15)*10000,"n/a") -> 100 | H16: =IF(AND(ISNUMBER(H15),ISNUMBER(G15)),(H15-G15)*10000,"n/a") -> n/a
B17: Modelo Chelada depl. growth (approx.) | C17: -0.03 | D17: -0.02 | E17: 0.05 | F17: -0.01 | G17: 0.06 | H17: n/a | J17: S3-S6 (approximate as disclosed); brand split not forecast
B18: Change Q/Q (bp) | C18: n/a | D18: =IF(AND(ISNUMBER(D17),ISNUMBER(C17)),(D17-C17)*10000,"n/a") -> 100 | E18: =IF(AND(ISNUMBER(E17),ISNUMBER(D17)),(E17-D17)*10000,"n/a") -> 700 | F18: n/a | G18: =IF(AND(ISNUMBER(G17),ISNUMBER(E17)),(G17-E17)*10000,"n/a") -> 100 | H18: =IF(AND(ISNUMBER(H17),ISNUMBER(G17)),(H17-G17)*10000,"n/a") -> n/a
B19: Pacifico depl. growth (approx.) | C19: 0.14 | D19: 0.15 | E19: 0.21 | F19: 0.15 | G19: 0.21 | H19: n/a | J19: S3-S6 (approximate as disclosed); brand split not forecast
B20: Change Q/Q (bp) | C20: n/a | D20: =IF(AND(ISNUMBER(D19),ISNUMBER(C19)),(D19-C19)*10000,"n/a") -> 100 | E20: =IF(AND(ISNUMBER(E19),ISNUMBER(D19)),(E19-D19)*10000,"n/a") -> 600 | F20: n/a | G20: =IF(AND(ISNUMBER(G19),ISNUMBER(E19)),(G19-E19)*10000,"n/a") -> 0 | H20: =IF(AND(ISNUMBER(H19),ISNUMBER(G19)),(H19-G19)*10000,"n/a") -> n/a
B21: Victoria depl. growth (approx.) | C21: 0.19 | D21: 0.13 | E21: 0.17 | F21: 0.16 | G21: 0.14 | H21: n/a | J21: S3-S6 (approximate as disclosed); brand split not forecast
B22: Change Q/Q (bp) | C22: n/a | D22: =IF(AND(ISNUMBER(D21),ISNUMBER(C21)),(D21-C21)*10000,"n/a") -> -600 | E22: =IF(AND(ISNUMBER(E21),ISNUMBER(D21)),(E21-D21)*10000,"n/a") -> 400 | F22: n/a | G22: =IF(AND(ISNUMBER(G21),ISNUMBER(E21)),(G21-E21)*10000,"n/a") -> -300 | H22: =IF(AND(ISNUMBER(H21),ISNUMBER(G21)),(H21-G21)*10000,"n/a") -> n/a
B24: Shipments ladder (M 24-pack, 12-oz case equivalents)
B25: Prior-year shipments (memo) | C25: 128.6 | D25: 102.7 | E25: 85.4 | F25: 431.8 | G25: 111.3 | H25: =C34 -> 117.4 | J25: S3-S6 year-ago column
B26: Depletion growth Y/Y (from above) | C26: =C11 -> -0.027 | D26: =D11 -> -0.03 | E26: =E11 -> 0.006 | F26: =F11 -> -0.021 | G26: =G11 -> -0.003 | H26: =H11 -> -0.015
B27: Lap of 2Q26 destock (pts) | C27: n/a | D27: n/a | E27: n/a | F27: n/a | G27: n/a | H27: 0.06 | J27: S11: 2Q26 shipments guided to trail depletions by 6-7 pts; actual gap -6.0 pts; UNRESOLVED convention: lap not rebased to the 117.4 base while H28 is (rebased 0.0657 adds ~$0.03 EPS); retained as frozen assumption
B28: Unwind of 1Q27 over-shipment (pts) | C28: n/a | D28: n/a | E28: n/a | F28: n/a | G28: n/a | H28: =-G30*G25/H25 -> -0.019879898 | J28: Derived from 1Q27 gap (S6, S13)
B29: New distributor destock (pts) | C29: n/a | D29: n/a | E29: n/a | F29: n/a | G29: n/a | H29: -0.01
B30: Shipment less depletion gap (pts) | C30: =C32-C11 -> -0.060091757 | D30: =D32-D11 -> 0.0076046738 | E30: =E32-E11 -> 0.0045386417 | F30: =F32-F11 -> -0.016980547 | G30: =G32-G11 -> 0.020969452 | H30: =SUM(H27,H28,H29) -> 0.030120102
B31: Change Q/Q (bp) | C31: n/a | D31: =IF(AND(ISNUMBER(D30),ISNUMBER(C30)),(D30-C30)*10000,"n/a") -> 676.96431 | E31: =IF(AND(ISNUMBER(E30),ISNUMBER(D30)),(E30-D30)*10000,"n/a") -> -30.660321 | F31: n/a | G31: =IF(AND(ISNUMBER(G30),ISNUMBER(E30)),(G30-E30)*10000,"n/a") -> 164.3081 | H31: =IF(AND(ISNUMBER(H30),ISNUMBER(G30)),(H30-G30)*10000,"n/a") -> 91.506503
B32: Shipment growth Y/Y | C32: =C34/C25-1 -> -0.087091757 | D32: =D34/D25-1 -> -0.022395326 | E32: =E34/E25-1 -> 0.010538642 | F32: =F34/F25-1 -> -0.037980547 | G32: =G34/G25-1 -> 0.017969452 | H32: =H11+H30 -> 0.015120102
B33: Change Q/Q (bp) | C33: n/a | D33: =IF(AND(ISNUMBER(D32),ISNUMBER(C32)),(D32-C32)*10000,"n/a") -> 646.96431 | E33: =IF(AND(ISNUMBER(E32),ISNUMBER(D32)),(E32-D32)*10000,"n/a") -> 329.33968 | F33: n/a | G33: =IF(AND(ISNUMBER(G32),ISNUMBER(E32)),(G32-E32)*10000,"n/a") -> 74.308102 | H33: =IF(AND(ISNUMBER(H32),ISNUMBER(G32)),(H32-G32)*10000,"n/a") -> -28.493497
B34: Beer shipments | C34: 117.4 | D34: 100.4 | E34: 86.3 | F34: 415.4 | G34: 113.3 | H34: =H25*(1+H32) -> 119.1751 | J34: S3-S6; 2Q27E = prior year x (1 + growth)
B35: Change Y/Y (M cases) | C35: =IF(AND(ISNUMBER(C34),ISNUMBER(C25)),C34-C25,"n/a") -> -11.2 | D35: =IF(AND(ISNUMBER(D34),ISNUMBER(D25)),D34-D25,"n/a") -> -2.3 | E35: =IF(AND(ISNUMBER(E34),ISNUMBER(E25)),E34-E25,"n/a") -> 0.9 | F35: =IF(AND(ISNUMBER(F34),ISNUMBER(F25)),F34-F25,"n/a") -> -16.4 | G35: =IF(AND(ISNUMBER(G34),ISNUMBER(G25)),G34-G25,"n/a") -> 2 | H35: =IF(AND(ISNUMBER(H34),ISNUMBER(H25)),H34-H25,"n/a") -> 1.7751
B36: % Q/Q | C36: n/a | D36: =IF(AND(ISNUMBER(D34),ISNUMBER(C34)),IF(C34<=0,"n/m",D34/C34-1),"n/a") -> -0.14480409 | E36: =IF(AND(ISNUMBER(E34),ISNUMBER(D34)),IF(D34<=0,"n/m",E34/D34-1),"n/a") -> -0.14043825 | F36: n/a | G36: =IF(AND(ISNUMBER(G34),ISNUMBER(E34)),IF(E34<=0,"n/m",G34/E34-1),"n/a") -> 0.31286211 | H36: =IF(AND(ISNUMBER(H34),ISNUMBER(G34)),IF(G34<=0,"n/m",H34/G34-1),"n/a") -> 0.051854369
B37: Change Q/Q (M cases) | C37: n/a | D37: =IF(AND(ISNUMBER(D34),ISNUMBER(C34)),D34-C34,"n/a") -> -17 | E37: =IF(AND(ISNUMBER(E34),ISNUMBER(D34)),E34-D34,"n/a") -> -14.1 | F37: n/a | G37: =IF(AND(ISNUMBER(G34),ISNUMBER(E34)),G34-E34,"n/a") -> 27 | H37: =IF(AND(ISNUMBER(H34),ISNUMBER(G34)),H34-G34,"n/a") -> 5.8751
B38: Shipments per day (M cases) | C38: =C34/C$7 -> 1.276087 | D38: =D34/D$7 -> 1.1032967 | E38: =E34/E$7 -> 0.95888889 | F38: =F34/F$7 -> 1.1380822 | G38: =G34/G$7 -> 1.2315217 | H38: =H34/H$7 -> 1.2953815
B39: PY: shipments per day | C39: =C25/C$7 -> 1.3978261 | D39: =D25/D$7 -> 1.1285714 | E39: =E25/E$7 -> 0.94888889 | F39: =F25/F$7 -> 1.1830137 | G39: =G25/G$7 -> 1.2097826 | H39: =H25/H$7 -> 1.276087
B40: % Y/Y | C40: =IF(AND(ISNUMBER(C38),ISNUMBER(C39)),IF(C39<=0,"n/m",C38/C39-1),"n/a") -> -0.087091757 | D40: =IF(AND(ISNUMBER(D38),ISNUMBER(D39)),IF(D39<=0,"n/m",D38/D39-1),"n/a") -> -0.022395326 | E40: =IF(AND(ISNUMBER(E38),ISNUMBER(E39)),IF(E39<=0,"n/m",E38/E39-1),"n/a") -> 0.010538642 | F40: =IF(AND(ISNUMBER(F38),ISNUMBER(F39)),IF(F39<=0,"n/m",F38/F39-1),"n/a") -> -0.037980547 | G40: =IF(AND(ISNUMBER(G38),ISNUMBER(G39)),IF(G39<=0,"n/m",G38/G39-1),"n/a") -> 0.017969452 | H40: =IF(AND(ISNUMBER(H38),ISNUMBER(H39)),IF(H39<=0,"n/m",H38/H39-1),"n/a") -> 0.015120102
B41: Change Q/Q (M cases/day) | C41: n/a | D41: =IF(AND(ISNUMBER(D38),ISNUMBER(C38)),D38-C38,"n/a") -> -0.17279025 | E41: =IF(AND(ISNUMBER(E38),ISNUMBER(D38)),E38-D38,"n/a") -> -0.14440781 | F41: n/a | G41: =IF(AND(ISNUMBER(G38),ISNUMBER(E38)),G38-E38,"n/a") -> 0.27263285 | H41: =IF(AND(ISNUMBER(H38),ISNUMBER(G38)),H38-G38,"n/a") -> 0.063859783
B42: Gallons per case (constant) | C42: 2.25 | J42: 24 x 12 fl oz = 288 fl oz = 2.25 US gallons
B43: Shipments (M US gallons, derived) | C43: =C34*$C$42 -> 264.15 | D43: =D34*$C$42 -> 225.9 | E43: =E34*$C$42 -> 194.175 | F43: =F34*$C$42 -> 934.65 | G43: =G34*$C$42 -> 254.925 | H43: =H34*$C$42 -> 268.14398 | J43: Comparable to Census beer-import gallons (S21)
B44: PY: shipments (M gallons) | C44: =C25*$C$42 -> 289.35 | D44: =D25*$C$42 -> 231.075 | E44: =E25*$C$42 -> 192.15 | F44: =F25*$C$42 -> 971.55 | G44: =G25*$C$42 -> 250.425 | H44: =H25*$C$42 -> 264.15
B45: % Y/Y | C45: =IF(AND(ISNUMBER(C43),ISNUMBER(C44)),IF(C44<=0,"n/m",C43/C44-1),"n/a") -> -0.087091757 | D45: =IF(AND(ISNUMBER(D43),ISNUMBER(D44)),IF(D44<=0,"n/m",D43/D44-1),"n/a") -> -0.022395326 | E45: =IF(AND(ISNUMBER(E43),ISNUMBER(E44)),IF(E44<=0,"n/m",E43/E44-1),"n/a") -> 0.010538642 | F45: =IF(AND(ISNUMBER(F43),ISNUMBER(F44)),IF(F44<=0,"n/m",F43/F44-1),"n/a") -> -0.037980547 | G45: =IF(AND(ISNUMBER(G43),ISNUMBER(G44)),IF(G44<=0,"n/m",G43/G44-1),"n/a") -> 0.017969452 | H45: =IF(AND(ISNUMBER(H43),ISNUMBER(H44)),IF(H44<=0,"n/m",H43/H44-1),"n/a") -> 0.015120102
B46: Change Q/Q (M gallons) | C46: n/a | D46: =IF(AND(ISNUMBER(D43),ISNUMBER(C43)),D43-C43,"n/a") -> -38.25 | E46: =IF(AND(ISNUMBER(E43),ISNUMBER(D43)),E43-D43,"n/a") -> -31.725 | F46: n/a | G46: =IF(AND(ISNUMBER(G43),ISNUMBER(E43)),G43-E43,"n/a") -> 60.75 | H46: =IF(AND(ISNUMBER(H43),ISNUMBER(G43)),H43-G43,"n/a") -> 13.218975
B48: Price / mix (net sales per case)
B49: PY: net sales per case ($) | C49: =IF(AND(ISNUMBER(C64),ISNUMBER(C25)),IF(C25=0,"n/a",C64/C25),"n/a") -> 19.674961 | D49: =IF(AND(ISNUMBER(D64),ISNUMBER(D25)),IF(D25=0,"n/a",D64/D25),"n/a") -> 19.789679 | E49: =IF(AND(ISNUMBER(E64),ISNUMBER(E25)),IF(E25=0,"n/a",E64/E25),"n/a") -> 19.957845 | F49: =IF(AND(ISNUMBER(F64),ISNUMBER(F25)),IF(F25=0,"n/a",F64/F25),"n/a") -> 19.777212 | G49: =IF(AND(ISNUMBER(G64),ISNUMBER(G25)),IF(G25=0,"n/a",G64/G25),"n/a") -> 20.07637 | H49: =IF(AND(ISNUMBER(H64),ISNUMBER(H25)),IF(H25=0,"n/a",H64/H25),"n/a") -> 19.974446
B50: Net sales per case growth Y/Y | C50: =C52/C49-1 -> 0.015221642 | D50: =D52/D49-1 -> 0.01148344 | E50: =E52/E49-1 -> 0.0021121802 | F50: =F52/F49-1 -> 0.012141298 | G50: =G52/G49-1 -> 0.003889499 | H50: 0.006
B51: Change Q/Q (bp) | C51: n/a | D51: =IF(AND(ISNUMBER(D50),ISNUMBER(C50)),(D50-C50)*10000,"n/a") -> -37.382018 | E51: =IF(AND(ISNUMBER(E50),ISNUMBER(D50)),(E50-D50)*10000,"n/a") -> -93.712601 | F51: n/a | G51: =IF(AND(ISNUMBER(G50),ISNUMBER(E50)),(G50-E50)*10000,"n/a") -> 17.773188 | H51: =IF(AND(ISNUMBER(H50),ISNUMBER(G50)),(H50-G50)*10000,"n/a") -> 21.10501
B52: Net sales per case ($) | C52: =C65/C34 -> 19.974446 | D52: =D65/D34 -> 20.016932 | E52: =E65/E34 -> 20 | F52: =F65/F34 -> 20.017333 | G52: =G65/G34 -> 20.154457 | H52: =H49*(1+H50) -> 20.094293
B53: Change Y/Y ($) | C53: =IF(AND(ISNUMBER(C52),ISNUMBER(C49)),C52-C49,"n/a") -> 0.29948522 | D53: =IF(AND(ISNUMBER(D52),ISNUMBER(D49)),D52-D49,"n/a") -> 0.2272536 | E53: =IF(AND(ISNUMBER(E52),ISNUMBER(E49)),E52-E49,"n/a") -> 0.042154567 | F53: =IF(AND(ISNUMBER(F52),ISNUMBER(F49)),F52-F49,"n/a") -> 0.24012102 | G53: =IF(AND(ISNUMBER(G52),ISNUMBER(G49)),G52-G49,"n/a") -> 0.078087023 | H53: =IF(AND(ISNUMBER(H52),ISNUMBER(H49)),H52-H49,"n/a") -> 0.11984668
B54: Change Q/Q ($) | C54: n/a | D54: =IF(AND(ISNUMBER(D52),ISNUMBER(C52)),D52-C52,"n/a") -> 0.042485934 | E54: =IF(AND(ISNUMBER(E52),ISNUMBER(D52)),E52-D52,"n/a") -> -0.016932271 | F54: n/a | G54: =IF(AND(ISNUMBER(G52),ISNUMBER(E52)),G52-E52,"n/a") -> 0.15445719 | H54: =IF(AND(ISNUMBER(H52),ISNUMBER(G52)),H52-G52,"n/a") -> -0.060164178
B56: Net sales bridge Y/Y ($M; 10-Q MD&A)
B57: Shipment volume impact | C57: -219.3 | D57: -46.2 | E57: n/a | F57: n/a | G57: 40.7 | H57: =(H34-H25)*H49 -> 35.45664 | J57: S7, S8, S10; 4Q26/FY26 not available (10-K MD&A text not retrieved)
B58: Pricing (2Q27E incl. mix) | C58: 40.6 | D58: 30.3 | E58: n/a | F58: n/a | G58: 17.6 | H58: =(H52-H49)*H34 -> 14.28274 | J58: S7, S8, S10
B59: Product mix impact | C59: n/a | D59: n/a | E59: n/a | F59: n/a | G59: -9.3 | H59: n/a | J59: Not separately disclosed for 2Q26/3Q26 3M
B60: Other / rounding (derived) | C60: =C61-C57-C58-IF(ISNUMBER(C59),C59,0) -> -6.5 | D60: =D61-D57-D58-IF(ISNUMBER(D59),D59,0) -> -6.8 | E60: n/a | F60: n/a | G60: =G61-G57-G58-IF(ISNUMBER(G59),G59,0) -> 0 | H60: =H61-H57-H58 -> 0
B61: Total beer net sales change Y/Y | C61: =C65-C64 -> -185.2 | D61: =D65-D64 -> -22.7 | E61: =E65-E64 -> 21.6 | F61: =F65-F64 -> -224.6 | G61: =G65-G64 -> 49 | H61: =H65-H64 -> 49.73938
B63: Net sales
B64: Prior-year beer net sales (memo) | C64: 2530.2 | D64: 2032.4 | E64: 1704.4 | F64: 8539.8 | G64: 2234.5 | H64: =C65 -> 2345 | J64: S3-S6
B65: Beer net sales | C65: 2345 | D65: 2009.7 | E65: 1726 | F65: 8315.2 | G65: 2283.5 | H65: =H34*H52 -> 2394.7394 | J65: S3-S6; 2Q27E = shipments x net sales per case
B66: % Y/Y (total) | C66: =IF(AND(ISNUMBER(C65),ISNUMBER(C64)),IF(C64<=0,"n/m",C65/C64-1),"n/a") -> -0.073195795 | D66: =IF(AND(ISNUMBER(D65),ISNUMBER(D64)),IF(D64<=0,"n/m",D65/D64-1),"n/a") -> -0.011169061 | E66: =IF(AND(ISNUMBER(E65),ISNUMBER(E64)),IF(E64<=0,"n/m",E65/E64-1),"n/a") -> 0.012673081 | F66: =IF(AND(ISNUMBER(F65),ISNUMBER(F64)),IF(F64<=0,"n/m",F65/F64-1),"n/a") -> -0.026300382 | G66: =IF(AND(ISNUMBER(G65),ISNUMBER(G64)),IF(G64<=0,"n/m",G65/G64-1),"n/a") -> 0.021928843 | H66: =IF(AND(ISNUMBER(H65),ISNUMBER(H64)),IF(H64<=0,"n/m",H65/H64-1),"n/a") -> 0.021210823
B67: % Q/Q | C67: n/a | D67: =IF(AND(ISNUMBER(D65),ISNUMBER(C65)),IF(C65<=0,"n/m",D65/C65-1),"n/a") -> -0.14298507 | E67: =IF(AND(ISNUMBER(E65),ISNUMBER(D65)),IF(D65<=0,"n/m",E65/D65-1),"n/a") -> -0.14116535 | F67: n/a | G67: =IF(AND(ISNUMBER(G65),ISNUMBER(E65)),IF(E65<=0,"n/m",G65/E65-1),"n/a") -> 0.32300116 | H67: =IF(AND(ISNUMBER(H65),ISNUMBER(G65)),IF(G65<=0,"n/m",H65/G65-1),"n/a") -> 0.048714421
B68: Change Q/Q ($M) | C68: n/a | D68: =IF(AND(ISNUMBER(D65),ISNUMBER(C65)),D65-C65,"n/a") -> -335.3 | E68: =IF(AND(ISNUMBER(E65),ISNUMBER(D65)),E65-D65,"n/a") -> -283.7 | F68: n/a | G68: =IF(AND(ISNUMBER(G65),ISNUMBER(E65)),G65-E65,"n/a") -> 557.5 | H68: =IF(AND(ISNUMBER(H65),ISNUMBER(G65)),H65-G65,"n/a") -> 111.23938
B69: M&A / scope impact | C69: 0 | D69: 0 | E69: 0 | F69: 0 | G69: 0 | H69: 0 | J69: Company organic reconciliations show no Beer scope adjustment (S3-S6)
B70: FX impact | C70: 0 | D70: 0 | E70: 0 | F70: 0 | G70: 0 | H70: 0 | J70: Beer net sales are U.S. sales in USD (S9); no translation effect on revenue
B71: Organic growth | C71: =IF(AND(ISNUMBER(C66),ISNUMBER(C69),ISNUMBER(C70)),(1+C66)/((1+C69)*(1+C70))-1,"n/a") -> -0.073195795 | D71: =IF(AND(ISNUMBER(D66),ISNUMBER(D69),ISNUMBER(D70)),(1+D66)/((1+D69)*(1+D70))-1,"n/a") -> -0.011169061 | E71: =IF(AND(ISNUMBER(E66),ISNUMBER(E69),ISNUMBER(E70)),(1+E66)/((1+E69)*(1+E70))-1,"n/a") -> 0.012673081 | F71: =IF(AND(ISNUMBER(F66),ISNUMBER(F69),ISNUMBER(F70)),(1+F66)/((1+F69)*(1+F70))-1,"n/a") -> -0.026300382 | G71: =IF(AND(ISNUMBER(G66),ISNUMBER(G69),ISNUMBER(G70)),(1+G66)/((1+G69)*(1+G70))-1,"n/a") -> 0.021928843 | H71: =IF(AND(ISNUMBER(H66),ISNUMBER(H69),ISNUMBER(H70)),(1+H66)/((1+H69)*(1+H70))-1,"n/a") -> 0.021210823 | J71: Organic = (1+Y/Y)/((1+M&A)x(1+FX))-1
B73: Segment profitability (comparable basis, $M)
B74: Cost of product sold | C74: =C79-C65 -> -1105 | D74: =D79-D65 -> -946.5 | E74: =E79-E65 -> -854.7 | F74: =F79-F65 -> -3953.7 | G74: =G79-G65 -> -1065.3 | H74: =-H65*(1-H82) -> -1115.9486 | J74: Derived: gross profit less net sales
B75: PY: cost of product sold | C75: =C78-C64 -> -1163.8 | D75: =D78-D64 -> -955.7 | E75: =E78-E64 -> -794.5 | F75: =F78-F64 -> -3973.7 | G75: =G78-G64 -> -1047.5 | H75: =H78-H64 -> -1105
B76: % Y/Y | C76: =IF(AND(ISNUMBER(C74),ISNUMBER(C75)),C74/C75-1,"n/a") -> -0.050524145 | D76: =IF(AND(ISNUMBER(D74),ISNUMBER(D75)),D74/D75-1,"n/a") -> -0.0096264518 | E76: =IF(AND(ISNUMBER(E74),ISNUMBER(E75)),E74/E75-1,"n/a") -> 0.075770925 | F76: =IF(AND(ISNUMBER(F74),ISNUMBER(F75)),F74/F75-1,"n/a") -> -0.0050330926 | G76: =IF(AND(ISNUMBER(G74),ISNUMBER(G75)),G74/G75-1,"n/a") -> 0.01699284 | H76: =IF(AND(ISNUMBER(H74),ISNUMBER(H75)),H74/H75-1,"n/a") -> 0.0099081908
B77: Change Q/Q (abs.) | C77: n/a | D77: =IF(AND(ISNUMBER(D74),ISNUMBER(C74)),D74-C74,"n/a") -> 158.5 | E77: =IF(AND(ISNUMBER(E74),ISNUMBER(D74)),E74-D74,"n/a") -> 91.8 | F77: n/a | G77: =IF(AND(ISNUMBER(G74),ISNUMBER(E74)),G74-E74,"n/a") -> -210.6 | H77: =IF(AND(ISNUMBER(H74),ISNUMBER(G74)),H74-G74,"n/a") -> -50.648551
B78: PY: segment gross profit | C78: 1366.4 | D78: 1076.7 | E78: 909.9 | F78: 4566.1 | G78: 1187 | H78: =C79 -> 1240 | J78: S3-S6
B79: Segment gross profit | C79: 1240 | D79: 1063.2 | E79: 871.3 | F79: 4361.5 | G79: 1218.2 | H79: =H65+H74 -> 1278.7908 | J79: S3-S6
B80: % Y/Y | C80: =IF(AND(ISNUMBER(C79),ISNUMBER(C78)),IF(C78<=0,"n/m",C79/C78-1),"n/a") -> -0.092505855 | D80: =IF(AND(ISNUMBER(D79),ISNUMBER(D78)),IF(D78<=0,"n/m",D79/D78-1),"n/a") -> -0.012538312 | E80: =IF(AND(ISNUMBER(E79),ISNUMBER(E78)),IF(E78<=0,"n/m",E79/E78-1),"n/a") -> -0.042422244 | F80: =IF(AND(ISNUMBER(F79),ISNUMBER(F78)),IF(F78<=0,"n/m",F79/F78-1),"n/a") -> -0.04480848 | G80: =IF(AND(ISNUMBER(G79),ISNUMBER(G78)),IF(G78<=0,"n/m",G79/G78-1),"n/a") -> 0.026284751 | H80: =IF(AND(ISNUMBER(H79),ISNUMBER(H78)),IF(H78<=0,"n/m",H79/H78-1),"n/a") -> 0.031282926
B81: Change Q/Q (abs.) | C81: n/a | D81: =IF(AND(ISNUMBER(D79),ISNUMBER(C79)),D79-C79,"n/a") -> -176.8 | E81: =IF(AND(ISNUMBER(E79),ISNUMBER(D79)),E79-D79,"n/a") -> -191.9 | F81: n/a | G81: =IF(AND(ISNUMBER(G79),ISNUMBER(E79)),G79-E79,"n/a") -> 346.9 | H81: =IF(AND(ISNUMBER(H79),ISNUMBER(G79)),H79-G79,"n/a") -> 60.590829
B82: Segment gross margin | C82: =C79/C65 -> 0.52878465 | D82: =D79/D65 -> 0.52903418 | E82: =E79/E65 -> 0.50480881 | F82: =F79/F65 -> 0.52452136 | G82: =G79/G65 -> 0.53347931 | H82: 0.534
B83: PY: segment gross margin | C83: =IF(AND(ISNUMBER(C78),ISNUMBER(C64)),IF(C64=0,"n/a",C78/C64),"n/a") -> 0.54003636 | D83: =IF(AND(ISNUMBER(D78),ISNUMBER(D64)),IF(D64=0,"n/a",D78/D64),"n/a") -> 0.52976776 | E83: =IF(AND(ISNUMBER(E78),ISNUMBER(E64)),IF(E64=0,"n/a",E78/E64),"n/a") -> 0.53385356 | F83: =IF(AND(ISNUMBER(F78),ISNUMBER(F64)),IF(F64=0,"n/a",F78/F64),"n/a") -> 0.53468465 | G83: =IF(AND(ISNUMBER(G78),ISNUMBER(G64)),IF(G64=0,"n/a",G78/G64),"n/a") -> 0.53121504 | H83: =IF(AND(ISNUMBER(H78),ISNUMBER(H64)),IF(H64=0,"n/a",H78/H64),"n/a") -> 0.52878465
B84: Change Y/Y (bp) | C84: =IF(AND(ISNUMBER(C82),ISNUMBER(C83)),(C82-C83)*10000,"n/a") -> -112.51713 | D84: =IF(AND(ISNUMBER(D82),ISNUMBER(D83)),(D82-D83)*10000,"n/a") -> -7.3357804 | E84: =IF(AND(ISNUMBER(E82),ISNUMBER(E83)),(E82-E83)*10000,"n/a") -> -290.44749 | F84: =IF(AND(ISNUMBER(F82),ISNUMBER(F83)),(F82-F83)*10000,"n/a") -> -101.63295 | G84: =IF(AND(ISNUMBER(G82),ISNUMBER(G83)),(G82-G83)*10000,"n/a") -> 22.642712 | H84: =IF(AND(ISNUMBER(H82),ISNUMBER(H83)),(H82-H83)*10000,"n/a") -> 52.153518
B85: Change Q/Q (bp) | C85: n/a | D85: =IF(AND(ISNUMBER(D82),ISNUMBER(C82)),(D82-C82)*10000,"n/a") -> 2.4953602 | E85: =IF(AND(ISNUMBER(E82),ISNUMBER(D82)),(E82-D82)*10000,"n/a") -> -242.25378 | F85: n/a | G85: =IF(AND(ISNUMBER(G82),ISNUMBER(E82)),(G82-E82)*10000,"n/a") -> 286.70502 | H85: =IF(AND(ISNUMBER(H82),ISNUMBER(G82)),(H82-G82)*10000,"n/a") -> 5.2069192
B86: Memo: marketing 9M YTD Nov-25 | D86: -592.8 | J86: S8
B87: Memo: PY marketing 9M Nov-24 | E87: -588.1 | J87: S8 prior-year 9M column
B88: PY: marketing | C88: -193.5 | D88: -204.3 | E88: =F88-E87 -> -180.9 | F88: -769 | G88: -200.5 | H88: =C89 -> -190.7 | J88: S7, S8 (prior-year 3M), S9 (FY25), S10; 4Q25 = FY25 less 9M
B89: Marketing | C89: -190.7 | D89: -201.6 | E89: =F89-D86 -> -182.1 | F89: -774.9 | G89: -205.7 | H89: =-H65*H92 -> -244.26342 | J89: S7, S8, S9 (FY), S10; 4Q26 = FY less 9M
B90: % Y/Y | C90: =IF(AND(ISNUMBER(C89),ISNUMBER(C88)),C89/C88-1,"n/a") -> -0.014470284 | D90: =IF(AND(ISNUMBER(D89),ISNUMBER(D88)),D89/D88-1,"n/a") -> -0.013215859 | E90: =IF(AND(ISNUMBER(E89),ISNUMBER(E88)),E89/E88-1,"n/a") -> 0.0066334992 | F90: =IF(AND(ISNUMBER(F89),ISNUMBER(F88)),F89/F88-1,"n/a") -> 0.0076723017 | G90: =IF(AND(ISNUMBER(G89),ISNUMBER(G88)),G89/G88-1,"n/a") -> 0.025935162 | H90: =IF(AND(ISNUMBER(H89),ISNUMBER(H88)),H89/H88-1,"n/a") -> 0.28087791
B91: Change Q/Q (abs.) | C91: n/a | D91: =IF(AND(ISNUMBER(D89),ISNUMBER(C89)),D89-C89,"n/a") -> -10.9 | E91: =IF(AND(ISNUMBER(E89),ISNUMBER(D89)),E89-D89,"n/a") -> 19.5 | F91: n/a | G91: =IF(AND(ISNUMBER(G89),ISNUMBER(E89)),G89-E89,"n/a") -> -23.6 | H91: =IF(AND(ISNUMBER(H89),ISNUMBER(G89)),H89-G89,"n/a") -> -38.563417
B92: Marketing % of net sales | C92: =-C89/C65 -> 0.081321962 | D92: =-D89/D65 -> 0.10031348 | E92: =-E89/E65 -> 0.10550406 | F92: =-F89/F65 -> 0.093190783 | G92: =-G89/G65 -> 0.090081016 | H92: 0.102
B93: PY: marketing % of sales | C93: =IF(AND(ISNUMBER(C88),ISNUMBER(C64)),IF(C64=0,"n/a",-C88/C64),"n/a") -> 0.076476168 | D93: =IF(AND(ISNUMBER(D88),ISNUMBER(D64)),IF(D64=0,"n/a",-D88/D64),"n/a") -> 0.10052155 | E93: =IF(AND(ISNUMBER(E88),ISNUMBER(E64)),IF(E64=0,"n/a",-E88/E64),"n/a") -> 0.10613706 | F93: =IF(AND(ISNUMBER(F88),ISNUMBER(F64)),IF(F64=0,"n/a",-F88/F64),"n/a") -> 0.090048947 | G93: =IF(AND(ISNUMBER(G88),ISNUMBER(G64)),IF(G64=0,"n/a",-G88/G64),"n/a") -> 0.089729246 | H93: =IF(AND(ISNUMBER(H88),ISNUMBER(H64)),IF(H64=0,"n/a",-H88/H64),"n/a") -> 0.081321962
B94: Change Y/Y (bp) | C94: =IF(AND(ISNUMBER(C92),ISNUMBER(C93)),(C92-C93)*10000,"n/a") -> 48.457937 | D94: =IF(AND(ISNUMBER(D92),ISNUMBER(D93)),(D92-D93)*10000,"n/a") -> -2.0807125 | E94: =IF(AND(ISNUMBER(E92),ISNUMBER(E93)),(E92-E93)*10000,"n/a") -> -6.3300141 | F94: =IF(AND(ISNUMBER(F92),ISNUMBER(F93)),(F92-F93)*10000,"n/a") -> 31.418359 | G94: =IF(AND(ISNUMBER(G92),ISNUMBER(G93)),(G92-G93)*10000,"n/a") -> 3.5177007 | H94: =IF(AND(ISNUMBER(H92),ISNUMBER(H93)),(H92-H93)*10000,"n/a") -> 206.78038
B95: Change Q/Q (bp) | C95: n/a | D95: =IF(AND(ISNUMBER(D92),ISNUMBER(C92)),(D92-C92)*10000,"n/a") -> 189.91518 | E95: =IF(AND(ISNUMBER(E92),ISNUMBER(D92)),(E92-D92)*10000,"n/a") -> 51.90576 | F95: n/a | G95: =IF(AND(ISNUMBER(G92),ISNUMBER(E92)),(G92-E92)*10000,"n/a") -> -154.2304 | H95: =IF(AND(ISNUMBER(H92),ISNUMBER(G92)),(H92-G92)*10000,"n/a") -> 119.18984
B96: Memo: G&A 9M YTD Nov-25 | D96: -308.9 | J96: S8
B97: Memo: PY G&A 9M Nov-24 | E97: -297.5 | J97: S8 prior-year 9M column
B98: PY: G&A | C98: -95.2 | D98: -102.5 | E98: =F98-E97 -> -105.2 | F98: -402.7 | G98: -113.1 | H98: =C99 -> -97.7 | J98: S7, S8 (prior-year 3M), S9 (FY25), S10; 4Q25 = FY25 less 9M
B99: General & administrative | C99: -97.7 | D99: -98.1 | E99: =F99-D96 -> -116.7 | F99: -425.6 | G99: -121.1 | H99: -106 | J99: S7, S8, S9, S10; 4Q26 = FY less 9M
B100: % Y/Y | C100: =IF(AND(ISNUMBER(C99),ISNUMBER(C98)),C99/C98-1,"n/a") -> 0.026260504 | D100: =IF(AND(ISNUMBER(D99),ISNUMBER(D98)),D99/D98-1,"n/a") -> -0.042926829 | E100: =IF(AND(ISNUMBER(E99),ISNUMBER(E98)),E99/E98-1,"n/a") -> 0.10931559 | F100: =IF(AND(ISNUMBER(F99),ISNUMBER(F98)),F99/F98-1,"n/a") -> 0.056866153 | G100: =IF(AND(ISNUMBER(G99),ISNUMBER(G98)),G99/G98-1,"n/a") -> 0.070733864 | H100: =IF(AND(ISNUMBER(H99),ISNUMBER(H98)),H99/H98-1,"n/a") -> 0.084953941
B101: Change Q/Q (abs.) | C101: n/a | D101: =IF(AND(ISNUMBER(D99),ISNUMBER(C99)),D99-C99,"n/a") -> -0.4 | E101: =IF(AND(ISNUMBER(E99),ISNUMBER(D99)),E99-D99,"n/a") -> -18.6 | F101: n/a | G101: =IF(AND(ISNUMBER(G99),ISNUMBER(E99)),G99-E99,"n/a") -> -4.4 | H101: =IF(AND(ISNUMBER(H99),ISNUMBER(G99)),H99-G99,"n/a") -> 15.1
B102: G&A % of net sales | C102: =-C99/C65 -> 0.041663113 | D102: =-D99/D65 -> 0.048813256 | E102: =-E99/E65 -> 0.067612978 | F102: =-F99/F65 -> 0.051183375 | G102: =-G99/G65 -> 0.053032625 | H102: =-H99/H65 -> 0.044263689
B103: PY: G&A % of net sales | C103: =IF(AND(ISNUMBER(C98),ISNUMBER(C64)),IF(C64=0,"n/a",-C98/C64),"n/a") -> 0.037625484 | D103: =IF(AND(ISNUMBER(D98),ISNUMBER(D64)),IF(D64=0,"n/a",-D98/D64),"n/a") -> 0.050432986 | E103: =IF(AND(ISNUMBER(E98),ISNUMBER(E64)),IF(E64=0,"n/a",-E98/E64),"n/a") -> 0.0617226 | F103: =IF(AND(ISNUMBER(F98),ISNUMBER(F64)),IF(F64=0,"n/a",-F98/F64),"n/a") -> 0.047155671 | G103: =IF(AND(ISNUMBER(G98),ISNUMBER(G64)),IF(G64=0,"n/a",-G98/G64),"n/a") -> 0.05061535 | H103: =IF(AND(ISNUMBER(H98),ISNUMBER(H64)),IF(H64=0,"n/a",-H98/H64),"n/a") -> 0.041663113
B104: Change Y/Y (bp) | C104: =IF(AND(ISNUMBER(C102),ISNUMBER(C103)),(C102-C103)*10000,"n/a") -> 40.376289 | D104: =IF(AND(ISNUMBER(D102),ISNUMBER(D103)),(D102-D103)*10000,"n/a") -> -16.197299 | E104: =IF(AND(ISNUMBER(E102),ISNUMBER(E103)),(E102-E103)*10000,"n/a") -> 58.903777 | F104: =IF(AND(ISNUMBER(F102),ISNUMBER(F103)),(F102-F103)*10000,"n/a") -> 40.277039 | G104: =IF(AND(ISNUMBER(G102),ISNUMBER(G103)),(G102-G103)*10000,"n/a") -> 24.172752 | H104: =IF(AND(ISNUMBER(H102),ISNUMBER(H103)),(H102-H103)*10000,"n/a") -> 26.005764
B105: Change Q/Q (bp) | C105: n/a | D105: =IF(AND(ISNUMBER(D102),ISNUMBER(C102)),(D102-C102)*10000,"n/a") -> 71.501427 | E105: =IF(AND(ISNUMBER(E102),ISNUMBER(D102)),(E102-D102)*10000,"n/a") -> 187.99722 | F105: n/a | G105: =IF(AND(ISNUMBER(G102),ISNUMBER(E102)),(G102-E102)*10000,"n/a") -> -145.80353 | H105: =IF(AND(ISNUMBER(H102),ISNUMBER(G102)),(H102-G102)*10000,"n/a") -> -87.68936
B106: PY: segment op. income | C106: 1077.7 | D106: 769.9 | E106: 623.8 | F106: 3394.4 | G106: 873.4 | H106: =C107 -> 951.6 | J106: S3-S6
B107: Segment operating income | C107: =C79+C89+C99 -> 951.6 | D107: =D79+D89+D99 -> 763.5 | E107: =E79+E89+E99 -> 572.5 | F107: =F79+F89+F99 -> 3161 | G107: =G79+G89+G99 -> 891.4 | H107: =H79+H89+H99 -> 928.52741
B108: % Y/Y | C108: =IF(AND(ISNUMBER(C107),ISNUMBER(C106)),IF(C106<=0,"n/m",C107/C106-1),"n/a") -> -0.11700844 | D108: =IF(AND(ISNUMBER(D107),ISNUMBER(D106)),IF(D106<=0,"n/m",D107/D106-1),"n/a") -> -0.0083127679 | E108: =IF(AND(ISNUMBER(E107),ISNUMBER(E106)),IF(E106<=0,"n/m",E107/E106-1),"n/a") -> -0.082237897 | F108: =IF(AND(ISNUMBER(F107),ISNUMBER(F106)),IF(F106<=0,"n/m",F107/F106-1),"n/a") -> -0.068760311 | G108: =IF(AND(ISNUMBER(G107),ISNUMBER(G106)),IF(G106<=0,"n/m",G107/G106-1),"n/a") -> 0.020609114 | H108: =IF(AND(ISNUMBER(H107),ISNUMBER(H106)),IF(H106<=0,"n/m",H107/H106-1),"n/a") -> -0.024246099
...

Sheet Segment - Wine and Spirits
B1: Constellation Brands, Inc. (NYSE: STZ)
B2: Segment - Wine and Spirits
B3: $ millions, except per share
B5: Period | C5: 2Q26A | D5: 3Q26A | E5: 4Q26A | F5: FY26A | G5: 1Q27A | H5: 2Q27E | J5: Notes / sources
B6: Period end | C6: 45900 | D6: 45991 | E6: 46081 | F6: 46081 | G6: 46173 | H6: 46265
B7: Days in period | C7: 92 | D7: 91 | E7: 90 | F7: 365 | G7: 92 | H7: 92
B10: Volumes (M 9-liter case equivalents)
B11: PY: shipments, as reported | C11: 5.5 | D11: 5.1 | E11: 5.9 | F11: 22.1 | G11: 3.9 | H11: =C18 -> 1.3 | J11: S3-S6
B12: Less: PY divested volumes | C12: =C11-C13 -> 4.1 | D12: =D11-D13 -> 3.6 | E12: =E11-E13 -> 4.4 | F12: =F11-F13 -> 13.2 | G12: =G11-G13 -> 2.6 | H12: =H11-H13 -> 0
B13: Prior-year organic shipments (memo) | C13: 1.4 | D13: 1.5 | E13: 1.5 | F13: 8.9 | G13: 1.3 | H13: =C16 -> 1.3 | J13: S3-S6
B14: Organic shipment growth Y/Y | C14: =C16/C13-1 -> -0.071428571 | D14: =D16/D13-1 -> 0 | E14: =E16/E13-1 -> 0.066666667 | F14: =F16/F13-1 -> -0.06741573 | G14: =G16/G13-1 -> 0.076923077 | H14: 0.03 | J14: Computed on rounded cases; reported: -7.1%, 0.0%, +6.7%, -6.7%, +7.7%
B15: Change Q/Q (bp) | C15: n/a | D15: =IF(AND(ISNUMBER(D14),ISNUMBER(C14)),(D14-C14)*10000,"n/a") -> 714.28571 | E15: =IF(AND(ISNUMBER(E14),ISNUMBER(D14)),(E14-D14)*10000,"n/a") -> 666.66667 | F15: n/a | G15: =IF(AND(ISNUMBER(G14),ISNUMBER(E14)),(G14-E14)*10000,"n/a") -> 102.5641 | H15: =IF(AND(ISNUMBER(H14),ISNUMBER(G14)),(H14-G14)*10000,"n/a") -> -469.23077
B16: Organic shipments | C16: 1.3 | D16: 1.5 | E16: 1.6 | F16: 8.3 | G16: 1.4 | H16: =H13*(1+H14) -> 1.339 | J16: S3-S6; 2Q27E volume is a cross-check memo; revenue is built by product below. FY26 8.3 is the issuer FY organic figure (S5), which adjusts only the prior period for divestitures, so it includes 1Q26 reported 3.9 (incl. ~2.6 divested cases); quarterly 2Q-4Q sum plus 3.9 = 8.3
B17: Change Q/Q (M cases) | C17: n/a | D17: =IF(AND(ISNUMBER(D16),ISNUMBER(C16)),D16-C16,"n/a") -> 0.2 | E17: =IF(AND(ISNUMBER(E16),ISNUMBER(D16)),E16-D16,"n/a") -> 0.1 | F17: n/a | G17: =IF(AND(ISNUMBER(G16),ISNUMBER(E16)),G16-E16,"n/a") -> -0.2 | H17: =IF(AND(ISNUMBER(H16),ISNUMBER(G16)),H16-G16,"n/a") -> -0.061
B18: Shipments, as reported | C18: 1.3 | D18: 1.5 | E18: 1.6 | F18: 8.3 | G18: 1.4 | H18: =H16 -> 1.339 | J18: S3-S6; no divested volumes remain after Jun-2025
B19: % Y/Y (reported) | C19: =IF(AND(ISNUMBER(C18),ISNUMBER(C11)),IF(C11<=0,"n/m",C18/C11-1),"n/a") -> -0.76363636 | D19: =IF(AND(ISNUMBER(D18),ISNUMBER(D11)),IF(D11<=0,"n/m",D18/D11-1),"n/a") -> -0.70588235 | E19: =IF(AND(ISNUMBER(E18),ISNUMBER(E11)),IF(E11<=0,"n/m",E18/E11-1),"n/a") -> -0.72881356 | F19: =IF(AND(ISNUMBER(F18),ISNUMBER(F11)),IF(F11<=0,"n/m",F18/F11-1),"n/a") -> -0.62443439 | G19: =IF(AND(ISNUMBER(G18),ISNUMBER(G11)),IF(G11<=0,"n/m",G18/G11-1),"n/a") -> -0.64102564 | H19: =IF(AND(ISNUMBER(H18),ISNUMBER(H11)),IF(H11<=0,"n/m",H18/H11-1),"n/a") -> 0.03
B20: Change Q/Q (M cases) | C20: n/a | D20: =IF(AND(ISNUMBER(D18),ISNUMBER(C18)),D18-C18,"n/a") -> 0.2 | E20: =IF(AND(ISNUMBER(E18),ISNUMBER(D18)),E18-D18,"n/a") -> 0.1 | F20: n/a | G20: =IF(AND(ISNUMBER(G18),ISNUMBER(E18)),G18-E18,"n/a") -> -0.2 | H20: =IF(AND(ISNUMBER(H18),ISNUMBER(G18)),H18-G18,"n/a") -> -0.061
B21: PY: U.S. Wholesale shipments | C21: 4.9 | D21: 4.3 | E21: 5.1 | F21: 19.2 | G21: n/a | H21: n/a | J21: S3-S5; not disclosed in 1Q27 release
B22: PY: U.S. Wholesale organic ship. | C22: 1 | D22: 1 | E22: 1 | F22: 6.8 | G22: n/a | H22: n/a | J22: S3-S5
B23: U.S. Wholesale shipments | C23: 0.8 | D23: 1.1 | E23: 1.1 | F23: 6.3 | G23: n/a | H23: n/a | J23: S3-S5; 1Q27 not disclosed
B24: Organic growth Y/Y | C24: =IF(AND(ISNUMBER(C23),ISNUMBER(C22)),C23/C22-1,"n/a") -> -0.2 | D24: =IF(AND(ISNUMBER(D23),ISNUMBER(D22)),D23/D22-1,"n/a") -> 0.1 | E24: =IF(AND(ISNUMBER(E23),ISNUMBER(E22)),E23/E22-1,"n/a") -> 0.1 | F24: =IF(AND(ISNUMBER(F23),ISNUMBER(F22)),F23/F22-1,"n/a") -> -0.073529412 | G24: =IF(AND(ISNUMBER(G23),ISNUMBER(G22)),G23/G22-1,"n/a") -> n/a | H24: =IF(AND(ISNUMBER(H23),ISNUMBER(H22)),H23/H22-1,"n/a") -> n/a
B25: Change Q/Q (M cases) | C25: n/a | D25: =IF(AND(ISNUMBER(D23),ISNUMBER(C23)),D23-C23,"n/a") -> 0.3 | E25: =IF(AND(ISNUMBER(E23),ISNUMBER(D23)),E23-D23,"n/a") -> 0 | F25: n/a | G25: =IF(AND(ISNUMBER(G23),ISNUMBER(E23)),G23-E23,"n/a") -> n/a | H25: =IF(AND(ISNUMBER(H23),ISNUMBER(G23)),H23-G23,"n/a") -> n/a
B26: U.S. Wholesale share of shipments | C26: =IF(AND(ISNUMBER(C23),ISNUMBER(C18)),IF(C18=0,"n/a",C23/C18),"n/a") -> 0.61538462 | D26: =IF(AND(ISNUMBER(D23),ISNUMBER(D18)),IF(D18=0,"n/a",D23/D18),"n/a") -> 0.73333333 | E26: =IF(AND(ISNUMBER(E23),ISNUMBER(E18)),IF(E18=0,"n/a",E23/E18),"n/a") -> 0.6875 | F26: =IF(AND(ISNUMBER(F23),ISNUMBER(F18)),IF(F18=0,"n/a",F23/F18),"n/a") -> 0.75903614 | G26: =IF(AND(ISNUMBER(G23),ISNUMBER(G18)),IF(G18=0,"n/a",G23/G18),"n/a") -> n/a | H26: =IF(AND(ISNUMBER(H23),ISNUMBER(H18)),IF(H18=0,"n/a",H23/H18),"n/a") -> n/a
B27: PY: U.S. Wholesale share | C27: =IF(AND(ISNUMBER(C21),ISNUMBER(C11)),IF(C11=0,"n/a",C21/C11),"n/a") -> 0.89090909 | D27: =IF(AND(ISNUMBER(D21),ISNUMBER(D11)),IF(D11=0,"n/a",D21/D11),"n/a") -> 0.84313725 | E27: =IF(AND(ISNUMBER(E21),ISNUMBER(E11)),IF(E11=0,"n/a",E21/E11),"n/a") -> 0.86440678 | F27: =IF(AND(ISNUMBER(F21),ISNUMBER(F11)),IF(F11=0,"n/a",F21/F11),"n/a") -> 0.86877828 | G27: =IF(AND(ISNUMBER(G21),ISNUMBER(G11)),IF(G11=0,"n/a",G21/G11),"n/a") -> n/a | H27: =IF(AND(ISNUMBER(H21),ISNUMBER(H11)),IF(H11=0,"n/a",H21/H11),"n/a") -> n/a
B28: Change Y/Y (bp) | C28: =IF(AND(ISNUMBER(C26),ISNUMBER(C27)),(C26-C27)*10000,"n/a") -> -2755.2448 | D28: =IF(AND(ISNUMBER(D26),ISNUMBER(D27)),(D26-D27)*10000,"n/a") -> -1098.0392 | E28: =IF(AND(ISNUMBER(E26),ISNUMBER(E27)),(E26-E27)*10000,"n/a") -> -1769.0678 | F28: =IF(AND(ISNUMBER(F26),ISNUMBER(F27)),(F26-F27)*10000,"n/a") -> -1097.4214 | G28: =IF(AND(ISNUMBER(G26),ISNUMBER(G27)),(G26-G27)*10000,"n/a") -> n/a | H28: =IF(AND(ISNUMBER(H26),ISNUMBER(H27)),(H26-H27)*10000,"n/a") -> n/a
B29: Change Q/Q (bp) | C29: n/a | D29: =IF(AND(ISNUMBER(D26),ISNUMBER(C26)),(D26-C26)*10000,"n/a") -> 1179.4872 | E29: =IF(AND(ISNUMBER(E26),ISNUMBER(D26)),(E26-D26)*10000,"n/a") -> -458.33333 | F29: n/a | G29: =IF(AND(ISNUMBER(G26),ISNUMBER(E26)),(G26-E26)*10000,"n/a") -> n/a | H29: =IF(AND(ISNUMBER(H26),ISNUMBER(G26)),(H26-G26)*10000,"n/a") -> n/a
B30: Depletion growth Y/Y (organic) | C30: 0.02 | D30: 0 | E30: 0.083 | F30: -0.043 | G30: 0.066 | H30: 0.04 | J30: S3-S6
B31: Change Q/Q (bp) | C31: n/a | D31: =IF(AND(ISNUMBER(D30),ISNUMBER(C30)),(D30-C30)*10000,"n/a") -> -200 | E31: =IF(AND(ISNUMBER(E30),ISNUMBER(D30)),(E30-D30)*10000,"n/a") -> 830 | F31: n/a | G31: =IF(AND(ISNUMBER(G30),ISNUMBER(E30)),(G30-E30)*10000,"n/a") -> -170 | H31: =IF(AND(ISNUMBER(H30),ISNUMBER(G30)),(H30-G30)*10000,"n/a") -> -260
B32: Kim Crawford depl. growth (approx.) | C32: n/a | D32: n/a | E32: n/a | F32: n/a | G32: 0.04 | H32: n/a | J32: S6
B33: Change Q/Q (bp) | C33: n/a | D33: =IF(AND(ISNUMBER(D32),ISNUMBER(C32)),(D32-C32)*10000,"n/a") -> n/a | E33: =IF(AND(ISNUMBER(E32),ISNUMBER(D32)),(E32-D32)*10000,"n/a") -> n/a | F33: n/a | G33: =IF(AND(ISNUMBER(G32),ISNUMBER(E32)),(G32-E32)*10000,"n/a") -> n/a | H33: =IF(AND(ISNUMBER(H32),ISNUMBER(G32)),(H32-G32)*10000,"n/a") -> n/a
B34: Mi CAMPO depl. growth (approx.) | C34: n/a | D34: n/a | E34: n/a | F34: n/a | G34: 0.62 | H34: n/a | J34: S6
B35: Change Q/Q (bp) | C35: n/a | D35: =IF(AND(ISNUMBER(D34),ISNUMBER(C34)),(D34-C34)*10000,"n/a") -> n/a | E35: =IF(AND(ISNUMBER(E34),ISNUMBER(D34)),(E34-D34)*10000,"n/a") -> n/a | F35: n/a | G35: =IF(AND(ISNUMBER(G34),ISNUMBER(E34)),(G34-E34)*10000,"n/a") -> n/a | H35: =IF(AND(ISNUMBER(H34),ISNUMBER(G34)),(H34-G34)*10000,"n/a") -> n/a
B37: Net sales by product
B38: PY: wine net sales | C38: 336.2 | D38: 374.6 | E38: 410 | F38: 1450.1 | G38: n/a | H38: =C39 -> 112.5 | J38: S3-S5
B39: Wine net sales | C39: 112.5 | D39: 174.5 | E39: 154.9 | F39: 700.4 | G39: n/a | H39: =H38*(1+H40) -> 113.625 | J39: S3-S5; 1Q27 split not disclosed
B40: % Y/Y (2Q27E: assumption) | C40: =IF(AND(ISNUMBER(C39),ISNUMBER(C38)),IF(C38<=0,"n/m",C39/C38-1),"n/a") -> -0.66537775 | D40: =IF(AND(ISNUMBER(D39),ISNUMBER(D38)),IF(D38<=0,"n/m",D39/D38-1),"n/a") -> -0.53416978 | E40: =IF(AND(ISNUMBER(E39),ISNUMBER(E38)),IF(E38<=0,"n/m",E39/E38-1),"n/a") -> -0.62219512 | F40: =IF(AND(ISNUMBER(F39),ISNUMBER(F38)),IF(F38<=0,"n/m",F39/F38-1),"n/a") -> -0.51699883 | G40: =IF(AND(ISNUMBER(G39),ISNUMBER(G38)),IF(G38<=0,"n/m",G39/G38-1),"n/a") -> n/a | H40: 0.01
B41: Change Q/Q (abs.) | C41: n/a | D41: =IF(AND(ISNUMBER(D39),ISNUMBER(C39)),D39-C39,"n/a") -> 62 | E41: =IF(AND(ISNUMBER(E39),ISNUMBER(D39)),E39-D39,"n/a") -> -19.6 | F41: n/a | G41: =IF(AND(ISNUMBER(G39),ISNUMBER(E39)),G39-E39,"n/a") -> n/a | H41: =IF(AND(ISNUMBER(H39),ISNUMBER(G39)),H39-G39,"n/a") -> n/a
B42: M&A / scope impact | C42: n/d | D42: n/d | E42: n/d | F42: n/d | G42: n/a | H42: 0 | J42: Product split of divested sales not disclosed (S3-S5); 2Q26 base has no divested sales
B43: FX impact | C43: n/d | D43: n/d | E43: n/d | F43: n/d | G43: n/d | H43: n/d
B44: Organic (formula; needs FX) | C44: =IF(AND(ISNUMBER(C40),ISNUMBER(C42),ISNUMBER(C43)),(1+C40)/((1+C42)*(1+C43))-1,"n/a") -> n/a | D44: =IF(AND(ISNUMBER(D40),ISNUMBER(D42),ISNUMBER(D43)),(1+D40)/((1+D42)*(1+D43))-1,"n/a") -> n/a | E44: =IF(AND(ISNUMBER(E40),ISNUMBER(E42),ISNUMBER(E43)),(1+E40)/((1+E42)*(1+E43))-1,"n/a") -> n/a | F44: =IF(AND(ISNUMBER(F40),ISNUMBER(F42),ISNUMBER(F43)),(1+F40)/((1+F42)*(1+F43))-1,"n/a") -> n/a | G44: =IF(AND(ISNUMBER(G40),ISNUMBER(G42),ISNUMBER(G43)),(1+G40)/((1+G42)*(1+G43))-1,"n/a") -> n/a | H44: =IF(AND(ISNUMBER(H40),ISNUMBER(H42),ISNUMBER(H43)),(1+H40)/((1+H42)*(1+H43))-1,"n/a") -> n/a
B45: Total Y/Y | C45: =C40 -> -0.66537775 | D45: =D40 -> -0.53416978 | E45: =E40 -> -0.62219512 | F45: =F40 -> -0.51699883 | G45: =G40 -> n/a | H45: =H40 -> 0.01
B46: PY: spirits net sales | C46: 52.5 | D46: 56.8 | E46: 49.8 | F46: 218.8 | G46: n/a | H46: =C47 -> 23.5 | J46: S3-S5
B47: Spirits net sales | C47: 23.5 | D47: 38.6 | E47: 39.3 | F47: 123.4 | G47: n/a | H47: =H46*(1+H48) -> 26.32 | J47: S3-S5; 1Q27 split not disclosed
B48: % Y/Y (2Q27E: assumption) | C48: =IF(AND(ISNUMBER(C47),ISNUMBER(C46)),IF(C46<=0,"n/m",C47/C46-1),"n/a") -> -0.55238095 | D48: =IF(AND(ISNUMBER(D47),ISNUMBER(D46)),IF(D46<=0,"n/m",D47/D46-1),"n/a") -> -0.32042254 | E48: =IF(AND(ISNUMBER(E47),ISNUMBER(E46)),IF(E46<=0,"n/m",E47/E46-1),"n/a") -> -0.21084337 | F48: =IF(AND(ISNUMBER(F47),ISNUMBER(F46)),IF(F46<=0,"n/m",F47/F46-1),"n/a") -> -0.43601463 | G48: =IF(AND(ISNUMBER(G47),ISNUMBER(G46)),IF(G46<=0,"n/m",G47/G46-1),"n/a") -> n/a | H48: 0.12
B49: Change Q/Q (abs.) | C49: n/a | D49: =IF(AND(ISNUMBER(D47),ISNUMBER(C47)),D47-C47,"n/a") -> 15.1 | E49: =IF(AND(ISNUMBER(E47),ISNUMBER(D47)),E47-D47,"n/a") -> 0.7 | F49: n/a | G49: =IF(AND(ISNUMBER(G47),ISNUMBER(E47)),G47-E47,"n/a") -> n/a | H49: =IF(AND(ISNUMBER(H47),ISNUMBER(G47)),H47-G47,"n/a") -> n/a
B50: M&A / scope impact | C50: n/d | D50: n/d | E50: n/d | F50: n/d | G50: n/a | H50: 0 | J50: Product split of divested sales not disclosed (S3-S5); 2Q26 base has no divested sales
B51: FX impact | C51: n/d | D51: n/d | E51: n/d | F51: n/d | G51: n/d | H51: n/d
B52: Organic (formula; needs FX) | C52: =IF(AND(ISNUMBER(C48),ISNUMBER(C50),ISNUMBER(C51)),(1+C48)/((1+C50)*(1+C51))-1,"n/a") -> n/a | D52: =IF(AND(ISNUMBER(D48),ISNUMBER(D50),ISNUMBER(D51)),(1+D48)/((1+D50)*(1+D51))-1,"n/a") -> n/a | E52: =IF(AND(ISNUMBER(E48),ISNUMBER(E50),ISNUMBER(E51)),(1+E48)/((1+E50)*(1+E51))-1,"n/a") -> n/a | F52: =IF(AND(ISNUMBER(F48),ISNUMBER(F50),ISNUMBER(F51)),(1+F48)/((1+F50)*(1+F51))-1,"n/a") -> n/a | G52: =IF(AND(ISNUMBER(G48),ISNUMBER(G50),ISNUMBER(G51)),(1+G48)/((1+G50)*(1+G51))-1,"n/a") -> n/a | H52: =IF(AND(ISNUMBER(H48),ISNUMBER(H50),ISNUMBER(H51)),(1+H48)/((1+H50)*(1+H51))-1,"n/a") -> n/a
B53: Total Y/Y | C53: =C48 -> -0.55238095 | D53: =D48 -> -0.32042254 | E53: =E48 -> -0.21084337 | F53: =F48 -> -0.43601463 | G53: =G48 -> n/a | H53: =H48 -> 0.12
B54: Wine + spirits subtotal | C54: =IF(AND(ISNUMBER(C39),ISNUMBER(C47)),C39+C47,"n/a") -> 136 | D54: =IF(AND(ISNUMBER(D39),ISNUMBER(D47)),D39+D47,"n/a") -> 213.1 | E54: =IF(AND(ISNUMBER(E39),ISNUMBER(E47)),E39+E47,"n/a") -> 194.2 | F54: =IF(AND(ISNUMBER(F39),ISNUMBER(F47)),F39+F47,"n/a") -> 823.8 | G54: =IF(AND(ISNUMBER(G39),ISNUMBER(G47)),G39+G47,"n/a") -> n/a | H54: =IF(AND(ISNUMBER(H39),ISNUMBER(H47)),H39+H47,"n/a") -> 139.945
B55: PY: segment net sales | C55: 388.7 | D55: 431.4 | E55: 459.8 | F55: 1668.9 | G55: 280.5 | H55: =C56 -> 136 | J55: S3-S6
B56: Wine and Spirits net sales | C56: 136 | D56: 213.1 | E56: 194.2 | F56: 823.8 | G56: 149.2 | H56: =H54 -> 139.945 | J56: S3-S6
B57: % Y/Y (total) | C57: =IF(AND(ISNUMBER(C56),ISNUMBER(C55)),IF(C55<=0,"n/m",C56/C55-1),"n/a") -> -0.65011577 | D57: =IF(AND(ISNUMBER(D56),ISNUMBER(D55)),IF(D55<=0,"n/m",D56/D55-1),"n/a") -> -0.50602689 | E57: =IF(AND(ISNUMBER(E56),ISNUMBER(E55)),IF(E55<=0,"n/m",E56/E55-1),"n/a") -> -0.57764245 | F57: =IF(AND(ISNUMBER(F56),ISNUMBER(F55)),IF(F55<=0,"n/m",F56/F55-1),"n/a") -> -0.50638145 | G57: =IF(AND(ISNUMBER(G56),ISNUMBER(G55)),IF(G55<=0,"n/m",G56/G55-1),"n/a") -> -0.46809269 | H57: =IF(AND(ISNUMBER(H56),ISNUMBER(H55)),IF(H55<=0,"n/m",H56/H55-1),"n/a") -> 0.029007353
B58: % Q/Q | C58: n/a | D58: =IF(AND(ISNUMBER(D56),ISNUMBER(C56)),IF(C56<=0,"n/m",D56/C56-1),"n/a") -> 0.56691176 | E58: =IF(AND(ISNUMBER(E56),ISNUMBER(D56)),IF(D56<=0,"n/m",E56/D56-1),"n/a") -> -0.088690756 | F58: n/a | G58: =IF(AND(ISNUMBER(G56),ISNUMBER(E56)),IF(E56<=0,"n/m",G56/E56-1),"n/a") -> -0.23171988 | H58: =IF(AND(ISNUMBER(H56),ISNUMBER(G56)),IF(G56<=0,"n/m",H56/G56-1),"n/a") -> -0.062030831
B59: Change Q/Q ($M) | C59: n/a | D59: =IF(AND(ISNUMBER(D56),ISNUMBER(C56)),D56-C56,"n/a") -> 77.1 | E59: =IF(AND(ISNUMBER(E56),ISNUMBER(D56)),E56-D56,"n/a") -> -18.9 | F59: n/a | G59: =IF(AND(ISNUMBER(G56),ISNUMBER(E56)),G56-E56,"n/a") -> -45 | H59: =IF(AND(ISNUMBER(H56),ISNUMBER(G56)),H56-G56,"n/a") -> -9.255
B60: PY divested net sales | C60: 220.5 | D60: 202.6 | E60: 252.1 | F60: 711.2 | G60: 142 | H60: 0 | J60: S3-S6; 2Q26 base had no divested sales (organic = reported)
B61: M&A / scope impact | C61: =-C60/C55 -> -0.56727553 | D61: =-D60/D55 -> -0.46963375 | E61: =-E60/E55 -> -0.54828186 | F61: =-F60/F55 -> -0.42614896 | G61: =-G60/G55 -> -0.50623886 | H61: =-H60/H55 -> 0
B62: FX impact (n/d = not disclosed) | C62: n/d | D62: n/d | E62: n/d | F62: n/d | G62: n/d | H62: n/d | J62: Company does not disclose FX impact on W&S net sales
B63: Organic growth (company basis) | C63: =C56/(C55-C60)-1 -> -0.19143876 | D63: =D56/(D55-D60)-1 -> -0.068618881 | E63: =E56/(E55-E60)-1 -> -0.064997593 | F63: =F56/(F55-F60)-1 -> -0.13981414 | G63: =G56/(G55-G60)-1 -> 0.077256318 | H63: =H56/(H55-H60)-1 -> 0.029007353 | J63: S3-S6 organic reconciliation basis
B64: Organic (formula; needs FX) | C64: =IF(AND(ISNUMBER(C57),ISNUMBER(C61),ISNUMBER(C62)),(1+C57)/((1+C61)*(1+C62))-1,"n/a") -> n/a | D64: =IF(AND(ISNUMBER(D57),ISNUMBER(D61),ISNUMBER(D62)),(1+D57)/((1+D61)*(1+D62))-1,"n/a") -> n/a | E64: =IF(AND(ISNUMBER(E57),ISNUMBER(E61),ISNUMBER(E62)),(1+E57)/((1+E61)*(1+E62))-1,"n/a") -> n/a | F64: =IF(AND(ISNUMBER(F57),ISNUMBER(F61),ISNUMBER(F62)),(1+F57)/((1+F61)*(1+F62))-1,"n/a") -> n/a | G64: =IF(AND(ISNUMBER(G57),ISNUMBER(G61),ISNUMBER(G62)),(1+G57)/((1+G61)*(1+G62))-1,"n/a") -> n/a | H64: =IF(AND(ISNUMBER(H57),ISNUMBER(H61),ISNUMBER(H62)),(1+H57)/((1+H61)*(1+H62))-1,"n/a") -> n/a
B65: Check: wine + spirits = total (=0) | C65: =ROUND(C54-C56,1) -> 0 | D65: =ROUND(D54-D56,1) -> 0 | E65: =ROUND(E54-E56,1) -> 0 | F65: =ROUND(F54-F56,1) -> 0 | G65: n/a | H65: =ROUND(H54-H56,1) -> 0
B67: Net sales by channel and market
B68: PY: net sales ex-divestitures | C68: =C55-C60 -> 168.2 | D68: =D55-D60 -> 228.8 | E68: =E55-E60 -> 207.7 | F68: =F55-F60 -> 957.7 | G68: =G55-G60 -> 138.5 | H68: =H55-H60 -> 136
B69: PY: U.S. Wholesale | C69: 120.5 | D69: 140.5 | E69: 141.7 | F69: 688.7 | G69: n/a | H69: =C70 -> 96 | J69: S3-S5
B70: U.S. Wholesale net sales | C70: 96 | D70: 136.1 | E70: 141.4 | F70: 590.4 | G70: n/a | H70: =H56*H76 -> 98.784706 | J70: S3-S5; 1Q27 channel split not disclosed
B71: % Y/Y | C71: =IF(AND(ISNUMBER(C70),ISNUMBER(C69)),IF(C69<=0,"n/m",C70/C69-1),"n/a") -> -0.2033195 | D71: =IF(AND(ISNUMBER(D70),ISNUMBER(D69)),IF(D69<=0,"n/m",D70/D69-1),"n/a") -> -0.031316726 | E71: =IF(AND(ISNUMBER(E70),ISNUMBER(E69)),IF(E69<=0,"n/m",E70/E69-1),"n/a") -> -0.0021171489 | F71: =IF(AND(ISNUMBER(F70),ISNUMBER(F69)),IF(F69<=0,"n/m",F70/F69-1),"n/a") -> -0.14273268 | G71: =IF(AND(ISNUMBER(G70),ISNUMBER(G69)),IF(G69<=0,"n/m",G70/G69-1),"n/a") -> n/a | H71: =IF(AND(ISNUMBER(H70),ISNUMBER(H69)),IF(H69<=0,"n/m",H70/H69-1),"n/a") -> 0.029007353
B72: Change Q/Q (abs.) | C72: n/a | D72: =IF(AND(ISNUMBER(D70),ISNUMBER(C70)),D70-C70,"n/a") -> 40.1 | E72: =IF(AND(ISNUMBER(E70),ISNUMBER(D70)),E70-D70,"n/a") -> 5.3 | F72: n/a | G72: =IF(AND(ISNUMBER(G70),ISNUMBER(E70)),G70-E70,"n/a") -> n/a | H72: =IF(AND(ISNUMBER(H70),ISNUMBER(G70)),H70-G70,"n/a") -> n/a
B73: M&A / scope impact | C73: 0 | D73: 0 | E73: 0 | F73: 0 | G73: n/a | H73: 0 | J73: Divested brands are shown on a separate line in the channel table (S3-S5)
B74: FX impact | C74: n/d | D74: n/d | E74: n/d | F74: n/d | G74: n/d | H74: n/d
B75: Organic (formula; needs FX) | C75: =IF(AND(ISNUMBER(C71),ISNUMBER(C73),ISNUMBER(C74)),(1+C71)/((1+C73)*(1+C74))-1,"n/a") -> n/a | D75: =IF(AND(ISNUMBER(D71),ISNUMBER(D73),ISNUMBER(D74)),(1+D71)/((1+D73)*(1+D74))-1,"n/a") -> n/a | E75: =IF(AND(ISNUMBER(E71),ISNUMBER(E73),ISNUMBER(E74)),(1+E71)/((1+E73)*(1+E74))-1,"n/a") -> n/a | F75: =IF(AND(ISNUMBER(F71),ISNUMBER(F73),ISNUMBER(F74)),(1+F71)/((1+F73)*(1+F74))-1,"n/a") -> n/a | G75: =IF(AND(ISNUMBER(G71),ISNUMBER(G73),ISNUMBER(G74)),(1+G71)/((1+G73)*(1+G74))-1,"n/a") -> n/a | H75: =IF(AND(ISNUMBER(H71),ISNUMBER(H73),ISNUMBER(H74)),(1+H71)/((1+H73)*(1+H74))-1,"n/a") -> n/a
B76: % of segment net sales | C76: =IF(AND(ISNUMBER(C70),ISNUMBER(C56)),IF(C56=0,"n/a",C70/C56),"n/a") -> 0.70588235 | D76: =IF(AND(ISNUMBER(D70),ISNUMBER(D56)),IF(D56=0,"n/a",D70/D56),"n/a") -> 0.63866729 | E76: =IF(AND(ISNUMBER(E70),ISNUMBER(E56)),IF(E56=0,"n/a",E70/E56),"n/a") -> 0.72811535 | F76: =IF(AND(ISNUMBER(F70),ISNUMBER(F56)),IF(F56=0,"n/a",F70/F56),"n/a") -> 0.71667881 | G76: =IF(AND(ISNUMBER(G70),ISNUMBER(G56)),IF(G56=0,"n/a",G70/G56),"n/a") -> n/a | H76: =C76 -> 0.70588235 | J76: 2Q27E mix held at 2Q26 (seasonal) mix
B77: PY: % of segment net sales | C77: =IF(AND(ISNUMBER(C69),ISNUMBER(C68)),IF(C68=0,"n/a",C69/C68),"n/a") -> 0.71640904 | D77: =IF(AND(ISNUMBER(D69),ISNUMBER(D68)),IF(D68=0,"n/a",D69/D68),"n/a") -> 0.61407343 | E77: =IF(AND(ISNUMBER(E69),ISNUMBER(E68)),IF(E68=0,"n/a",E69/E68),"n/a") -> 0.68223399 | F77: =IF(AND(ISNUMBER(F69),ISNUMBER(F68)),IF(F68=0,"n/a",F69/F68),"n/a") -> 0.71911872 | G77: =IF(AND(ISNUMBER(G69),ISNUMBER(G68)),IF(G68=0,"n/a",G69/G68),"n/a") -> n/a | H77: =IF(AND(ISNUMBER(H69),ISNUMBER(H68)),IF(H68=0,"n/a",H69/H68),"n/a") -> 0.70588235
B78: Change Y/Y (bp) | C78: =IF(AND(ISNUMBER(C76),ISNUMBER(C77)),(C76-C77)*10000,"n/a") -> -105.26684 | D78: =IF(AND(ISNUMBER(D76),ISNUMBER(D77)),(D76-D77)*10000,"n/a") -> 245.93866 | E78: =IF(AND(ISNUMBER(E76),ISNUMBER(E77)),(E76-E77)*10000,"n/a") -> 458.81354 | F78: =IF(AND(ISNUMBER(F76),ISNUMBER(F77)),(F76-F77)*10000,"n/a") -> -24.399164 | G78: =IF(AND(ISNUMBER(G76),ISNUMBER(G77)),(G76-G77)*10000,"n/a") -> n/a | H78: =IF(AND(ISNUMBER(H76),ISNUMBER(H77)),(H76-H77)*10000,"n/a") -> 0
B79: Change Q/Q (bp) | C79: n/a | D79: =IF(AND(ISNUMBER(D76),ISNUMBER(C76)),(D76-C76)*10000,"n/a") -> -672.15061 | E79: =IF(AND(ISNUMBER(E76),ISNUMBER(D76)),(E76-D76)*10000,"n/a") -> 894.48053 | F79: n/a | G79: =IF(AND(ISNUMBER(G76),ISNUMBER(E76)),(G76-E76)*10000,"n/a") -> n/a | H79: =IF(AND(ISNUMBER(H76),ISNUMBER(G76)),(H76-G76)*10000,"n/a") -> n/a
B80: PY: International | C80: 29.8 | D80: 37.7 | E80: 36.7 | F80: 143 | G80: n/a | H80: =C81 -> 25.4 | J80: S3-S5
B81: International net sales | C81: 25.4 | D81: 32.2 | E81: 30.3 | F81: 122.8 | G81: n/a | H81: =H56*H87 -> 26.136787 | J81: S3-S5; 1Q27 channel split not disclosed
B82: % Y/Y | C82: =IF(AND(ISNUMBER(C81),ISNUMBER(C80)),IF(C80<=0,"n/m",C81/C80-1),"n/a") -> -0.14765101 | D82: =IF(AND(ISNUMBER(D81),ISNUMBER(D80)),IF(D80<=0,"n/m",D81/D80-1),"n/a") -> -0.14588859 | E82: =IF(AND(ISNUMBER(E81),ISNUMBER(E80)),IF(E80<=0,"n/m",E81/E80-1),"n/a") -> -0.17438692 | F82: =IF(AND(ISNUMBER(F81),ISNUMBER(F80)),IF(F80<=0,"n/m",F81/F80-1),"n/a") -> -0.14125874 | G82: =IF(AND(ISNUMBER(G81),ISNUMBER(G80)),IF(G80<=0,"n/m",G81/G80-1),"n/a") -> n/a | H82: =IF(AND(ISNUMBER(H81),ISNUMBER(H80)),IF(H80<=0,"n/m",H81/H80-1),"n/a") -> 0.029007353
B83: Change Q/Q (abs.) | C83: n/a | D83: =IF(AND(ISNUMBER(D81),ISNUMBER(C81)),D81-C81,"n/a") -> 6.8 | E83: =IF(AND(ISNUMBER(E81),ISNUMBER(D81)),E81-D81,"n/a") -> -1.9 | F83: n/a | G83: =IF(AND(ISNUMBER(G81),ISNUMBER(E81)),G81-E81,"n/a") -> n/a | H83: =IF(AND(ISNUMBER(H81),ISNUMBER(G81)),H81-G81,"n/a") -> n/a
B84: M&A / scope impact | C84: 0 | D84: 0 | E84: 0 | F84: 0 | G84: n/a | H84: 0 | J84: Divested brands are shown on a separate line in the channel table (S3-S5)
B85: FX impact | C85: n/d | D85: n/d | E85: n/d | F85: n/d | G85: n/d | H85: n/d
B86: Organic (formula; needs FX) | C86: =IF(AND(ISNUMBER(C82),ISNUMBER(C84),ISNUMBER(C85)),(1+C82)/((1+C84)*(1+C85))-1,"n/a") -> n/a | D86: =IF(AND(ISNUMBER(D82),ISNUMBER(D84),ISNUMBER(D85)),(1+D82)/((1+D84)*(1+D85))-1,"n/a") -> n/a | E86: =IF(AND(ISNUMBER(E82),ISNUMBER(E84),ISNUMBER(E85)),(1+E82)/((1+E84)*(1+E85))-1,"n/a") -> n/a | F86: =IF(AND(ISNUMBER(F82),ISNUMBER(F84),ISNUMBER(F85)),(1+F82)/((1+F84)*(1+F85))-1,"n/a") -> n/a | G86: =IF(AND(ISNUMBER(G82),ISNUMBER(G84),ISNUMBER(G85)),(1+G82)/((1+G84)*(1+G85))-1,"n/a") -> n/a | H86: =IF(AND(ISNUMBER(H82),ISNUMBER(H84),ISNUMBER(H85)),(1+H82)/((1+H84)*(1+H85))-1,"n/a") -> n/a
B87: % of segment net sales | C87: =IF(AND(ISNUMBER(C81),ISNUMBER(C56)),IF(C56=0,"n/a",C81/C56),"n/a") -> 0.18676471 | D87: =IF(AND(ISNUMBER(D81),ISNUMBER(D56)),IF(D56=0,"n/a",D81/D56),"n/a") -> 0.15110277 | E87: =IF(AND(ISNUMBER(E81),ISNUMBER(E56)),IF(E56=0,"n/a",E81/E56),"n/a") -> 0.15602472 | F87: =IF(AND(ISNUMBER(F81),ISNUMBER(F56)),IF(F56=0,"n/a",F81/F56),"n/a") -> 0.14906531 | G87: =IF(AND(ISNUMBER(G81),ISNUMBER(G56)),IF(G56=0,"n/a",G81/G56),"n/a") -> n/a | H87: =C87 -> 0.18676471 | J87: 2Q27E mix held at 2Q26 (seasonal) mix
B88: PY: % of segment net sales | C88: =IF(AND(ISNUMBER(C80),ISNUMBER(C68)),IF(C68=0,"n/a",C80/C68),"n/a") -> 0.17717004 | D88: =IF(AND(ISNUMBER(D80),ISNUMBER(D68)),IF(D68=0,"n/a",D80/D68),"n/a") -> 0.16477273 | E88: =IF(AND(ISNUMBER(E80),ISNUMBER(E68)),IF(E68=0,"n/a",E80/E68),"n/a") -> 0.17669716 | F88: =IF(AND(ISNUMBER(F80),ISNUMBER(F68)),IF(F68=0,"n/a",F80/F68),"n/a") -> 0.14931607 | G88: =IF(AND(ISNUMBER(G80),ISNUMBER(G68)),IF(G68=0,"n/a",G80/G68),"n/a") -> n/a | H88: =IF(AND(ISNUMBER(H80),ISNUMBER(H68)),IF(H68=0,"n/a",H80/H68),"n/a") -> 0.18676471
B89: Change Y/Y (bp) | C89: =IF(AND(ISNUMBER(C87),ISNUMBER(C88)),(C87-C88)*10000,"n/a") -> 95.946702 | D89: =IF(AND(ISNUMBER(D87),ISNUMBER(D88)),(D87-D88)*10000,"n/a") -> -136.69959 | E89: =IF(AND(ISNUMBER(E87),ISNUMBER(E88)),(E87-E88)*10000,"n/a") -> -206.72443 | F89: =IF(AND(ISNUMBER(F87),ISNUMBER(F88)),(F87-F88)*10000,"n/a") -> -2.5076264 | G89: =IF(AND(ISNUMBER(G87),ISNUMBER(G88)),(G87-G88)*10000,"n/a") -> n/a | H89: =IF(AND(ISNUMBER(H87),ISNUMBER(H88)),(H87-H88)*10000,"n/a") -> 0
B90: Change Q/Q (bp) | C90: n/a | D90: =IF(AND(ISNUMBER(D87),ISNUMBER(C87)),(D87-C87)*10000,"n/a") -> -356.61937 | E90: =IF(AND(ISNUMBER(E87),ISNUMBER(D87)),(E87-D87)*10000,"n/a") -> 49.219481 | F90: n/a | G90: =IF(AND(ISNUMBER(G87),ISNUMBER(E87)),(G87-E87)*10000,"n/a") -> n/a | H90: =IF(AND(ISNUMBER(H87),ISNUMBER(G87)),(H87-G87)*10000,"n/a") -> n/a
B91: PY: DTC | C91: 13.1 | D91: 37.3 | E91: 22.8 | F91: 89.1 | G91: n/a | H91: =C92 -> 11 | J91: S3-S5
B92: DTC net sales | C92: 11 | D92: 34.4 | E92: 18.4 | F92: 79.1 | G92: n/a | H92: =H56*H98 -> 11.319081 | J92: S3-S5; 1Q27 channel split not disclosed
B93: % Y/Y | C93: =IF(AND(ISNUMBER(C92),ISNUMBER(C91)),IF(C91<=0,"n/m",C92/C91-1),"n/a") -> -0.16030534 | D93: =IF(AND(ISNUMBER(D92),ISNUMBER(D91)),IF(D91<=0,"n/m",D92/D91-1),"n/a") -> -0.077747989 | E93: =IF(AND(ISNUMBER(E92),ISNUMBER(E91)),IF(E91<=0,"n/m",E92/E91-1),"n/a") -> -0.19298246 | F93: =IF(AND(ISNUMBER(F92),ISNUMBER(F91)),IF(F91<=0,"n/m",F92/F91-1),"n/a") -> -0.11223345 | G93: =IF(AND(ISNUMBER(G92),ISNUMBER(G91)),IF(G91<=0,"n/m",G92/G91-1),"n/a") -> n/a | H93: =IF(AND(ISNUMBER(H92),ISNUMBER(H91)),IF(H91<=0,"n/m",H92/H91-1),"n/a") -> 0.029007353
B94: Change Q/Q (abs.) | C94: n/a | D94: =IF(AND(ISNUMBER(D92),ISNUMBER(C92)),D92-C92,"n/a") -> 23.4 | E94: =IF(AND(ISNUMBER(E92),ISNUMBER(D92)),E92-D92,"n/a") -> -16 | F94: n/a | G94: =IF(AND(ISNUMBER(G92),ISNUMBER(E92)),G92-E92,"n/a") -> n/a | H94: =IF(AND(ISNUMBER(H92),ISNUMBER(G92)),H92-G92,"n/a") -> n/a
B95: M&A / scope impact | C95: 0 | D95: 0 | E95: 0 | F95: 0 | G95: n/a | H95: 0 | J95: Divested brands are shown on a separate line in the channel table (S3-S5)
B96: FX impact | C96: n/d | D96: n/d | E96: n/d | F96: n/d | G96: n/d | H96: n/d
B97: Organic (formula; needs FX) | C97: =IF(AND(ISNUMBER(C93),ISNUMBER(C95),ISNUMBER(C96)),(1+C93)/((1+C95)*(1+C96))-1,"n/a") -> n/a | D97: =IF(AND(ISNUMBER(D93),ISNUMBER(D95),ISNUMBER(D96)),(1+D93)/((1+D95)*(1+D96))-1,"n/a") -> n/a | E97: =IF(AND(ISNUMBER(E93),ISNUMBER(E95),ISNUMBER(E96)),(1+E93)/((1+E95)*(1+E96))-1,"n/a") -> n/a | F97: =IF(AND(ISNUMBER(F93),ISNUMBER(F95),ISNUMBER(F96)),(1+F93)/((1+F95)*(1+F96))-1,"n/a") -> n/a | G97: =IF(AND(ISNUMBER(G93),ISNUMBER(G95),ISNUMBER(G96)),(1+G93)/((1+G95)*(1+G96))-1,"n/a") -> n/a | H97: =IF(AND(ISNUMBER(H93),ISNUMBER(H95),ISNUMBER(H96)),(1+H93)/((1+H95)*(1+H96))-1,"n/a") -> n/a
B98: % of segment net sales | C98: =IF(AND(ISNUMBER(C92),ISNUMBER(C56)),IF(C56=0,"n/a",C92/C56),"n/a") -> 0.080882353 | D98: =IF(AND(ISNUMBER(D92),ISNUMBER(D56)),IF(D56=0,"n/a",D92/D56),"n/a") -> 0.16142656 | E98: =IF(AND(ISNUMBER(E92),ISNUMBER(E56)),IF(E56=0,"n/a",E92/E56),"n/a") -> 0.094747683 | F98: =IF(AND(ISNUMBER(F92),ISNUMBER(F56)),IF(F56=0,"n/a",F92/F56),"n/a") -> 0.096018451 | G98: =IF(AND(ISNUMBER(G92),ISNUMBER(G56)),IF(G56=0,"n/a",G92/G56),"n/a") -> n/a | H98: =C98 -> 0.080882353 | J98: 2Q27E mix held at 2Q26 (seasonal) mix
B99: PY: % of segment net sales | C99: =IF(AND(ISNUMBER(C91),ISNUMBER(C68)),IF(C68=0,"n/a",C91/C68),"n/a") -> 0.077883472 | D99: =IF(AND(ISNUMBER(D91),ISNUMBER(D68)),IF(D68=0,"n/a",D91/D68),"n/a") -> 0.16302448 | E99: =IF(AND(ISNUMBER(E91),ISNUMBER(E68)),IF(E68=0,"n/a",E91/E68),"n/a") -> 0.10977371 | F99: =IF(AND(ISNUMBER(F91),ISNUMBER(F68)),IF(F68=0,"n/a",F91/F68),"n/a") -> 0.093035397 | G99: =IF(AND(ISNUMBER(G91),ISNUMBER(G68)),IF(G68=0,"n/a",G91/G68),"n/a") -> n/a | H99: =IF(AND(ISNUMBER(H91),ISNUMBER(H68)),IF(H68=0,"n/a",H91/H68),"n/a") -> 0.080882353
B100: Change Y/Y (bp) | C100: =IF(AND(ISNUMBER(C98),ISNUMBER(C99)),(C98-C99)*10000,"n/a") -> 29.988809 | D100: =IF(AND(ISNUMBER(D98),ISNUMBER(D99)),(D98-D99)*10000,"n/a") -> -15.979152 | E100: =IF(AND(ISNUMBER(E98),ISNUMBER(E99)),(E98-E99)*10000,"n/a") -> -150.26029 | F100: =IF(AND(ISNUMBER(F98),ISNUMBER(F99)),(F98-F99)*10000,"n/a") -> 29.830538 | G100: =IF(AND(ISNUMBER(G98),ISNUMBER(G99)),(G98-G99)*10000,"n/a") -> n/a | H100: =IF(AND(ISNUMBER(H98),ISNUMBER(H99)),(H98-H99)*10000,"n/a") -> 0
B101: Change Q/Q (bp) | C101: n/a | D101: =IF(AND(ISNUMBER(D98),ISNUMBER(C98)),(D98-C98)*10000,"n/a") -> 805.44207 | E101: =IF(AND(ISNUMBER(E98),ISNUMBER(D98)),(E98-D98)*10000,"n/a") -> -666.78877 | F101: n/a | G101: =IF(AND(ISNUMBER(G98),ISNUMBER(E98)),(G98-E98)*10000,"n/a") -> n/a | H101: =IF(AND(ISNUMBER(H98),ISNUMBER(G98)),(H98-G98)*10000,"n/a") -> n/a
B102: PY: Other | C102: 4.8 | D102: 13.3 | E102: 6.5 | F102: 36.9 | G102: n/a | H102: =C103 -> 3.6 | J102: S3-S5
B103: Other net sales | C103: 3.6 | D103: 10.4 | E103: 4.1 | F103: 31.5 | G103: n/a | H103: =H56*H109 -> 3.7044265 | J103: S3-S5; 1Q27 channel split not disclosed
B104: % Y/Y | C104: =IF(AND(ISNUMBER(C103),ISNUMBER(C102)),IF(C102<=0,"n/m",C103/C102-1),"n/a") -> -0.25 | D104: =IF(AND(ISNUMBER(D103),ISNUMBER(D102)),IF(D102<=0,"n/m",D103/D102-1),"n/a") -> -0.21804511 | E104: =IF(AND(ISNUMBER(E103),ISNUMBER(E102)),IF(E102<=0,"n/m",E103/E102-1),"n/a") -> -0.36923077 | F104: =IF(AND(ISNUMBER(F103),ISNUMBER(F102)),IF(F102<=0,"n/m",F103/F102-1),"n/a") -> -0.14634146 | G104: =IF(AND(ISNUMBER(G103),ISNUMBER(G102)),IF(G102<=0,"n/m",G103/G102-1),"n/a") -> n/a | H104: =IF(AND(ISNUMBER(H103),ISNUMBER(H102)),IF(H102<=0,"n/m",H103/H102-1),"n/a") -> 0.029007353
B105: Change Q/Q (abs.) | C105: n/a | D105: =IF(AND(ISNUMBER(D103),ISNUMBER(C103)),D103-C103,"n/a") -> 6.8 | E105: =IF(AND(ISNUMBER(E103),ISNUMBER(D103)),E103-D103,"n/a") -> -6.3 | F105: n/a | G105: =IF(AND(ISNUMBER(G103),ISNUMBER(E103)),G103-E103,"n/a") -> n/a | H105: =IF(AND(ISNUMBER(H103),ISNUMBER(G103)),H103-G103,"n/a") -> n/a
...

Sheet Income Statement
B1: Constellation Brands, Inc. (NYSE: STZ)
B2: Income Statement
B3: $ millions, except per share
B5: Period | C5: 2Q26A | D5: 3Q26A | E5: 4Q26A | F5: FY26A | G5: 1Q27A | H5: 2Q27E | J5: Notes / sources
B6: Period end | C6: 45900 | D6: 45991 | E6: 46081 | F6: 46081 | G6: 46173 | H6: 46265
B7: Days in period | C7: 92 | D7: 91 | E7: 90 | F7: 365 | G7: 92 | H7: 92
B10: Reported (GAAP) income statement
B11: Sales (gross) | C11: 2653.9 | D11: 2374.4 | E11: 2049.7 | F11: 9755.5 | G11: 2590.4 | H11: =H21-H12 -> 2701.9735 | J11: S3-S6
B12: Excise taxes | C12: -172.9 | D12: -151.6 | E12: -129.5 | F12: -616.5 | G12: -157.7 | H12: =-H21*H16 -> -167.28917 | J12: S3-S6
B13: PY: excise taxes | C13: -220.2 | D13: -180.6 | E13: -148.5 | F13: -748.2 | G13: -162.5 | H13: =C12 -> -172.9 | J13: S3-S6
B14: % Y/Y | C14: =IF(AND(ISNUMBER(C12),ISNUMBER(C13)),C12/C13-1,"n/a") -> -0.21480472 | D14: =IF(AND(ISNUMBER(D12),ISNUMBER(D13)),D12/D13-1,"n/a") -> -0.16057586 | E14: =IF(AND(ISNUMBER(E12),ISNUMBER(E13)),E12/E13-1,"n/a") -> -0.12794613 | F14: =IF(AND(ISNUMBER(F12),ISNUMBER(F13)),F12/F13-1,"n/a") -> -0.17602245 | G14: =IF(AND(ISNUMBER(G12),ISNUMBER(G13)),G12/G13-1,"n/a") -> -0.029538462 | H14: =IF(AND(ISNUMBER(H12),ISNUMBER(H13)),H12/H13-1,"n/a") -> -0.032451307
B15: Change Q/Q (abs.) | C15: n/a | D15: =IF(AND(ISNUMBER(D12),ISNUMBER(C12)),D12-C12,"n/a") -> 21.3 | E15: =IF(AND(ISNUMBER(E12),ISNUMBER(D12)),E12-D12,"n/a") -> 22.1 | F15: n/a | G15: =IF(AND(ISNUMBER(G12),ISNUMBER(E12)),G12-E12,"n/a") -> -28.2 | H15: =IF(AND(ISNUMBER(H12),ISNUMBER(G12)),H12-G12,"n/a") -> -9.589169
B16: Excise taxes % of net sales | C16: =-C12/C21 -> 0.069689641 | D16: =-D12/D21 -> 0.068202267 | E16: =-E12/E21 -> 0.067440892 | F16: =-F12/F21 -> 0.067458146 | G16: =-G12/G21 -> 0.064825091 | H16: 0.066
B17: PY: excise taxes % of net sales | C17: =IF(AND(ISNUMBER(C13),ISNUMBER(C20)),IF(C20=0,"n/a",-C13/C20),"n/a") -> 0.075439378 | D17: =IF(AND(ISNUMBER(D13),ISNUMBER(D20)),IF(D20=0,"n/a",-D13/D20),"n/a") -> 0.073301404 | E17: =IF(AND(ISNUMBER(E13),ISNUMBER(E20)),IF(E20=0,"n/a",-E13/E20),"n/a") -> 0.068616579 | F17: =IF(AND(ISNUMBER(F13),ISNUMBER(F20)),IF(F20=0,"n/a",-F13/F20),"n/a") -> 0.073290429 | G17: =IF(AND(ISNUMBER(G13),ISNUMBER(G20)),IF(G20=0,"n/a",-G13/G20),"n/a") -> 0.064612326 | H17: =IF(AND(ISNUMBER(H13),ISNUMBER(H20)),IF(H20=0,"n/a",-H13/H20),"n/a") -> 0.069689641
B18: Change Y/Y (bp) | C18: =IF(AND(ISNUMBER(C16),ISNUMBER(C17)),(C16-C17)*10000,"n/a") -> -57.497366 | D18: =IF(AND(ISNUMBER(D16),ISNUMBER(D17)),(D16-D17)*10000,"n/a") -> -50.991369 | E18: =IF(AND(ISNUMBER(E16),ISNUMBER(E17)),(E16-E17)*10000,"n/a") -> -11.756873 | F18: =IF(AND(ISNUMBER(F16),ISNUMBER(F17)),(F16-F17)*10000,"n/a") -> -58.322823 | G18: =IF(AND(ISNUMBER(G16),ISNUMBER(G17)),(G16-G17)*10000,"n/a") -> 2.1276542 | H18: =IF(AND(ISNUMBER(H16),ISNUMBER(H17)),(H16-H17)*10000,"n/a") -> -36.896413
B19: Change Q/Q (bp) | C19: n/a | D19: =IF(AND(ISNUMBER(D16),ISNUMBER(C16)),(D16-C16)*10000,"n/a") -> -14.873739 | E19: =IF(AND(ISNUMBER(E16),ISNUMBER(D16)),(E16-D16)*10000,"n/a") -> -7.6137584 | F19: n/a | G19: =IF(AND(ISNUMBER(G16),ISNUMBER(E16)),(G16-E16)*10000,"n/a") -> -26.158001 | H19: =IF(AND(ISNUMBER(H16),ISNUMBER(G16)),(H16-G16)*10000,"n/a") -> 11.749085
B20: PY: net sales | C20: ='Revenue summary'!C37 -> 2918.9 | D20: ='Revenue summary'!D37 -> 2463.8 | E20: ='Revenue summary'!E37 -> 2164.2 | F20: ='Revenue summary'!F37 -> 10208.7 | G20: ='Revenue summary'!G37 -> 2515 | H20: ='Revenue summary'!H37 -> 2481 | J20: Linked: Revenue summary prior-year total
B21: Net sales | C21: =C11+C12 -> 2481 | D21: =D11+D12 -> 2222.8 | E21: =E11+E12 -> 1920.2 | F21: =F11+F12 -> 9139 | G21: =G11+G12 -> 2432.7 | H21: ='Revenue summary'!H38 -> 2534.6844
B22: % Y/Y | C22: =IF(AND(ISNUMBER(C21),ISNUMBER(C20)),IF(C20<=0,"n/m",C21/C20-1),"n/a") -> -0.15002227 | D22: =IF(AND(ISNUMBER(D21),ISNUMBER(D20)),IF(D20<=0,"n/m",D21/D20-1),"n/a") -> -0.097816381 | E22: =IF(AND(ISNUMBER(E21),ISNUMBER(E20)),IF(E20<=0,"n/m",E21/E20-1),"n/a") -> -0.11274374 | F22: =IF(AND(ISNUMBER(F21),ISNUMBER(F20)),IF(F20<=0,"n/m",F21/F20-1),"n/a") -> -0.10478318 | G22: =IF(AND(ISNUMBER(G21),ISNUMBER(G20)),IF(G20<=0,"n/m",G21/G20-1),"n/a") -> -0.032723658 | H22: =IF(AND(ISNUMBER(H21),ISNUMBER(H20)),IF(H20<=0,"n/m",H21/H20-1),"n/a") -> 0.021638202
B23: % Q/Q | C23: n/a | D23: =IF(AND(ISNUMBER(D21),ISNUMBER(C21)),IF(C21<=0,"n/m",D21/C21-1),"n/a") -> -0.10407094 | E23: =IF(AND(ISNUMBER(E21),ISNUMBER(D21)),IF(D21<=0,"n/m",E21/D21-1),"n/a") -> -0.13613461 | F23: n/a | G23: =IF(AND(ISNUMBER(G21),ISNUMBER(E21)),IF(E21<=0,"n/m",G21/E21-1),"n/a") -> 0.26689928 | H23: =IF(AND(ISNUMBER(H21),ISNUMBER(G21)),IF(G21<=0,"n/m",H21/G21-1),"n/a") -> 0.0419223
B24: Change Q/Q ($M) | C24: n/a | D24: =IF(AND(ISNUMBER(D21),ISNUMBER(C21)),D21-C21,"n/a") -> -258.2 | E24: =IF(AND(ISNUMBER(E21),ISNUMBER(D21)),E21-D21,"n/a") -> -302.6 | F24: n/a | G24: =IF(AND(ISNUMBER(G21),ISNUMBER(E21)),G21-E21,"n/a") -> 512.5 | H24: =IF(AND(ISNUMBER(H21),ISNUMBER(G21)),H21-G21,"n/a") -> 101.98438
B25: Cost of product sold | C25: -1171 | D25: -1039.6 | E25: -968.5 | F25: -4427.5 | G25: -1112.1 | H25: ='Segment - Beer'!H74+'Segment - Wine and Spirits'!H118+H130 -> -1205.6167 | J25: S3-S6; 2Q27E = segment COGS + GP comparable adjustments
B26: PY: cost of product sold | C26: =C29-C20 -> -1407.1 | D26: =D29-D20 -> -1179.5 | E26: =E29-E20 -> -1049.5 | F26: =F29-F20 -> -4894.1 | G26: =G29-G20 -> -1248.4 | H26: =H29-H20 -> -1171
B27: % Y/Y | C27: =IF(AND(ISNUMBER(C25),ISNUMBER(C26)),C25/C26-1,"n/a") -> -0.16779191 | D27: =IF(AND(ISNUMBER(D25),ISNUMBER(D26)),D25/D26-1,"n/a") -> -0.11860958 | E27: =IF(AND(ISNUMBER(E25),ISNUMBER(E26)),E25/E26-1,"n/a") -> -0.077179609 | F27: =IF(AND(ISNUMBER(F25),ISNUMBER(F26)),F25/F26-1,"n/a") -> -0.095339286 | G27: =IF(AND(ISNUMBER(G25),ISNUMBER(G26)),G25/G26-1,"n/a") -> -0.10917975 | H27: =IF(AND(ISNUMBER(H25),ISNUMBER(H26)),H25/H26-1,"n/a") -> 0.029561615
B28: Change Q/Q (abs.) | C28: n/a | D28: =IF(AND(ISNUMBER(D25),ISNUMBER(C25)),D25-C25,"n/a") -> 131.4 | E28: =IF(AND(ISNUMBER(E25),ISNUMBER(D25)),E25-D25,"n/a") -> 71.1 | F28: n/a | G28: =IF(AND(ISNUMBER(G25),ISNUMBER(E25)),G25-E25,"n/a") -> -143.6 | H28: =IF(AND(ISNUMBER(H25),ISNUMBER(G25)),H25-G25,"n/a") -> -93.516651
B29: PY: gross profit | C29: 1511.8 | D29: 1284.3 | E29: 1114.7 | F29: 5314.6 | G29: 1266.6 | H29: =C30 -> 1310 | J29: S3-S6
B30: Gross profit | C30: =C21+C25 -> 1310 | D30: =D21+D25 -> 1183.2 | E30: =E21+E25 -> 951.7 | F30: =F21+F25 -> 4711.5 | G30: =G21+G25 -> 1320.6 | H30: =H21+H25 -> 1329.0677
B31: % Y/Y | C31: =IF(AND(ISNUMBER(C30),ISNUMBER(C29)),IF(C29<=0,"n/m",C30/C29-1),"n/a") -> -0.13348326 | D31: =IF(AND(ISNUMBER(D30),ISNUMBER(D29)),IF(D29<=0,"n/m",D30/D29-1),"n/a") -> -0.078719925 | E31: =IF(AND(ISNUMBER(E30),ISNUMBER(E29)),IF(E29<=0,"n/m",E30/E29-1),"n/a") -> -0.14622768 | F31: =IF(AND(ISNUMBER(F30),ISNUMBER(F29)),IF(F29<=0,"n/m",F30/F29-1),"n/a") -> -0.11347985 | G31: =IF(AND(ISNUMBER(G30),ISNUMBER(G29)),IF(G29<=0,"n/m",G30/G29-1),"n/a") -> 0.042633823 | H31: =IF(AND(ISNUMBER(H30),ISNUMBER(H29)),IF(H29<=0,"n/m",H30/H29-1),"n/a") -> 0.014555518
B32: Change Q/Q (abs.) | C32: n/a | D32: =IF(AND(ISNUMBER(D30),ISNUMBER(C30)),D30-C30,"n/a") -> -126.8 | E32: =IF(AND(ISNUMBER(E30),ISNUMBER(D30)),E30-D30,"n/a") -> -231.5 | F32: n/a | G32: =IF(AND(ISNUMBER(G30),ISNUMBER(E30)),G30-E30,"n/a") -> 368.9 | H32: =IF(AND(ISNUMBER(H30),ISNUMBER(G30)),H30-G30,"n/a") -> 8.4677287
B33: Gross margin | C33: =IF(AND(ISNUMBER(C30),ISNUMBER(C21)),IF(C21=0,"n/a",C30/C21),"n/a") -> 0.5280129 | D33: =IF(AND(ISNUMBER(D30),ISNUMBER(D21)),IF(D21=0,"n/a",D30/D21),"n/a") -> 0.5323016 | E33: =IF(AND(ISNUMBER(E30),ISNUMBER(E21)),IF(E21=0,"n/a",E30/E21),"n/a") -> 0.49562546 | F33: =IF(AND(ISNUMBER(F30),ISNUMBER(F21)),IF(F21=0,"n/a",F30/F21),"n/a") -> 0.51553781 | G33: =IF(AND(ISNUMBER(G30),ISNUMBER(G21)),IF(G21=0,"n/a",G30/G21),"n/a") -> 0.54285362 | H33: =IF(AND(ISNUMBER(H30),ISNUMBER(H21)),IF(H21=0,"n/a",H30/H21),"n/a") -> 0.52435236
B34: PY: gross margin | C34: =IF(AND(ISNUMBER(C29),ISNUMBER(C20)),IF(C20=0,"n/a",C29/C20),"n/a") -> 0.51793484 | D34: =IF(AND(ISNUMBER(D29),ISNUMBER(D20)),IF(D20=0,"n/a",D29/D20),"n/a") -> 0.52126796 | E34: =IF(AND(ISNUMBER(E29),ISNUMBER(E20)),IF(E20=0,"n/a",E29/E20),"n/a") -> 0.5150633 | F34: =IF(AND(ISNUMBER(F29),ISNUMBER(F20)),IF(F20=0,"n/a",F29/F20),"n/a") -> 0.52059518 | G34: =IF(AND(ISNUMBER(G29),ISNUMBER(G20)),IF(G20=0,"n/a",G29/G20),"n/a") -> 0.50361829 | H34: =IF(AND(ISNUMBER(H29),ISNUMBER(H20)),IF(H20=0,"n/a",H29/H20),"n/a") -> 0.5280129
B35: Change Y/Y (bp) | C35: =IF(AND(ISNUMBER(C33),ISNUMBER(C34)),(C33-C34)*10000,"n/a") -> 100.7806 | D35: =IF(AND(ISNUMBER(D33),ISNUMBER(D34)),(D33-D34)*10000,"n/a") -> 110.33642 | E35: =IF(AND(ISNUMBER(E33),ISNUMBER(E34)),(E33-E34)*10000,"n/a") -> -194.37847 | F35: =IF(AND(ISNUMBER(F33),ISNUMBER(F34)),(F33-F34)*10000,"n/a") -> -50.573736 | G35: =IF(AND(ISNUMBER(G33),ISNUMBER(G34)),(G33-G34)*10000,"n/a") -> 392.35329 | H35: =IF(AND(ISNUMBER(H33),ISNUMBER(H34)),(H33-H34)*10000,"n/a") -> -36.60541
B36: Change Q/Q (bp) | C36: n/a | D36: =IF(AND(ISNUMBER(D33),ISNUMBER(C33)),(D33-C33)*10000,"n/a") -> 42.887036 | E36: =IF(AND(ISNUMBER(E33),ISNUMBER(D33)),(E33-D33)*10000,"n/a") -> -366.76146 | F36: n/a | G36: =IF(AND(ISNUMBER(G33),ISNUMBER(E33)),(G33-E33)*10000,"n/a") -> 472.28164 | H36: =IF(AND(ISNUMBER(H33),ISNUMBER(G33)),(H33-G33)*10000,"n/a") -> -185.01262
B37: SG&A expenses | C37: -436 | D37: -491.2 | E37: -452.4 | F37: -1848.4 | G37: -457 | H37: ='Segment - Beer'!H89+'Segment - Beer'!H99+'Segment - Wine and Spirits'!H131+'Segment - Wine and Spirits'!H141+H103+H137 -> -476.96342 | J37: S3-S6 as reported; quarterly SG&A includes loss on sale of business, FY26 shows it separately
B38: PY: SG&A | C38: -491.2 | D38: -491.3 | E38: -505.3 | F38: -1950 | G38: -500.7 | H38: =C37 -> -436 | J38: S3-S6
B39: % Y/Y | C39: =IF(AND(ISNUMBER(C37),ISNUMBER(C38)),C37/C38-1,"n/a") -> -0.11237785 | D39: =IF(AND(ISNUMBER(D37),ISNUMBER(D38)),D37/D38-1,"n/a") -> -0.00020354162 | E39: =IF(AND(ISNUMBER(E37),ISNUMBER(E38)),E37/E38-1,"n/a") -> -0.10469028 | F39: =IF(AND(ISNUMBER(F37),ISNUMBER(F38)),F37/F38-1,"n/a") -> -0.052102564 | G39: =IF(AND(ISNUMBER(G37),ISNUMBER(G38)),G37/G38-1,"n/a") -> -0.087277811 | H39: =IF(AND(ISNUMBER(H37),ISNUMBER(H38)),H37/H38-1,"n/a") -> 0.093952791 | J39: FY26 SG&A excludes loss on sale (shown in row 47); quarters include it, so FY Y/Y and % are on a different basis
B40: Change Q/Q (abs.) | C40: n/a | D40: =IF(AND(ISNUMBER(D37),ISNUMBER(C37)),D37-C37,"n/a") -> -55.2 | E40: =IF(AND(ISNUMBER(E37),ISNUMBER(D37)),E37-D37,"n/a") -> 38.8 | F40: n/a | G40: =IF(AND(ISNUMBER(G37),ISNUMBER(E37)),G37-E37,"n/a") -> -4.6 | H40: =IF(AND(ISNUMBER(H37),ISNUMBER(G37)),H37-G37,"n/a") -> -19.963417
B41: SG&A % of net sales | C41: =IF(AND(ISNUMBER(C37),ISNUMBER(C21)),IF(C21=0,"n/a",-C37/C21),"n/a") -> 0.17573559 | D41: =IF(AND(ISNUMBER(D37),ISNUMBER(D21)),IF(D21=0,"n/a",-D37/D21),"n/a") -> 0.22098254 | E41: =IF(AND(ISNUMBER(E37),ISNUMBER(E21)),IF(E21=0,"n/a",-E37/E21),"n/a") -> 0.23560046 | F41: =IF(AND(ISNUMBER(F37),ISNUMBER(F21)),IF(F21=0,"n/a",-F37/F21),"n/a") -> 0.20225408 | G41: =IF(AND(ISNUMBER(G37),ISNUMBER(G21)),IF(G21=0,"n/a",-G37/G21),"n/a") -> 0.18785711 | H41: =IF(AND(ISNUMBER(H37),ISNUMBER(H21)),IF(H21=0,"n/a",-H37/H21),"n/a") -> 0.18817468 | J41: FY26: excl. loss on sale of 31.9 (row 47); incl. it, FY SG&A = 1,880.3 (20.6% of net sales)
B42: PY: SG&A % of net sales | C42: =IF(AND(ISNUMBER(C38),ISNUMBER(C20)),IF(C20=0,"n/a",-C38/C20),"n/a") -> 0.16828257 | D42: =IF(AND(ISNUMBER(D38),ISNUMBER(D20)),IF(D20=0,"n/a",-D38/D20),"n/a") -> 0.19940742 | E42: =IF(AND(ISNUMBER(E38),ISNUMBER(E20)),IF(E20=0,"n/a",-E38/E20),"n/a") -> 0.23348119 | F42: =IF(AND(ISNUMBER(F38),ISNUMBER(F20)),IF(F20=0,"n/a",-F38/F20),"n/a") -> 0.19101355 | G42: =IF(AND(ISNUMBER(G38),ISNUMBER(G20)),IF(G20=0,"n/a",-G38/G20),"n/a") -> 0.19908549 | H42: =IF(AND(ISNUMBER(H38),ISNUMBER(H20)),IF(H20=0,"n/a",-H38/H20),"n/a") -> 0.17573559
B43: Change Y/Y (bp) | C43: =IF(AND(ISNUMBER(C41),ISNUMBER(C42)),(C41-C42)*10000,"n/a") -> 74.530183 | D43: =IF(AND(ISNUMBER(D41),ISNUMBER(D42)),(D41-D42)*10000,"n/a") -> 215.75125 | E43: =IF(AND(ISNUMBER(E41),ISNUMBER(E42)),(E41-E42)*10000,"n/a") -> 21.192643 | F43: =IF(AND(ISNUMBER(F41),ISNUMBER(F42)),(F41-F42)*10000,"n/a") -> 112.40529 | G43: =IF(AND(ISNUMBER(G41),ISNUMBER(G42)),(G41-G42)*10000,"n/a") -> -112.28374 | H43: =IF(AND(ISNUMBER(H41),ISNUMBER(H42)),(H41-H42)*10000,"n/a") -> 124.39087
B44: Change Q/Q (bp) | C44: n/a | D44: =IF(AND(ISNUMBER(D41),ISNUMBER(C41)),(D41-C41)*10000,"n/a") -> 452.46954 | E44: =IF(AND(ISNUMBER(E41),ISNUMBER(D41)),(E41-D41)*10000,"n/a") -> 146.17914 | F44: n/a | G44: =IF(AND(ISNUMBER(G41),ISNUMBER(E41)),(G41-E41)*10000,"n/a") -> -477.43345 | H44: =IF(AND(ISNUMBER(H41),ISNUMBER(G41)),(H41-G41)*10000,"n/a") -> 3.1756441
B45: Goodwill & intangible impairment | C45: =C139 -> 0 | D45: =D139 -> 0 | E45: =E139 -> 0 | F45: =F139 -> 0 | G45: =G139 -> 0 | H45: =H139 -> 0 | J45: Linked to bridge row (S3-S6)
B46: Asset impairment & related | C46: =C138 -> 0 | D46: =D138 -> 0 | E46: =E138 -> -57.7 | F46: =F138 -> -109.8 | G46: =G138 -> -18.3 | H46: =H138 -> 0 | J46: Linked to bridge row (S3-S6)
B47: Gain (loss) on sale of business | C47: in SG&A | D47: in SG&A | E47: =E140 -> 0 | F47: =F140 -> -31.9 | G47: in SG&A | H47: =H140 -> 0 | J47: Shown separately only in the FY26 statement (S5)
B48: PY: operating income | C48: -1229.4 | D48: 793 | E48: -150.3 | F48: 354.9 | G48: 713.8 | H48: =C49 -> 874 | J48: S3-S6
B49: Operating income (loss) | C49: =C30+C37+C45+C46+N(C47) -> 874 | D49: =D30+D37+D45+D46+N(D47) -> 692 | E49: =E30+E37+E45+E46+N(E47) -> 441.6 | F49: =F30+F37+F45+F46+N(F47) -> 2721.4 | G49: =G30+G37+G45+G46+N(G47) -> 845.3 | H49: =H30+H37+H45+H46+N(H47) -> 852.10431
B50: % Y/Y | C50: =IF(AND(ISNUMBER(C49),ISNUMBER(C48)),IF(C48<=0,"n/m",C49/C48-1),"n/a") -> n/m | D50: =IF(AND(ISNUMBER(D49),ISNUMBER(D48)),IF(D48<=0,"n/m",D49/D48-1),"n/a") -> -0.12736444 | E50: =IF(AND(ISNUMBER(E49),ISNUMBER(E48)),IF(E48<=0,"n/m",E49/E48-1),"n/a") -> n/m | F50: =IF(AND(ISNUMBER(F49),ISNUMBER(F48)),IF(F48<=0,"n/m",F49/F48-1),"n/a") -> 6.6680755 | G50: =IF(AND(ISNUMBER(G49),ISNUMBER(G48)),IF(G48<=0,"n/m",G49/G48-1),"n/a") -> 0.18422527 | H50: =IF(AND(ISNUMBER(H49),ISNUMBER(H48)),IF(H48<=0,"n/m",H49/H48-1),"n/a") -> -0.025052275
B51: Change Q/Q (abs.) | C51: n/a | D51: =IF(AND(ISNUMBER(D49),ISNUMBER(C49)),D49-C49,"n/a") -> -182 | E51: =IF(AND(ISNUMBER(E49),ISNUMBER(D49)),E49-D49,"n/a") -> -250.4 | F51: n/a | G51: =IF(AND(ISNUMBER(G49),ISNUMBER(E49)),G49-E49,"n/a") -> 403.7 | H51: =IF(AND(ISNUMBER(H49),ISNUMBER(G49)),H49-G49,"n/a") -> 6.804312
B52: Operating margin | C52: =IF(AND(ISNUMBER(C49),ISNUMBER(C21)),IF(C21=0,"n/a",C49/C21),"n/a") -> 0.35227731 | D52: =IF(AND(ISNUMBER(D49),ISNUMBER(D21)),IF(D21=0,"n/a",D49/D21),"n/a") -> 0.31131906 | E52: =IF(AND(ISNUMBER(E49),ISNUMBER(E21)),IF(E21=0,"n/a",E49/E21),"n/a") -> 0.22997604 | F52: =IF(AND(ISNUMBER(F49),ISNUMBER(F21)),IF(F21=0,"n/a",F49/F21),"n/a") -> 0.29777875 | G52: =IF(AND(ISNUMBER(G49),ISNUMBER(G21)),IF(G21=0,"n/a",G49/G21),"n/a") -> 0.347474 | H52: =IF(AND(ISNUMBER(H49),ISNUMBER(H21)),IF(H21=0,"n/a",H49/H21),"n/a") -> 0.33617768
B53: PY: operating margin | C53: =IF(AND(ISNUMBER(C48),ISNUMBER(C20)),IF(C20=0,"n/a",C48/C20),"n/a") -> -0.42118606 | D53: =IF(AND(ISNUMBER(D48),ISNUMBER(D20)),IF(D20=0,"n/a",D48/D20),"n/a") -> 0.32186054 | E53: =IF(AND(ISNUMBER(E48),ISNUMBER(E20)),IF(E20=0,"n/a",E48/E20),"n/a") -> -0.069448295 | F53: =IF(AND(ISNUMBER(F48),ISNUMBER(F20)),IF(F20=0,"n/a",F48/F20),"n/a") -> 0.034764466 | G53: =IF(AND(ISNUMBER(G48),ISNUMBER(G20)),IF(G20=0,"n/a",G48/G20),"n/a") -> 0.2838171 | H53: =IF(AND(ISNUMBER(H48),ISNUMBER(H20)),IF(H20=0,"n/a",H48/H20),"n/a") -> 0.35227731
B54: Change Y/Y (bp) | C54: =IF(AND(ISNUMBER(C52),ISNUMBER(C53)),(C52-C53)*10000,"n/a") -> 7734.6337 | D54: =IF(AND(ISNUMBER(D52),ISNUMBER(D53)),(D52-D53)*10000,"n/a") -> -105.41484 | E54: =IF(AND(ISNUMBER(E52),ISNUMBER(E53)),(E52-E53)*10000,"n/a") -> 2994.2434 | F54: =IF(AND(ISNUMBER(F52),ISNUMBER(F53)),(F52-F53)*10000,"n/a") -> 2630.1428 | G54: =IF(AND(ISNUMBER(G52),ISNUMBER(G53)),(G52-G53)*10000,"n/a") -> 636.56903 | H54: =IF(AND(ISNUMBER(H52),ISNUMBER(H53)),(H52-H53)*10000,"n/a") -> -160.99628
B55: Change Q/Q (bp) | C55: n/a | D55: =IF(AND(ISNUMBER(D52),ISNUMBER(C52)),(D52-C52)*10000,"n/a") -> -409.5825 | E55: =IF(AND(ISNUMBER(E52),ISNUMBER(D52)),(E52-D52)*10000,"n/a") -> -813.43013 | F55: n/a | G55: =IF(AND(ISNUMBER(G52),ISNUMBER(E52)),(G52-E52)*10000,"n/a") -> 1174.9796 | H55: =IF(AND(ISNUMBER(H52),ISNUMBER(G52)),(H52-G52)*10000,"n/a") -> -112.96321
B56: PY: unconsolidated income | C56: -1.2 | D56: -15 | E56: -92.1 | F56: -26.3 | G56: -3.5 | H56: =C57 -> -3.5 | J56: S3-S6
B57: Unconsolidated investments income | C57: -3.5 | D57: 23.5 | E57: -7.5 | F57: 9 | G57: 0.5 | H57: =H168+H143 -> 5.4 | J57: S3-S6
B58: % Y/Y | C58: =IF(AND(ISNUMBER(C57),ISNUMBER(C56)),IF(C56<=0,"n/m",C57/C56-1),"n/a") -> n/m | D58: =IF(AND(ISNUMBER(D57),ISNUMBER(D56)),IF(D56<=0,"n/m",D57/D56-1),"n/a") -> n/m | E58: =IF(AND(ISNUMBER(E57),ISNUMBER(E56)),IF(E56<=0,"n/m",E57/E56-1),"n/a") -> n/m | F58: =IF(AND(ISNUMBER(F57),ISNUMBER(F56)),IF(F56<=0,"n/m",F57/F56-1),"n/a") -> n/m | G58: =IF(AND(ISNUMBER(G57),ISNUMBER(G56)),IF(G56<=0,"n/m",G57/G56-1),"n/a") -> n/m | H58: =IF(AND(ISNUMBER(H57),ISNUMBER(H56)),IF(H56<=0,"n/m",H57/H56-1),"n/a") -> n/m
B59: Change Q/Q (abs.) | C59: n/a | D59: =IF(AND(ISNUMBER(D57),ISNUMBER(C57)),D57-C57,"n/a") -> 27 | E59: =IF(AND(ISNUMBER(E57),ISNUMBER(D57)),E57-D57,"n/a") -> -31 | F59: n/a | G59: =IF(AND(ISNUMBER(G57),ISNUMBER(E57)),G57-E57,"n/a") -> 8 | H59: =IF(AND(ISNUMBER(H57),ISNUMBER(G57)),H57-G57,"n/a") -> 4.9
B60: PY: interest expense, net | C60: -104 | D60: -104.4 | E60: -100.2 | F60: -411.4 | G60: -98.9 | H60: =C61 -> -87.6 | J60: S3-S6
B61: Interest expense, net | C61: -87.6 | D61: -83.2 | E61: -82.9 | F61: -352.6 | G61: -85.8 | H61: =H172+H144 -> -85 | J61: S3-S6
B62: % Y/Y | C62: =IF(AND(ISNUMBER(C61),ISNUMBER(C60)),C61/C60-1,"n/a") -> -0.15769231 | D62: =IF(AND(ISNUMBER(D61),ISNUMBER(D60)),D61/D60-1,"n/a") -> -0.20306513 | E62: =IF(AND(ISNUMBER(E61),ISNUMBER(E60)),E61/E60-1,"n/a") -> -0.17265469 | F62: =IF(AND(ISNUMBER(F61),ISNUMBER(F60)),F61/F60-1,"n/a") -> -0.14292659 | G62: =IF(AND(ISNUMBER(G61),ISNUMBER(G60)),G61/G60-1,"n/a") -> -0.13245703 | H62: =IF(AND(ISNUMBER(H61),ISNUMBER(H60)),H61/H60-1,"n/a") -> -0.029680365
B63: Change Q/Q (abs.) | C63: n/a | D63: =IF(AND(ISNUMBER(D61),ISNUMBER(C61)),D61-C61,"n/a") -> 4.4 | E63: =IF(AND(ISNUMBER(E61),ISNUMBER(D61)),E61-D61,"n/a") -> 0.3 | F63: n/a | G63: =IF(AND(ISNUMBER(G61),ISNUMBER(E61)),G61-E61,"n/a") -> -2.9 | H63: =IF(AND(ISNUMBER(H61),ISNUMBER(G61)),H61-G61,"n/a") -> 0.8
B64: PY: pre-tax income | C64: -1334.6 | D64: 673.6 | E64: -342.6 | F64: -82.8 | G64: 611.4 | H64: =C65 -> 782.9 | J64: S3-S6
B65: Income (loss) before income taxes | C65: =C49+C57+C61 -> 782.9 | D65: =D49+D57+D61 -> 632.3 | E65: =E49+E57+E61 -> 351.2 | F65: =F49+F57+F61 -> 2377.8 | G65: =G49+G57+G61 -> 760 | H65: =H49+H57+H61 -> 772.50431
B66: % Y/Y | C66: =IF(AND(ISNUMBER(C65),ISNUMBER(C64)),IF(C64<=0,"n/m",C65/C64-1),"n/a") -> n/m | D66: =IF(AND(ISNUMBER(D65),ISNUMBER(D64)),IF(D64<=0,"n/m",D65/D64-1),"n/a") -> -0.061312352 | E66: =IF(AND(ISNUMBER(E65),ISNUMBER(E64)),IF(E64<=0,"n/m",E65/E64-1),"n/a") -> n/m | F66: =IF(AND(ISNUMBER(F65),ISNUMBER(F64)),IF(F64<=0,"n/m",F65/F64-1),"n/a") -> n/m | G66: =IF(AND(ISNUMBER(G65),ISNUMBER(G64)),IF(G64<=0,"n/m",G65/G64-1),"n/a") -> 0.24304874 | H66: =IF(AND(ISNUMBER(H65),ISNUMBER(H64)),IF(H64<=0,"n/m",H65/H64-1),"n/a") -> -0.013278437
B67: Change Q/Q (abs.) | C67: n/a | D67: =IF(AND(ISNUMBER(D65),ISNUMBER(C65)),D65-C65,"n/a") -> -150.6 | E67: =IF(AND(ISNUMBER(E65),ISNUMBER(D65)),E65-D65,"n/a") -> -281.1 | F67: n/a | G67: =IF(AND(ISNUMBER(G65),ISNUMBER(E65)),G65-E65,"n/a") -> 408.8 | H67: =IF(AND(ISNUMBER(H65),ISNUMBER(G65)),H65-G65,"n/a") -> 12.504312
B68: Provision for income taxes | C68: -296.8 | D68: -110.1 | E68: -126.5 | F68: -621 | G68: -88.1 | H68: =H180+H148 -> -152.79745 | J68: S3-S6
B69: PY: tax provision | C69: 152.2 | D69: -44.5 | E69: -28 | F69: 51.7 | G69: -87.6 | H69: =C68 -> -296.8 | J69: S3-S6
B70: % Y/Y | C70: =IF(AND(ISNUMBER(C68),ISNUMBER(C69)),C68/C69-1,"n/a") -> -2.9500657 | D70: =IF(AND(ISNUMBER(D68),ISNUMBER(D69)),D68/D69-1,"n/a") -> 1.4741573 | E70: =IF(AND(ISNUMBER(E68),ISNUMBER(E69)),E68/E69-1,"n/a") -> 3.5178571 | F70: =IF(AND(ISNUMBER(F68),ISNUMBER(F69)),F68/F69-1,"n/a") -> -13.011605 | G70: =IF(AND(ISNUMBER(G68),ISNUMBER(G69)),G68/G69-1,"n/a") -> 0.0057077626 | H70: =IF(AND(ISNUMBER(H68),ISNUMBER(H69)),H68/H69-1,"n/a") -> -0.48518378
B71: Change Q/Q (abs.) | C71: n/a | D71: =IF(AND(ISNUMBER(D68),ISNUMBER(C68)),D68-C68,"n/a") -> 186.7 | E71: =IF(AND(ISNUMBER(E68),ISNUMBER(D68)),E68-D68,"n/a") -> -16.4 | F71: n/a | G71: =IF(AND(ISNUMBER(G68),ISNUMBER(E68)),G68-E68,"n/a") -> 38.4 | H71: =IF(AND(ISNUMBER(H68),ISNUMBER(G68)),H68-G68,"n/a") -> -64.697454
B72: Effective tax rate (GAAP) | C72: =IF(AND(ISNUMBER(C68),ISNUMBER(C65)),IF(C65=0,"n/a",-C68/C65),"n/a") -> 0.37910333 | D72: =IF(AND(ISNUMBER(D68),ISNUMBER(D65)),IF(D65=0,"n/a",-D68/D65),"n/a") -> 0.17412621 | E72: =IF(AND(ISNUMBER(E68),ISNUMBER(E65)),IF(E65=0,"n/a",-E68/E65),"n/a") -> 0.36019362 | F72: =IF(AND(ISNUMBER(F68),ISNUMBER(F65)),IF(F65=0,"n/a",-F68/F65),"n/a") -> 0.26116578 | G72: =IF(AND(ISNUMBER(G68),ISNUMBER(G65)),IF(G65=0,"n/a",-G68/G65),"n/a") -> 0.11592105 | H72: =IF(AND(ISNUMBER(H68),ISNUMBER(H65)),IF(H65=0,"n/a",-H68/H65),"n/a") -> 0.19779495
B73: PY: effective tax rate (GAAP) | C73: =IF(AND(ISNUMBER(C64),ISNUMBER(C69)),IF(C64<=0,"n/m",-C69/C64),"n/a") -> n/m | D73: =IF(AND(ISNUMBER(D64),ISNUMBER(D69)),IF(D64<=0,"n/m",-D69/D64),"n/a") -> 0.066062945 | E73: =IF(AND(ISNUMBER(E64),ISNUMBER(E69)),IF(E64<=0,"n/m",-E69/E64),"n/a") -> n/m | F73: =IF(AND(ISNUMBER(F64),ISNUMBER(F69)),IF(F64<=0,"n/m",-F69/F64),"n/a") -> n/m | G73: =IF(AND(ISNUMBER(G64),ISNUMBER(G69)),IF(G64<=0,"n/m",-G69/G64),"n/a") -> 0.14327772 | H73: =IF(AND(ISNUMBER(H64),ISNUMBER(H69)),IF(H64<=0,"n/m",-H69/H64),"n/a") -> 0.37910333
B74: Change Y/Y (bp) | C74: =IF(AND(ISNUMBER(C72),ISNUMBER(C73)),(C72-C73)*10000,"n/a") -> n/a | D74: =IF(AND(ISNUMBER(D72),ISNUMBER(D73)),(D72-D73)*10000,"n/a") -> 1080.6326 | E74: =IF(AND(ISNUMBER(E72),ISNUMBER(E73)),(E72-E73)*10000,"n/a") -> n/a | F74: =IF(AND(ISNUMBER(F72),ISNUMBER(F73)),(F72-F73)*10000,"n/a") -> n/a | G74: =IF(AND(ISNUMBER(G72),ISNUMBER(G73)),(G72-G73)*10000,"n/a") -> -273.56671 | H74: =IF(AND(ISNUMBER(H72),ISNUMBER(H73)),(H72-H73)*10000,"n/a") -> -1813.0838
B75: Change Q/Q (bp) | C75: n/a | D75: =IF(AND(ISNUMBER(D72),ISNUMBER(C72)),(D72-C72)*10000,"n/a") -> -2049.7713 | E75: =IF(AND(ISNUMBER(E72),ISNUMBER(D72)),(E72-D72)*10000,"n/a") -> 1860.6742 | F75: n/a | G75: =IF(AND(ISNUMBER(G72),ISNUMBER(E72)),(G72-E72)*10000,"n/a") -> -2442.7257 | H75: =IF(AND(ISNUMBER(H72),ISNUMBER(G72)),(H72-G72)*10000,"n/a") -> 818.739
B76: Net income (loss) | C76: =C65+C68 -> 486.1 | D76: =D65+D68 -> 522.2 | E76: =E65+E68 -> 224.7 | F76: =F65+F68 -> 1756.8 | G76: =G65+G68 -> 671.9 | H76: =H65+H68 -> 619.70686
B77: PY: NCI | C77: -16.6 | D77: -13.2 | E77: -4.7 | F77: -50.3 | G77: -7.7 | H77: =C78 -> -20.1 | J77: S3-S6
B78: Noncontrolling interests (NCI) | C78: -20.1 | D78: -19.4 | E78: -22.9 | F78: -70.1 | G78: -18.1 | H78: -20 | J78: S3-S6
B79: % Y/Y | C79: =IF(AND(ISNUMBER(C78),ISNUMBER(C77)),C78/C77-1,"n/a") -> 0.21084337 | D79: =IF(AND(ISNUMBER(D78),ISNUMBER(D77)),D78/D77-1,"n/a") -> 0.46969697 | E79: =IF(AND(ISNUMBER(E78),ISNUMBER(E77)),E78/E77-1,"n/a") -> 3.8723404 | F79: =IF(AND(ISNUMBER(F78),ISNUMBER(F77)),F78/F77-1,"n/a") -> 0.39363817 | G79: =IF(AND(ISNUMBER(G78),ISNUMBER(G77)),G78/G77-1,"n/a") -> 1.3506494 | H79: =IF(AND(ISNUMBER(H78),ISNUMBER(H77)),H78/H77-1,"n/a") -> -0.0049751244
B80: Change Q/Q (abs.) | C80: n/a | D80: =IF(AND(ISNUMBER(D78),ISNUMBER(C78)),D78-C78,"n/a") -> 0.7 | E80: =IF(AND(ISNUMBER(E78),ISNUMBER(D78)),E78-D78,"n/a") -> -3.5 | F80: n/a | G80: =IF(AND(ISNUMBER(G78),ISNUMBER(E78)),G78-E78,"n/a") -> 4.8 | H80: =IF(AND(ISNUMBER(H78),ISNUMBER(G78)),H78-G78,"n/a") -> -1.9
B81: PY: net income (CBI) | C81: -1199 | D81: 615.9 | E81: -375.3 | F81: -81.4 | G81: 516.1 | H81: =C82 -> 466 | J81: S3-S6
B82: Net income (loss) attrib. to CBI | C82: =C76+C78 -> 466 | D82: =D76+D78 -> 502.8 | E82: =E76+E78 -> 201.8 | F82: =F76+F78 -> 1686.7 | G82: =G76+G78 -> 653.8 | H82: =H76+H78 -> 599.70686
B83: % Y/Y | C83: =IF(AND(ISNUMBER(C82),ISNUMBER(C81)),IF(C81<=0,"n/m",C82/C81-1),"n/a") -> n/m | D83: =IF(AND(ISNUMBER(D82),ISNUMBER(D81)),IF(D81<=0,"n/m",D82/D81-1),"n/a") -> -0.18363371 | E83: =IF(AND(ISNUMBER(E82),ISNUMBER(E81)),IF(E81<=0,"n/m",E82/E81-1),"n/a") -> n/m | F83: =IF(AND(ISNUMBER(F82),ISNUMBER(F81)),IF(F81<=0,"n/m",F82/F81-1),"n/a") -> n/m | G83: =IF(AND(ISNUMBER(G82),ISNUMBER(G81)),IF(G81<=0,"n/m",G82/G81-1),"n/a") -> 0.26680876 | H83: =IF(AND(ISNUMBER(H82),ISNUMBER(H81)),IF(H81<=0,"n/m",H82/H81-1),"n/a") -> 0.28692459
B84: Change Q/Q (abs.) | C84: n/a | D84: =IF(AND(ISNUMBER(D82),ISNUMBER(C82)),D82-C82,"n/a") -> 36.8 | E84: =IF(AND(ISNUMBER(E82),ISNUMBER(D82)),E82-D82,"n/a") -> -301 | F84: n/a | G84: =IF(AND(ISNUMBER(G82),ISNUMBER(E82)),G82-E82,"n/a") -> 452 | H84: =IF(AND(ISNUMBER(H82),ISNUMBER(G82)),H82-G82,"n/a") -> -54.093142
B85: Net margin (attrib. to CBI) | C85: =IF(AND(ISNUMBER(C82),ISNUMBER(C21)),IF(C21=0,"n/a",C82/C21),"n/a") -> 0.18782749 | D85: =IF(AND(ISNUMBER(D82),ISNUMBER(D21)),IF(D21=0,"n/a",D82/D21),"n/a") -> 0.22620119 | E85: =IF(AND(ISNUMBER(E82),ISNUMBER(E21)),IF(E21=0,"n/a",E82/E21),"n/a") -> 0.10509322 | F85: =IF(AND(ISNUMBER(F82),ISNUMBER(F21)),IF(F21=0,"n/a",F82/F21),"n/a") -> 0.18456067 | G85: =IF(AND(ISNUMBER(G82),ISNUMBER(G21)),IF(G21=0,"n/a",G82/G21),"n/a") -> 0.26875488 | H85: =IF(AND(ISNUMBER(H82),ISNUMBER(H21)),IF(H21=0,"n/a",H82/H21),"n/a") -> 0.23660021
B86: PY: net margin (attrib. to CBI) | C86: =IF(AND(ISNUMBER(C81),ISNUMBER(C20)),IF(C20=0,"n/a",C81/C20),"n/a") -> -0.41077118 | D86: =IF(AND(ISNUMBER(D81),ISNUMBER(D20)),IF(D20=0,"n/a",D81/D20),"n/a") -> 0.24997971 | E86: =IF(AND(ISNUMBER(E81),ISNUMBER(E20)),IF(E20=0,"n/a",E81/E20),"n/a") -> -0.17341281 | F86: =IF(AND(ISNUMBER(F81),ISNUMBER(F20)),IF(F20=0,"n/a",F81/F20),"n/a") -> -0.0079735912 | G86: =IF(AND(ISNUMBER(G81),ISNUMBER(G20)),IF(G20=0,"n/a",G81/G20),"n/a") -> 0.20520875 | H86: =IF(AND(ISNUMBER(H81),ISNUMBER(H20)),IF(H20=0,"n/a",H81/H20),"n/a") -> 0.18782749
B87: Change Y/Y (bp) | C87: =IF(AND(ISNUMBER(C85),ISNUMBER(C86)),(C85-C86)*10000,"n/a") -> 5985.9867 | D87: =IF(AND(ISNUMBER(D85),ISNUMBER(D86)),(D85-D86)*10000,"n/a") -> -237.78518 | E87: =IF(AND(ISNUMBER(E85),ISNUMBER(E86)),(E85-E86)*10000,"n/a") -> 2785.0603 | F87: =IF(AND(ISNUMBER(F85),ISNUMBER(F86)),(F85-F86)*10000,"n/a") -> 1925.3427 | G87: =IF(AND(ISNUMBER(G85),ISNUMBER(G86)),(G85-G86)*10000,"n/a") -> 635.46134 | H87: =IF(AND(ISNUMBER(H85),ISNUMBER(H86)),(H85-H86)*10000,"n/a") -> 487.72722
B88: Change Q/Q (bp) | C88: n/a | D88: =IF(AND(ISNUMBER(D85),ISNUMBER(C85)),(D85-C85)*10000,"n/a") -> 383.73699 | E88: =IF(AND(ISNUMBER(E85),ISNUMBER(D85)),(E85-D85)*10000,"n/a") -> -1211.0797 | F88: n/a | G88: =IF(AND(ISNUMBER(G85),ISNUMBER(E85)),(G85-E85)*10000,"n/a") -> 1636.6166 | H88: =IF(AND(ISNUMBER(H85),ISNUMBER(G85)),(H85-G85)*10000,"n/a") -> -321.54671
B89: EPS – basic (GAAP) | C89: 2.65 | D89: 2.88 | E89: 1.16 | F89: 9.62 | G89: 3.8 | H89: =H82/H94 -> 3.5126754 | J89: S3-S6
B90: PY: diluted EPS (GAAP) | C90: -6.59 | D90: 3.39 | E90: =Inputs!G101 -> -2.09 | F90: -0.45 | G90: =Inputs!G102 -> 2.9 | H90: =C91 -> 2.65 | J90: S3-S6; 4Q25/1Q26 linked to CapIQ history
B91: EPS – diluted (GAAP) | C91: =Inputs!G103 -> 2.65 | D91: =Inputs!G104 -> 2.88 | E91: =Inputs!G105 -> 1.16 | F91: 9.61 | G91: =Inputs!G106 -> 3.79 | H91: =H82/H95 -> 3.5081547 | J91: 2Q26/3Q26/4Q26/1Q27 linked to CapIQ history (Inputs); FY26 per S5
B92: % Y/Y | C92: =IF(AND(ISNUMBER(C91),ISNUMBER(C90)),IF(C90<=0,"n/m",C91/C90-1),"n/a") -> n/m | D92: =IF(AND(ISNUMBER(D91),ISNUMBER(D90)),IF(D90<=0,"n/m",D91/D90-1),"n/a") -> -0.15044248 | E92: =IF(AND(ISNUMBER(E91),ISNUMBER(E90)),IF(E90<=0,"n/m",E91/E90-1),"n/a") -> n/m | F92: =IF(AND(ISNUMBER(F91),ISNUMBER(F90)),IF(F90<=0,"n/m",F91/F90-1),"n/a") -> n/m | G92: =IF(AND(ISNUMBER(G91),ISNUMBER(G90)),IF(G90<=0,"n/m",G91/G90-1),"n/a") -> 0.30689655 | H92: =IF(AND(ISNUMBER(H91),ISNUMBER(H90)),IF(H90<=0,"n/m",H91/H90-1),"n/a") -> 0.32383197
B93: Change Q/Q ($) | C93: n/a | D93: =IF(AND(ISNUMBER(D91),ISNUMBER(C91)),D91-C91,"n/a") -> 0.23 | E93: =IF(AND(ISNUMBER(E91),ISNUMBER(D91)),E91-D91,"n/a") -> -1.72 | F93: n/a | G93: =IF(AND(ISNUMBER(G91),ISNUMBER(E91)),G91-E91,"n/a") -> 2.63 | H93: =IF(AND(ISNUMBER(H91),ISNUMBER(G91)),H91-G91,"n/a") -> -0.28184528
B94: Weighted average shares – basic (M) | C94: ='Share Count'!C12 -> 175.821 | D94: ='Share Count'!D12 -> 174.515 | E94: ='Share Count'!E12 -> 173.465 | F94: ='Share Count'!F12 -> 175.414 | G94: ='Share Count'!G12 -> 172.186 | H94: ='Share Count'!H12 -> 170.72653
B95: Weighted average shares – diluted (M) | C95: ='Share Count'!C19 -> 175.938 | D95: ='Share Count'!D19 -> 174.614 | E95: ='Share Count'!E19 -> 173.679 | F95: ='Share Count'!F19 -> 175.568 | G95: ='Share Count'!G19 -> 172.407 | H95: ='Share Count'!H19 -> 170.94653
B96: Check: EPS = NI / diluted sh. (=0) | C96: =ROUND(C91-C82/C95,2) -> 0 | D96: =ROUND(D91-D82/D95,2) -> 0 | E96: =ROUND(E91-E82/E95,2) -> 0 | F96: =ROUND(F91-F82/F95,2) -> 0 | G96: =ROUND(G91-G82/G95,2) -> 0 | H96: =ROUND(H91-H82/H95,2) -> 0 | J96: 2Q27E column is an identity by construction (H91 = H82/H95), not an independent check
B97: Dividends declared per share | C97: ='Share Count'!C30 -> 1.02 | D97: ='Share Count'!D30 -> 1.02 | E97: ='Share Count'!E30 -> 1.02 | F97: ='Share Count'!F30 -> 4.08 | G97: ='Share Count'!G30 -> 1.03 | H97: ='Share Count'!H30 -> 1.03
B99: Segment operating income (comparable basis)
B100: Beer | C100: ='Segment - Beer'!C107 -> 951.6 | D100: ='Segment - Beer'!D107 -> 763.5 | E100: ='Segment - Beer'!E107 -> 572.5 | F100: ='Segment - Beer'!F107 -> 3161 | G100: ='Segment - Beer'!G107 -> 891.4 | H100: ='Segment - Beer'!H107 -> 928.52741
B101: Wine and Spirits | C101: ='Segment - Wine and Spirits'!C151 -> -19.8 | D101: ='Segment - Wine and Spirits'!D151 -> 33.7 | E101: ='Segment - Wine and Spirits'!E151 -> 2.6 | F101: ='Segment - Wine and Spirits'!F151 -> 10.5 | G101: ='Segment - Wine and Spirits'!G151 -> -1.1 | H101: ='Segment - Wine and Spirits'!H151 -> -6.2231
B102: PY: corporate operations | C102: -58.4 | D102: -62.9 | E102: -64.6 | F102: -244.6 | G102: -57.5 | H102: =C103 -> -45.6 | J102: S3-S6
B103: Corporate operations and other | C103: -45.6 | D103: -58.3 | E103: -66.9 | F103: -228.3 | G103: -56.1 | H103: -57 | J103: S3-S6 (no net sales; modeled here)
B104: % Y/Y | C104: =IF(AND(ISNUMBER(C103),ISNUMBER(C102)),C103/C102-1,"n/a") -> -0.21917808 | D104: =IF(AND(ISNUMBER(D103),ISNUMBER(D102)),D103/D102-1,"n/a") -> -0.073131955 | E104: =IF(AND(ISNUMBER(E103),ISNUMBER(E102)),E103/E102-1,"n/a") -> 0.035603715 | F104: =IF(AND(ISNUMBER(F103),ISNUMBER(F102)),F103/F102-1,"n/a") -> -0.066639411 | G104: =IF(AND(ISNUMBER(G103),ISNUMBER(G102)),G103/G102-1,"n/a") -> -0.024347826 | H104: =IF(AND(ISNUMBER(H103),ISNUMBER(H102)),H103/H102-1,"n/a") -> 0.25
...

Sheet Balance Sheet
B1: Constellation Brands, Inc. (NYSE: STZ)
B2: Balance Sheet
B3: $ millions, except per share
B5: Period | C5: 2Q26A | D5: 3Q26A | E5: 4Q26A | F5: FY26A | G5: 1Q27A | H5: 2Q27E | J5: Notes / sources
B6: Period end | C6: 45900 | D6: 45991 | E6: 46081 | F6: 46081 | G6: 46173 | H6: 46265
B7: Days in period | C7: 92 | D7: 91 | E7: 90 | F7: 365 | G7: 92 | H7: 92
B10: Assets
B11: Cash and cash equivalents | C11: 72 | D11: 152.4 | E11: 102.4 | F11: =E11 -> 102.4 | G11: 96.6 | H11: ='Cash Flow Statement'!H48 -> 100 | J11: S3-S6
B12: Accounts receivable | C12: 667.6 | D12: 708.3 | E12: 658.2 | F12: =E12 -> 658.2 | G12: 726.7 | H12: =G12-'Cash Flow Statement'!H18 -> 686.7 | J12: S3-S6
B13: Inventories | C13: 1439.7 | D13: 1379.2 | E13: 1433.9 | F13: =E13 -> 1433.9 | G13: 1452.6 | H13: =G13-'Cash Flow Statement'!H19 -> 1472.6 | J13: S3-S6
B14: Prepaid expenses and other | C14: 699.6 | D14: 669.2 | E14: 711.8 | F14: =E14 -> 711.8 | G14: 765.1 | H14: =G14-'Cash Flow Statement'!H20 -> 765.1 | J14: S3-S6
B15: Assets held for sale | C15: 0 | D15: 0 | E15: 0 | F15: =E15 -> 0 | G15: 0 | H15: =G15 -> 0 | J15: S3-S6
B16: Total current assets | C16: =SUM(C11:C15) -> 2878.9 | D16: =SUM(D11:D15) -> 2909.1 | E16: =SUM(E11:E15) -> 2906.3 | F16: =SUM(F11:F15) -> 2906.3 | G16: =SUM(G11:G15) -> 3041 | H16: =SUM(H11:H15) -> 3024.4
B17: Property, plant, and equipment, net | C17: 8002.2 | D17: 8211.5 | E17: 8520.9 | F17: =E17 -> 8520.9 | G17: 8510.2 | H17: =G17-'Cash Flow Statement'!H12-'Cash Flow Statement'!H28 -> 8620.2 | J17: S3-S6
B18: Goodwill | C18: 5179.3 | D18: 5190.6 | E18: 5233.9 | F18: =E18 -> 5233.9 | G18: 5248.9 | H18: =G18-'Cash Flow Statement'!H29 -> 5248.9 | J18: S3-S6
B19: Intangible assets | C19: 2533.4 | D19: 2532.7 | E19: 2533 | F19: =E19 -> 2533 | G19: 2536.8 | H19: =G19 -> 2536.8 | J19: S3-S6
B20: Deferred income taxes | C20: 1588.4 | D20: 1569 | E20: 1370.3 | F20: =E20 -> 1370.3 | G20: 1459.2 | H20: =G20-'Cash Flow Statement'!H14 -> 1459.2 | J20: S3-S6
B21: Other assets | C21: 1237.2 | D21: 1270.5 | E21: 1336.1 | F21: =E21 -> 1336.1 | G21: 1312.6 | H21: =G21-'Cash Flow Statement'!H15-'Cash Flow Statement'!H16-'Cash Flow Statement'!H17-'Cash Flow Statement'!H30-'Cash Flow Statement'!H31 -> 1279.6 | J21: S3-S6
B22: Total assets | C22: =C16+SUM(C17:C21) -> 21419.4 | D22: =D16+SUM(D17:D21) -> 21683.4 | E22: =E16+SUM(E17:E21) -> 21900.5 | F22: =F16+SUM(F17:F21) -> 21900.5 | G22: =G16+SUM(G17:G21) -> 22108.7 | H22: =H16+SUM(H17:H21) -> 22169.1
B23: Memo: total assets as reported | C23: 21419.4 | D23: 21683.4 | E23: 21900.5 | F23: =E23 -> 21900.5 | G23: 22108.7 | H23: n/a | J23: S3-S6
B25: Liabilities and equity
B26: Short-term borrowings | C26: 252.5 | D26: 374.7 | E26: 272 | F26: =E26 -> 272 | G26: 336.3 | H26: =G26+'Cash Flow Statement'!H38 -> 178.84146 | J26: S3-S6
B27: Current maturities of long-term debt | C27: 504.1 | D27: 4 | E27: 603.6 | F27: =E27 -> 603.6 | G27: 1102.6 | H27: =G27+'Cash Flow Statement'!H37 -> 1102.6 | J27: S3-S6
B28: Accounts payable | C28: 1023.2 | D28: 976.5 | E28: 960.2 | F28: =E28 -> 960.2 | G28: 1000.1 | H28: =G28+'Cash Flow Statement'!H21 -> 1010.1 | J28: S3-S6
B29: Other accrued expenses | C29: 879.6 | D29: 818 | E29: 854 | F29: =E29 -> 854 | G29: 890 | H29: =G29+'Cash Flow Statement'!H22 -> 870 | J29: S3-S6
B30: Total current liabilities | C30: =SUM(C26:C29) -> 2659.4 | D30: =SUM(D26:D29) -> 2173.2 | E30: =SUM(E26:E29) -> 2689.8 | F30: =SUM(F26:F29) -> 2689.8 | G30: =SUM(G26:G29) -> 3329 | H30: =SUM(H26:H29) -> 3161.5415
B31: Long-term debt | C31: 9788.3 | D31: 10285.1 | E31: 9692.9 | F31: =E31 -> 9692.9 | G31: 9094.9 | H31: =G31+'Cash Flow Statement'!H36 -> 9094.9 | J31: S3-S6
B32: Deferred taxes & other liabilities | C32: 1185.4 | D32: 1224.8 | E32: 1130.9 | F32: =E32 -> 1130.9 | G32: 1135 | H32: =G32+'Cash Flow Statement'!H23 -> 1102 | J32: S3-S6
B33: Total liabilities | C33: =C30+C31+C32 -> 13633.1 | D33: =D30+D31+D32 -> 13683.1 | E33: =E30+E31+E32 -> 13513.6 | F33: =F30+F31+F32 -> 13513.6 | G33: =G30+G31+G32 -> 13558.9 | H33: =H30+H31+H32 -> 13358.441
B34: CBI stockholders’ equity | C34: 7500.4 | D34: 7710.8 | E34: 8082.4 | F34: =E34 -> 8082.4 | G34: 8255.6 | H34: =G34+'Income Statement'!H82+'Cash Flow Statement'!H13+'Cash Flow Statement'!H39+'Cash Flow Statement'!H40+'Cash Flow Statement'!H41+'Cash Flow Statement'!H45 -> 8516.4585 | J34: S3-S6; 2Q27E rollforward is an approximation: CF H41 other financing (historically debt issuance costs, contingent consideration) and CF H45 FX are routed to equity; BS still balances; no EPS effect
B35: Noncontrolling interests | C35: 285.9 | D35: 289.5 | E35: 304.5 | F35: =E35 -> 304.5 | G35: 294.2 | H35: =G35-'Income Statement'!H78+'Cash Flow Statement'!H42 -> 294.2 | J35: S3-S6
B36: Total stockholders’ equity | C36: =C34+C35 -> 7786.3 | D36: =D34+D35 -> 8000.3 | E36: =E34+E35 -> 8386.9 | F36: =F34+F35 -> 8386.9 | G36: =G34+G35 -> 8549.8 | H36: =H34+H35 -> 8810.6585
B37: Total liabilities & equity | C37: =C33+C36 -> 21419.4 | D37: =D33+D36 -> 21683.4 | E37: =E33+E36 -> 21900.5 | F37: =F33+F36 -> 21900.5 | G37: =G33+G36 -> 22108.7 | H37: =H33+H36 -> 22169.1
B38: Check: assets - liab. - equity (=0) | C38: =ROUND(C22-C33-C36,1) -> 0 | D38: =ROUND(D22-D33-D36,1) -> 0 | E38: =ROUND(E22-E33-E36,1) -> 0 | F38: =ROUND(F22-F33-F36,1) -> 0 | G38: =ROUND(G22-G33-G36,1) -> 0 | H38: =ROUND(H22-H33-H36,1) -> 0
B39: Check: assets vs reported (=0) | C39: =ROUND(C22-C23,1) -> 0 | D39: =ROUND(D22-D23,1) -> 0 | E39: =ROUND(E22-E23,1) -> 0 | F39: =ROUND(F22-F23,1) -> 0 | G39: =ROUND(G22-G23,1) -> 0 | H39: n/a
B41: Leverage (memo)
B42: Total debt | C42: =C26+C27+C31 -> 10544.9 | D42: =D26+D27+D31 -> 10663.8 | E42: =E26+E27+E31 -> 10568.5 | F42: =F26+F27+F31 -> 10568.5 | G42: =G26+G27+G31 -> 10533.8 | H42: =H26+H27+H31 -> 10376.341
B43: Change Q/Q (abs.) | C43: n/a | D43: =IF(AND(ISNUMBER(D42),ISNUMBER(C42)),D42-C42,"n/a") -> 118.9 | E43: =IF(AND(ISNUMBER(E42),ISNUMBER(D42)),E42-D42,"n/a") -> -95.3 | F43: n/a | G43: =IF(AND(ISNUMBER(G42),ISNUMBER(E42)),G42-E42,"n/a") -> -34.7 | H43: =IF(AND(ISNUMBER(H42),ISNUMBER(G42)),H42-G42,"n/a") -> -157.45854
B44: Net debt | C44: =C42-C11 -> 10472.9 | D44: =D42-D11 -> 10511.4 | E44: =E42-E11 -> 10466.1 | F44: =F42-F11 -> 10466.1 | G44: =G42-G11 -> 10437.2 | H44: =H42-H11 -> 10276.341
B45: LTM comparable EBITDA | C45: n/a | D45: n/a | E45: ='Income Statement'!F119 -> 3363.2 | F45: ='Income Statement'!F119 -> 3363.2 | G45: ='Income Statement'!C119+'Income Statement'!D119+'Income Statement'!E119+'Income Statement'!G119 -> 3379.9 | H45: ='Income Statement'!D119+'Income Statement'!E119+'Income Statement'!G119+'Income Statement'!H119 -> 3355.9043 | J45: 4Q26A LTM = FY26 (same 12 months ended 28-Feb-26)
B46: Net debt / LTM comparable EBITDA | C46: =IF(AND(ISNUMBER(C44),ISNUMBER(C45)),IF(C45=0,"n/a",C44/C45),"n/a") -> n/a | D46: =IF(AND(ISNUMBER(D44),ISNUMBER(D45)),IF(D45=0,"n/a",D44/D45),"n/a") -> n/a | E46: =IF(AND(ISNUMBER(E44),ISNUMBER(E45)),IF(E45=0,"n/a",E44/E45),"n/a") -> 3.111947 | F46: =IF(AND(ISNUMBER(F44),ISNUMBER(F45)),IF(F45=0,"n/a",F44/F45),"n/a") -> 3.111947 | G46: =IF(AND(ISNUMBER(G44),ISNUMBER(G45)),IF(G45=0,"n/a",G44/G45),"n/a") -> 3.0880204 | H46: =IF(AND(ISNUMBER(H44),ISNUMBER(H45)),IF(H45=0,"n/a",H44/H45),"n/a") -> 3.0621676

Sheet Cash Flow Statement
B1: Constellation Brands, Inc. (NYSE: STZ)
B2: Cash Flow Statement
B3: $ millions, except per share
B5: Period | C5: 2Q26A | D5: 3Q26A | E5: 4Q26A | F5: FY26A | G5: 1Q27A | H5: 2Q27E | J5: Notes / sources
B6: Period end | C6: 45900 | D6: 45991 | E6: 46081 | F6: 46081 | G6: 46173 | H6: 46265
B7: Days in period | C7: 92 | D7: 91 | E7: 90 | F7: 365 | G7: 92 | H7: 92
B10: Operating activities (quarterly; history derived from as-reported YTD statements below)
B11: Net income (loss) | C11: =(C57-C98) -> 486.1 | D11: =(D57-C57) -> 522.2 | E11: =(E57-D57) -> 224.7 | F11: =E57 -> 1756.8 | G11: =G57 -> 671.9 | H11: ='Income Statement'!H76 -> 619.70686
B12: Depreciation and amortization | C12: =(C60-C101) -> 102.7 | D12: =(D60-C60) -> 99 | E12: =(E60-D60) -> 111.8 | F12: =E60 -> 418.7 | G12: =G60 -> 97.6 | H12: ='Segment - Beer'!H117+'Segment - Wine and Spirits'!H164+'Income Statement'!H116 -> 100 | J12: 2Q27E = segment + corporate D&A
B13: Stock-based compensation | C13: =(C61-C102) -> 21.7 | D13: =(D61-C61) -> 15.9 | E13: =(E61-D61) -> 19.7 | F13: =E61 -> 67.7 | G13: =G61 -> 15 | H13: 15
B14: Deferred tax provision | C14: =(C59-C100) -> 243.6 | D14: =(D59-C59) -> 34.1 | E14: =(E59-D59) -> 198.8 | F14: =E59 -> 510.5 | G14: =G59 -> -78.4 | H14: 0
B15: Noncash lease expense | C15: =(C63-C104) -> 31.6 | D15: =(D63-C63) -> 32.1 | E15: =(E63-D63) -> 32.7 | F15: =E63 -> 127.4 | G15: =G63 -> 33.5 | H15: 33
B16: Asset impairment & related | C16: =(C64-C105) -> 0 | D16: =(D64-C64) -> 0 | E16: =(E64-D64) -> 57.7 | F16: =E64 -> 109.8 | G16: =G64 -> 18.3 | H16: =-'Income Statement'!H46 -> 0
B17: Other noncash items | C17: n/a | D17: n/a | E17: n/a | F17: =E58+E62+E65 -> 35.9 | G17: n/a | H17: =-'Income Statement'!H47 -> 0 | J17: Quarterly split n/a: these lines are not presented in every YTD statement (S3 6M, S6 3M), so amounts are included in row 23; FY26 per 12M statement
B18: Change in accounts receivable | C18: =(C66-C107) -> 146.1 | D18: =(D66-C66) -> -41 | E18: =(E66-D66) -> 51.7 | F18: =E66 -> 82.9 | G18: =G66 -> -66.4 | H18: 40
B19: Change in inventories | C19: =(C67-C108) -> -27.5 | D19: =(D67-C67) -> 49.2 | E19: =(E67-D67) -> -49.2 | F19: =E67 -> -48.3 | G19: =G67 -> -34.4 | H19: -20
B20: Change in prepaid & other | C20: =(C68-C109) -> -31 | D20: =(D68-C68) -> 49.8 | E20: =(E68-D68) -> 10.4 | F20: =E68 -> 3.4 | G20: =G68 -> -23.8 | H20: 0
B21: Change in accounts payable | C21: =(C69-C110) -> 16.3 | D21: =(D69-C69) -> -60.9 | E21: =(E69-D69) -> 4.2 | F21: =E69 -> -3.7 | G21: =G69 -> 48 | H21: 10
B22: Change in accrued & contract liab. | C22: =(C70-C111)+(C71-C112) -> -15.1 | D22: =(D70-C70)+(D71-C71) -> -91.7 | E22: =(E70-D70)+(E71-D71) -> -20.4 | F22: =E70+E71 -> -219.5 | G22: =G70+G71 -> -7.2 | H22: -20 | J22: Combined row; 1Q26/1Q27 3M statements do not present contract liabilities, so 2Q26 (C22) assumes any 1Q26 amount sits in other accrued (row 112); 1Q27 = reported other accrued
B23: Other operating items (incl. other noncash in quarters) | C23: =(C72-C113)+(C58-C99)+(C62-C103)+(C65-C106) -> -122.4 | D23: =(D72-C72)+(D58-C58)+(D62-C62)+(D65-C65) -> 8.2 | E23: =(E72-D72)+(E58-D58)+(E62-D62)+(E65-D65) -> -79.3 | F23: =E72 -> -172.6 | G23: =G72+G58+G62+G65 -> -12.3 | H23: -33 | J23: Quarters include row 17 items (unpresented YTD lines); FY26 = 'Other' only. Row 17+23 per quarter is determinable; split is not
B24: Cash from operations (CFO) | C24: =SUM(C11:C23) -> 852.1 | D24: =SUM(D11:D23) -> 616.9 | E24: =SUM(E11:E23) -> 562.8 | F24: =SUM(F11:F23) -> 2669 | G24: =SUM(G11:G23) -> 661.8 | H24: =SUM(H11:H23) -> 744.70686
B25: Check: CFO vs reported (=0) | C25: =ROUND(C24-((C73-C114)),1) -> 0 | D25: =ROUND(D24-((D73-C73)),1) -> 0 | E25: =ROUND(E24-((E73-D73)),1) -> 0 | F25: =ROUND(F24-(E73),1) -> 0 | G25: =ROUND(G24-(G73),1) -> 0 | H25: n/a
B27: Investing activities
B28: Capital expenditures | C28: =(C74-C115) -> -217.3 | D28: =(D74-C74) -> -246 | E28: =(E74-D74) -> -218.9 | F28: =E74 -> -875 | G28: =G74 -> -177.2 | H28: -210
B29: Purchase of business, net | C29: =(C75-C116) -> 0 | D29: =(D75-C75) -> 0 | E29: =(E75-D75) -> 0 | F29: =E75 -> 0 | G29: =G75 -> -15.3 | H29: 0
B30: Sale of business proceeds | C30: =(C78-C119) -> 851.1 | D30: =(D78-C78) -> -0.5 | E30: =(E78-D78) -> -0.1 | F30: =E78 -> 850.5 | G30: =G78 -> 0 | H30: 0
B31: Other investing, net | C31: =(C76-C117)+(C77-C118)+(C79-C120) -> 27.1 | D31: =(D76-C76)+(D77-C77)+(D79-C79) -> 11.8 | E31: =(E76-D76)+(E77-D77)+(E79-D79) -> 5.4 | F31: =E76+E77+E79 -> 41 | G31: =G76+G77+G79 -> -0.7 | H31: 0
B32: Cash from investing (CFI) | C32: =SUM(C28:C31) -> 660.9 | D32: =SUM(D28:D31) -> -234.7 | E32: =SUM(E28:E31) -> -213.6 | F32: =SUM(F28:F31) -> 16.5 | G32: =SUM(G28:G31) -> -193.2 | H32: =SUM(H28:H31) -> -210
B33: Check: CFI vs reported (=0) | C33: =ROUND(C32-((C80-C121)),1) -> 0 | D33: =ROUND(D32-((D80-C80)),1) -> 0 | E33: =ROUND(E32-((E80-D80)),1) -> 0 | F33: =ROUND(F32-(E80),1) -> 0 | G33: =ROUND(G32-(G80),1) -> 0 | H33: n/a
B35: Financing activities
B36: Long-term debt issued | C36: =(C81-C122) -> 0 | D36: =(D81-C81) -> 498.6 | E36: =(E81-D81) -> 0 | F36: =E81 -> 997.7 | G36: =G81 -> 499.7 | H36: 0
B37: Long-term debt repaid | C37: =(C82-C123) -> -901.1 | D37: =(D82-C82) -> -501.2 | E37: =(E82-D82) -> -1.1 | F37: =E82 -> -1404.4 | G37: =G82 -> -601.1 | H37: 0
B38: Short-term borrowings, net | C38: =(C83-C124) -> -125 | D38: =(D83-C83) -> 122.2 | E38: =(E83-D83) -> -102.8 | F38: =E83 -> -534.8 | G38: =G83 -> 64.4 | H38: =H51-H47-(H24+H32+H36+H37+H39+H40+H41+H42+H45) -> -157.45854 | J38: 2Q27E = plug to target ending cash (H51); residual assumption, so the H50 cash check is an identity
B39: Dividends paid | C39: =(C84-C125) -> -178.9 | D39: =(D84-C84) -> -177.7 | E39: =(E84-D84) -> -176.9 | F39: =E84 -> -715.7 | G39: =G84 -> -178.7 | H39: =-'Share Count'!H30*'Share Count'!H12 -> -175.84832
B40: Purchase of treasury stock | C40: =(C85-C126) -> -297.9 | D40: =(D85-C85) -> -220.1 | E40: =(E85-D85) -> -100 | F40: =E85 -> -924.1 | G40: =G85 -> -223.8 | H40: =-'Share Count'!H26 -> -175
B41: Other financing, net | C41: =(C86-C127)+(C87-C128)+(C88-C129)+(C90-C131) -> -2.6 | D41: =(D86-C86)+(D87-C87)+(D88-C88)+(D90-C90) -> -3.4 | E41: =(E86-D86)+(E87-D87)+(E88-D88)+(E90-D90) -> 4.5 | F41: =E86+E87+E88+E90 -> -12.2 | G41: =G86+G87+G88+G90 -> -9.5 | H41: -3
B42: Distributions to NCI | C42: =(C89-C130) -> -10 | D42: =(D89-C89) -> -20 | E42: =(E89-D89) -> -25 | F42: =E89 -> -62.5 | G42: =G89 -> -25 | H42: -20
B43: Cash from financing (CFF) | C43: =SUM(C36:C42) -> -1515.5 | D43: =SUM(D36:D42) -> -301.6 | E43: =SUM(E36:E42) -> -401.3 | F43: =SUM(F36:F42) -> -2656 | G43: =SUM(G36:G42) -> -474 | H43: =SUM(H36:H42) -> -531.30686
B44: Check: CFF vs reported (=0) | C44: =ROUND(C43-((C91-C132)),1) -> 0 | D44: =ROUND(D43-((D91-C91)),1) -> 0 | E44: =ROUND(E43-((E91-D91)),1) -> 0 | F44: =ROUND(F43-(E91),1) -> 0 | G44: =ROUND(G43-(G91),1) -> 0 | H44: n/a
B45: FX effect on cash | C45: =(C92-C133) -> 0.6 | D45: =(D92-C92) -> -0.2 | E45: =(E92-D92) -> 2.1 | F45: =E92 -> 4.8 | G45: =G92 -> -0.4 | H45: 0
B46: Net change in cash | C46: =C24+C32+C43+C45 -> -1.9 | D46: =D24+D32+D43+D45 -> 80.4 | E46: =E24+E32+E43+E45 -> -50 | F46: =F24+F32+F43+F45 -> 34.3 | G46: =G24+G32+G43+G45 -> -5.8 | H46: =H24+H32+H43+H45 -> 3.4
B47: Cash, beginning of period | C47: =C136 -> 73.9 | D47: ='Balance Sheet'!C11 -> 72 | E47: ='Balance Sheet'!D11 -> 152.4 | F47: =E94 -> 68.1 | G47: ='Balance Sheet'!E11 -> 102.4 | H47: ='Balance Sheet'!G11 -> 96.6
B48: Cash, end of period | C48: =C47+C46 -> 72 | D48: =D47+D46 -> 152.4 | E48: =E47+E46 -> 102.4 | F48: =F47+F46 -> 102.4 | G48: =G47+G46 -> 96.6 | H48: =H47+H46 -> 100
B49: Cash per Balance Sheet | C49: ='Balance Sheet'!C11 -> 72 | D49: ='Balance Sheet'!D11 -> 152.4 | E49: ='Balance Sheet'!E11 -> 102.4 | F49: ='Balance Sheet'!F11 -> 102.4 | G49: ='Balance Sheet'!G11 -> 96.6 | H49: ='Balance Sheet'!H11 -> 100
B50: Check: cash ties to BS (=0) | C50: =ROUND(C48-C49,1) -> 0 | D50: =ROUND(D48-D49,1) -> 0 | E50: =ROUND(E48-E49,1) -> 0 | F50: =ROUND(F48-F49,1) -> 0 | G50: =ROUND(G48-G49,1) -> 0 | H50: =ROUND(H48-H49,1) -> 0
B51: Target ending cash (assumption) | C51: n/a | D51: n/a | E51: n/a | F51: n/a | G51: n/a | H51: 100
B52: Free cash flow (CFO less capex) | C52: =C24+C28 -> 634.8 | D52: =D24+D28 -> 370.9 | E52: =E24+E28 -> 343.9 | F52: =F24+F28 -> 1794 | G52: =G24+G28 -> 484.6 | H52: =H24+H28 -> 534.70686
B53: Change Q/Q (abs.) | C53: n/a | D53: =IF(AND(ISNUMBER(D52),ISNUMBER(C52)),D52-C52,"n/a") -> -263.9 | E53: =IF(AND(ISNUMBER(E52),ISNUMBER(D52)),E52-D52,"n/a") -> -27 | F53: n/a | G53: =IF(AND(ISNUMBER(G52),ISNUMBER(E52)),G52-E52,"n/a") -> 140.7 | H53: =IF(AND(ISNUMBER(H52),ISNUMBER(G52)),H52-G52,"n/a") -> 50.106858
B54: Check: CF NI = IS NI (=0) | C54: =ROUND(C11-'Income Statement'!C76,1) -> 0 | D54: =ROUND(D11-'Income Statement'!D76,1) -> 0 | E54: =ROUND(E11-'Income Statement'!E76,1) -> 0 | F54: =ROUND(F11-'Income Statement'!F76,1) -> 0 | G54: =ROUND(G11-'Income Statement'!G76,1) -> 0 | H54: =ROUND(H11-'Income Statement'!H76,1) -> 0
B56: As-reported year-to-date cash flows (inputs): 2Q26A col = 6M Aug-25; 3Q26A = 9M Nov-25; 4Q26A = 12M Feb-26; 1Q27A = 3M May-26
B57: Net income (loss) | C57: 1009.9 | D57: 1532.1 | E57: 1756.8 | G57: 671.9 | J57: S3 (6M), S4 (9M), S5 (12M), S6 (3M)
B58: Unrealized (gain) loss, securities | E58: 5 | J58: S3 (6M), S4 (9M), S5 (12M), S6 (3M)
B59: Deferred tax provision | C59: 277.6 | D59: 311.7 | E59: 510.5 | G59: -78.4 | J59: S3 (6M), S4 (9M), S5 (12M), S6 (3M)
B60: Depreciation | C60: 207.9 | D60: 306.9 | E60: 418.7 | G60: 97.6 | J60: S3 (6M), S4 (9M), S5 (12M), S6 (3M)
B61: Stock-based compensation | C61: 32.1 | D61: 48 | E61: 67.7 | G61: 15 | J61: S3 (6M), S4 (9M), S5 (12M), S6 (3M)
B62: Equity-method (earnings), net | D62: -21.2 | E62: -1 | J62: S3 (6M), S4 (9M), S5 (12M), S6 (3M)
B63: Noncash lease expense | C63: 62.6 | D63: 94.7 | E63: 127.4 | G63: 33.5 | J63: S3 (6M), S4 (9M), S5 (12M), S6 (3M)
B64: Asset impairment & related | C64: 52.1 | D64: 52.1 | E64: 109.8 | G64: 18.3 | J64: S3 (6M), S4 (9M), S5 (12M), S6 (3M)
B65: (Gain) loss on sale of business | D65: 31.9 | E65: 31.9 | J65: S3 (6M), S4 (9M), S5 (12M), S6 (3M)
B66: Accounts receivable | C66: 72.2 | D66: 31.2 | E66: 82.9 | G66: -66.4 | J66: S3 (6M), S4 (9M), S5 (12M), S6 (3M)
B67: Inventories | C67: -48.3 | D67: 0.9 | E67: -48.3 | G67: -34.4 | J67: S3 (6M), S4 (9M), S5 (12M), S6 (3M)
B68: Prepaid and other current assets | C68: -56.8 | D68: -7 | E68: 3.4 | G68: -23.8 | J68: S3 (6M), S4 (9M), S5 (12M), S6 (3M)
B69: Accounts payable | C69: 53 | D69: -7.9 | E69: -3.7 | G69: 48 | J69: S3 (6M), S4 (9M), S5 (12M), S6 (3M)
B70: Contract liabilities | C70: -50.4 | D70: -66.6 | E70: -71.5 | J70: S3 (6M), S4 (9M), S5 (12M), S6 (3M)
B71: Other accrued expenses | C71: -57 | D71: -132.5 | E71: -148 | G71: -7.2 | J71: S3 (6M), S4 (9M), S5 (12M), S6 (3M)
B72: Other | C72: -65.6 | D72: -68.1 | E72: -172.6 | G72: -12.3 | J72: S3 (6M), S4 (9M), S5 (12M), S6 (3M)
B73: Cash from operations (CFO) | C73: 1489.3 | D73: 2106.2 | E73: 2669 | G73: 661.8 | J73: S3 (6M), S4 (9M), S5 (12M), S6 (3M)
B74: Capital expenditures | C74: -410.1 | D74: -656.1 | E74: -875 | G74: -177.2 | J74: S3 (6M), S4 (9M), S5 (12M), S6 (3M)
B75: Purchase of business, net | G75: -15.3 | J75: S3 (6M), S4 (9M), S5 (12M), S6 (3M)
B76: Equity-method investments | C76: -7 | D76: -7 | E76: -18 | J76: S3 (6M), S4 (9M), S5 (12M), S6 (3M)
B77: Proceeds from sale of assets | C77: 30.8 | D77: 42.6 | E77: 59 | J77: S3 (6M), S4 (9M), S5 (12M), S6 (3M)
B78: Sale of business proceeds | C78: 851.1 | D78: 850.6 | E78: 850.5 | J78: S3 (6M), S4 (9M), S5 (12M), S6 (3M)
B79: Other investing activities | G79: -0.7 | J79: S3 (6M), S4 (9M), S5 (12M), S6 (3M)
B80: Cash from investing (CFI) | C80: 464.8 | D80: 230.1 | E80: 16.5 | G80: -193.2 | J80: S3 (6M), S4 (9M), S5 (12M), S6 (3M)
B81: Long-term debt issued | C81: 499.1 | D81: 997.7 | E81: 997.7 | G81: 499.7 | J81: S3 (6M), S4 (9M), S5 (12M), S6 (3M)
B82: Long-term debt repaid | C82: -902.1 | D82: -1403.3 | E82: -1404.4 | G82: -601.1 | J82: S3 (6M), S4 (9M), S5 (12M), S6 (3M)
B83: Short-term borrowings, net | C83: -554.2 | D83: -432 | E83: -534.8 | G83: 64.4 | J83: S3 (6M), S4 (9M), S5 (12M), S6 (3M)
B84: Dividends paid | C84: -361.1 | D84: -538.8 | E84: -715.7 | G84: -178.7 | J84: S3 (6M), S4 (9M), S5 (12M), S6 (3M)
B85: Purchase of treasury stock | C85: -604 | D85: -824.1 | E85: -924.1 | G85: -223.8 | J85: S3 (6M), S4 (9M), S5 (12M), S6 (3M)
B86: Equity-plan share proceeds | C86: 3.1 | D86: 3.1 | E86: 7.7 | G86: 3.9 | J86: S3 (6M), S4 (9M), S5 (12M), S6 (3M)
B87: Tax withholdings, stock awards | C87: -9.5 | D87: -9.4 | E87: -9.4 | G87: -10.2 | J87: S3 (6M), S4 (9M), S5 (12M), S6 (3M)
B88: Debt issuance / extinguishment costs | C88: -5.4 | D88: -8.9 | E88: -9 | G88: -2.9 | J88: S3 (6M), S4 (9M), S5 (12M), S6 (3M)
B89: Distributions to NCI | C89: -17.5 | D89: -37.5 | E89: -62.5 | G89: -25 | J89: S3 (6M), S4 (9M), S5 (12M), S6 (3M)
B90: Contingent consideration paid | C90: -1.5 | D90: -1.5 | E90: -1.5 | G90: -0.3 | J90: S3 (6M), S4 (9M), S5 (12M), S6 (3M)
B91: Cash from financing (CFF) | C91: -1953.1 | D91: -2254.7 | E91: -2656 | G91: -474 | J91: S3 (6M), S4 (9M), S5 (12M), S6 (3M)
... B95: Cash, end of period | C95: 72 | D95: 152.4 | E95: 102.4 | G95: 96.6 | J95: S3 (6M), S4 (9M), S5 (12M), S6 (3M)
B97: Memo: 3M ended May 31, 2025 (1Q26A; from 1Q27 release comparative columns) — in 2Q26A column
B98: Net income (loss) (1Q26) | C98: 523.8 | J98: S6 comparative column
B99: Unrealized loss, securities (1Q26) | J99: S6 comparative column
B100: Deferred tax provision (1Q26) | C100: 34 | J100: S6 comparative column
B101: Depreciation (1Q26) | C101: 105.2 | J101: S6 comparative column
B102: Stock-based compensation (1Q26) | C102: 10.4 | J102: S6 comparative column
B103: Equity-method (earnings), net (1Q26) | J103: S6 comparative column
B104: Noncash lease expense (1Q26) | C104: 31 | J104: S6 comparative column
B105: Asset impairment & related (1Q26) | C105: 52.1 | J105: S6 comparative column
B106: (Gain) loss on sale of business (1Q26) | J106: S6 comparative column
B107: Accounts receivable (1Q26) | C107: -73.9 | J107: S6 comparative column
B108: Inventories (1Q26) | C108: -20.8 | J108: S6 comparative column
B109: Prepaid and other current assets (1Q26) | C109: -25.8 | J109: S6 comparative column
B110: Accounts payable (1Q26) | C110: 36.7 | J110: S6 comparative column
...

Sheet Share Count
B1: Constellation Brands, Inc. (NYSE: STZ)
B2: Share Count
B3: $ millions, except per share
B5: Period | C5: 2Q26A | D5: 3Q26A | E5: 4Q26A | F5: FY26A | G5: 1Q27A | H5: 2Q27E | J5: Notes / sources
B6: Period end | C6: 45900 | D6: 45991 | E6: 46081 | F6: 46081 | G6: 46173 | H6: 46265
B7: Days in period | C7: 92 | D7: 91 | E7: 90 | F7: 365 | G7: 92 | H7: 92
B10: Weighted average shares (M)
B11: PY: basic shares | C11: 181.947 | D11: 181.243 | E11: 179.913 | F11: 181.476 | G11: 177.801 | H11: =C12 -> 175.821 | J11: S3-S6
B12: Weighted average shares – basic | C12: 175.821 | D12: 174.515 | E12: 173.465 | F12: 175.414 | G12: 172.186 | H12: =H42-H37*H43-H40*H44+H45 -> 170.72653 | J12: S3-S6; 2Q27E build below
B13: % Y/Y | C13: =IF(AND(ISNUMBER(C12),ISNUMBER(C11)),IF(C11<=0,"n/m",C12/C11-1),"n/a") -> -0.033669145 | D13: =IF(AND(ISNUMBER(D12),ISNUMBER(D11)),IF(D11<=0,"n/m",D12/D11-1),"n/a") -> -0.037121434 | E13: =IF(AND(ISNUMBER(E12),ISNUMBER(E11)),IF(E11<=0,"n/m",E12/E11-1),"n/a") -> -0.035839545 | F13: =IF(AND(ISNUMBER(F12),ISNUMBER(F11)),IF(F11<=0,"n/m",F12/F11-1),"n/a") -> -0.033403866 | G13: =IF(AND(ISNUMBER(G12),ISNUMBER(G11)),IF(G11<=0,"n/m",G12/G11-1),"n/a") -> -0.03158025 | H13: =IF(AND(ISNUMBER(H12),ISNUMBER(H11)),IF(H11<=0,"n/m",H12/H11-1),"n/a") -> -0.028975349
B14: Change Q/Q (M) | C14: n/a | D14: =IF(AND(ISNUMBER(D12),ISNUMBER(C12)),D12-C12,"n/a") -> -1.306 | E14: =IF(AND(ISNUMBER(E12),ISNUMBER(D12)),E12-D12,"n/a") -> -1.05 | F14: n/a | G14: =IF(AND(ISNUMBER(G12),ISNUMBER(E12)),G12-E12,"n/a") -> -1.279 | H14: =IF(AND(ISNUMBER(H12),ISNUMBER(G12)),H12-G12,"n/a") -> -1.4594749
B15: Dilutive securities | C15: =C19-C12 -> 0.117 | D15: =D19-D12 -> 0.099 | E15: =E19-E12 -> 0.214 | F15: =F19-F12 -> 0.154 | G15: =G19-G12 -> 0.221 | H15: 0.22
B16: Change Y/Y (M) | C16: =IF(AND(ISNUMBER(C15),ISNUMBER(C18)),C15-(C18-C11),"n/a") -> 0.117 | D16: =IF(AND(ISNUMBER(D15),ISNUMBER(D18)),D15-(D18-D11),"n/a") -> -0.411 | E16: =IF(AND(ISNUMBER(E15),ISNUMBER(E18)),E15-(E18-E11),"n/a") -> 0.214 | F16: =IF(AND(ISNUMBER(F15),ISNUMBER(F18)),F15-(F18-F11),"n/a") -> 0.154 | G16: =IF(AND(ISNUMBER(G15),ISNUMBER(G18)),G15-(G18-G11),"n/a") -> 0.031 | H16: =IF(AND(ISNUMBER(H15),ISNUMBER(H18)),H15-(H18-H11),"n/a") -> 0.103
B17: Change Q/Q (M) | C17: n/a | D17: =IF(AND(ISNUMBER(D15),ISNUMBER(C15)),D15-C15,"n/a") -> -0.018 | E17: =IF(AND(ISNUMBER(E15),ISNUMBER(D15)),E15-D15,"n/a") -> 0.115 | F17: n/a | G17: =IF(AND(ISNUMBER(G15),ISNUMBER(E15)),G15-E15,"n/a") -> 0.007 | H17: =IF(AND(ISNUMBER(H15),ISNUMBER(G15)),H15-G15,"n/a") -> -0.001
B18: PY: diluted shares | C18: 181.947 | D18: 181.753 | E18: 179.913 | F18: 181.476 | G18: 177.991 | H18: =C19 -> 175.938 | J18: S3-S6
B19: Weighted average shares – diluted | C19: 175.938 | D19: 174.614 | E19: 173.679 | F19: 175.568 | G19: 172.407 | H19: =H12+H15 -> 170.94653 | J19: S3-S6
B20: % Y/Y | C20: =IF(AND(ISNUMBER(C19),ISNUMBER(C18)),IF(C18<=0,"n/m",C19/C18-1),"n/a") -> -0.033026101 | D20: =IF(AND(ISNUMBER(D19),ISNUMBER(D18)),IF(D18<=0,"n/m",D19/D18-1),"n/a") -> -0.039278581 | E20: =IF(AND(ISNUMBER(E19),ISNUMBER(E18)),IF(E18<=0,"n/m",E19/E18-1),"n/a") -> -0.034650081 | F20: =IF(AND(ISNUMBER(F19),ISNUMBER(F18)),IF(F18<=0,"n/m",F19/F18-1),"n/a") -> -0.032555269 | G20: =IF(AND(ISNUMBER(G19),ISNUMBER(G18)),IF(G18<=0,"n/m",G19/G18-1),"n/a") -> -0.031372373 | H20: =IF(AND(ISNUMBER(H19),ISNUMBER(H18)),IF(H18<=0,"n/m",H19/H18-1),"n/a") -> -0.028370647
B21: Change Q/Q (M) | C21: n/a | D21: =IF(AND(ISNUMBER(D19),ISNUMBER(C19)),D19-C19,"n/a") -> -1.324 | E21: =IF(AND(ISNUMBER(E19),ISNUMBER(D19)),E19-D19,"n/a") -> -0.935 | F21: n/a | G21: =IF(AND(ISNUMBER(G19),ISNUMBER(E19)),G19-E19,"n/a") -> -1.272 | H21: =IF(AND(ISNUMBER(H19),ISNUMBER(G19)),H19-G19,"n/a") -> -1.4604749
B23: Repurchases and dividends
B24: Memo: 1Q26 shares repurchased | F24: 1.634718 | J24: S7, S8 equity statements
B25: Shares repurchased (M) | C25: 1.740884 | D25: 1.629681 | E25: 0.646824 | F25: =F24+C25+D25+E25 -> 5.652107 | G25: 1.465295 | H25: =H37+H40 -> 1.2913101 | J25: S7, S8, S9 (Item 5), S10
B26: Share repurchases ($M) | C26: =-'Cash Flow Statement'!C40 -> 297.9 | D26: =-'Cash Flow Statement'!D40 -> 220.1 | E26: =-'Cash Flow Statement'!E40 -> 100 | F26: =-'Cash Flow Statement'!F40 -> 924.1 | G26: =-'Cash Flow Statement'!G40 -> 223.8 | H26: =H36+H38 -> 175 | J26: Cash flow statement
B27: % Y/Y | C27: n/a | D27: n/a | E27: n/a | F27: n/a | G27: n/a | H27: =IF(AND(ISNUMBER(H26),ISNUMBER(C26)),H26/C26-1,"n/a") -> -0.41255455
B28: Change Q/Q ($M) | C28: n/a | D28: =IF(AND(ISNUMBER(D26),ISNUMBER(C26)),D26-C26,"n/a") -> -77.8 | E28: =IF(AND(ISNUMBER(E26),ISNUMBER(D26)),E26-D26,"n/a") -> -120.1 | F28: n/a | G28: =IF(AND(ISNUMBER(G26),ISNUMBER(E26)),G26-E26,"n/a") -> 123.8 | H28: =IF(AND(ISNUMBER(H26),ISNUMBER(G26)),H26-G26,"n/a") -> -48.8
B29: Average repurchase price ($/share) | C29: =IF(AND(ISNUMBER(C26),ISNUMBER(C25)),IF(C25=0,"n/a",C26/C25),"n/a") -> 171.11996 | D29: =IF(AND(ISNUMBER(D26),ISNUMBER(D25)),IF(D25=0,"n/a",D26/D25),"n/a") -> 135.05711 | E29: =IF(AND(ISNUMBER(E26),ISNUMBER(E25)),IF(E25=0,"n/a",E26/E25),"n/a") -> 154.60156 | F29: =IF(AND(ISNUMBER(F26),ISNUMBER(F25)),IF(F25=0,"n/a",F26/F25),"n/a") -> 163.49655 | G29: =IF(AND(ISNUMBER(G26),ISNUMBER(G25)),IF(G25=0,"n/a",G26/G25),"n/a") -> 152.73375 | H29: =IF(AND(ISNUMBER(H26),ISNUMBER(H25)),IF(H25=0,"n/a",H26/H25),"n/a") -> 135.52128
B30: Dividends declared per share ($) | C30: 1.02 | D30: 1.02 | E30: 1.02 | F30: 4.08 | G30: 1.03 | H30: 1.03 | J30: S3-S6; $1.03 declared 6/30/26, paid 8/13/26 (S6)
B31: Dividends paid ($M) | C31: =-'Cash Flow Statement'!C39 -> 178.9 | D31: =-'Cash Flow Statement'!D39 -> 177.7 | E31: =-'Cash Flow Statement'!E39 -> 176.9 | F31: =-'Cash Flow Statement'!F39 -> 715.7 | G31: =-'Cash Flow Statement'!G39 -> 178.7 | H31: =-'Cash Flow Statement'!H39 -> 175.84832
B33: 2Q27E share-count build
B34: Cum. buybacks at 6/26/26 ($M) | H34: 1247.9 | J34: S10 (10-Q, Share Repurchase Program)
B35: Cum. shares bought at 6/26/26 | H35: 7.831789 | J35: S10
B36: June 1-26 buybacks ($M) | H36: =H34-F26-G26 -> 100 | J36: Derived value equals S10 direct disclosure: 'Subsequent to May 31, 2026, we repurchased 714,387 shares ... pursuant to the 2025 Authorization at an aggregate cost of $100.0 million'
B37: June 1-26 shares bought (M) | H37: =H35-F25-G25 -> 0.714387
B38: Jul-Aug buybacks ($M) | H38: 75
B39: Jul-Aug avg. price ($) | H39: 130 | J39: Assumption: STZ closed at $130.62 on Aug 31, 2026 (TradingKey, published 2026-10-03, read from 10-04 search extract); Jul-Aug average price not disclosed
B40: Jul-Aug shares bought (M) | H40: =H38/H39 -> 0.57692308
B41: Shares outstanding 6/26/26 (M) | H41: =G48 -> 170.77843 | J41: S10 cover: 170,752,511 Class A + 25,923 Class 1
B42: Implied shares out. 5/31/26 (M) | H42: =H41+H37 -> 171.49282
B43: Weighting: June buybacks | H43: 0.86 | J43: Assumption: mid-June execution, 79/92 days remaining
B44: Weighting: Jul-Aug buybacks | H44: 0.35 | J44: Assumption
B45: Equity-plan issuance (M) | H45: 0.05
B47: Shares outstanding per filing cover (after period end)
B48: Shares outstanding, cover (M) | C48: 175.0405 | D48: 173.41082 | E48: 172.19847 | F48: =E48 -> 172.19847 | G48: 170.77843 | H48: n/a | J48: Covers dated 9/30/25 (S7), 12/31/25 (S8), 4/17/26 (S9), 6/26/26 (S10)
B49: Shares for 2Q27E EPS (M) | C49: n/a | D49: n/a | E49: n/a | F49: n/a | G49: n/a | H49: =H19 -> 170.94653
B50: Share-check tolerance (+/-) | C50: n/a | D50: n/a | E50: n/a | F50: n/a | G50: n/a | H50: 0.03
B51: Check: dil. shares vs 1Q27A (=0) | C51: n/a | D51: n/a | E51: n/a | F51: n/a | G51: n/a | H51: =IF(ABS(H19/G19-1)<=H50,0,1) -> 0 | J51: Reasonableness test (within +/-3% of 1Q27A), not a reconciliation

Sheet Guidance
B1: Constellation Brands, Inc. (NYSE: STZ)
B2: Guidance
B3: $ millions, except per share
B9: Metric | C9: Date given | D9: Period | E9: Low | F9: High | G9: Midpoint | H9: Actual | I9: Beat / miss | J9: Source
B10: Comparable EPS ($) | C10: 2025-04-09 | D10: FY26 | E10: 12.6 | F10: 12.9 | G10: =IF(AND(ISNUMBER(E10),ISNUMBER(F10)),AVERAGE(E10,F10),E10) -> 12.75 | H10: ='Income Statement'!F159 -> 11.82 | I10: =IF(ISNUMBER(H10),IF(H10>MAX(E10:F10)+1E-9,"Beat (above range)",IF(H10<E10-1E-9,"Miss (below range)","In range")),"Pending") -> Miss (below range) | J10: S12
B11: Reported EPS ($) | C11: 2025-04-09 | D11: FY26 | E11: 12.33 | F11: 12.63 | G11: =IF(AND(ISNUMBER(E11),ISNUMBER(F11)),AVERAGE(E11,F11),E11) -> 12.48 | H11: ='Income Statement'!F91 -> 9.61 | I11: =IF(ISNUMBER(H11),IF(H11>MAX(E11:F11)+1E-9,"Beat (above range)",IF(H11<E11-1E-9,"Miss (below range)","In range")),"Pending") -> Miss (below range) | J11: S12
B12: Beer net sales growth | C12: 2025-04-09 | D12: FY26 | E12: 0 | F12: 0.03 | G12: =IF(AND(ISNUMBER(E12),ISNUMBER(F12)),AVERAGE(E12,F12),E12) -> 0.015 | H12: ='Segment - Beer'!F66 -> -0.026300382 | I12: =IF(ISNUMBER(H12),IF(H12>MAX(E12:F12)+1E-9,"Beat (above range)",IF(H12<E12-1E-9,"Miss (below range)","In range")),"Pending") -> Miss (below range) | J12: S12
B13: Enterprise organic net sales growth | C13: 2025-04-09 | D13: FY26 | E13: -0.02 | F13: 0.01 | G13: =IF(AND(ISNUMBER(E13),ISNUMBER(F13)),AVERAGE(E13,F13),E13) -> -0.005 | H13: ='Revenue summary'!F46 -> -0.037746775 | I13: =IF(ISNUMBER(H13),IF(H13>MAX(E13:F13)+1E-9,"Beat (above range)",IF(H13<E13-1E-9,"Miss (below range)","In range")),"Pending") -> Miss (below range) | J13: S12
B14: Reported EPS ($; July outlook) | C14: 2025-07-01 | D14: FY26 | E14: 12.07 | F14: 12.37 | G14: =IF(AND(ISNUMBER(E14),ISNUMBER(F14)),AVERAGE(E14,F14),E14) -> 12.22 | H14: ='Income Statement'!F91 -> 9.61 | I14: =IF(ISNUMBER(H14),IF(H14>MAX(E14:F14)+1E-9,"Beat (above range)",IF(H14<E14-1E-9,"Miss (below range)","In range")),"Pending") -> Miss (below range) | J14: S11
B15: Comparable EPS ($) | C15: 2025-09-02 | D15: FY26 | E15: 11.3 | F15: 11.6 | G15: =IF(AND(ISNUMBER(E15),ISNUMBER(F15)),AVERAGE(E15,F15),E15) -> 11.45 | H15: ='Income Statement'!F159 -> 11.82 | I15: =IF(ISNUMBER(H15),IF(H15>MAX(E15:F15)+1E-9,"Beat (above range)",IF(H15<E15-1E-9,"Miss (below range)","In range")),"Pending") -> Beat (above range) | J15: S11
B16: Reported EPS ($) | C16: 2025-09-02 | D16: FY26 | E16: 10.77 | F16: 11.07 | G16: =IF(AND(ISNUMBER(E16),ISNUMBER(F16)),AVERAGE(E16,F16),E16) -> 10.92 | H16: ='Income Statement'!F91 -> 9.61 | I16: =IF(ISNUMBER(H16),IF(H16>MAX(E16:F16)+1E-9,"Beat (above range)",IF(H16<E16-1E-9,"Miss (below range)","In range")),"Pending") -> Miss (below range) | J16: S11
B17: Beer net sales growth | C17: 2025-09-02 | D17: FY26 | E17: -0.04 | F17: -0.02 | G17: =IF(AND(ISNUMBER(E17),ISNUMBER(F17)),AVERAGE(E17,F17),E17) -> -0.03 | H17: ='Segment - Beer'!F66 -> -0.026300382 | I17: =IF(ISNUMBER(H17),IF(H17>MAX(E17:F17)+1E-9,"Beat (above range)",IF(H17<E17-1E-9,"Miss (below range)","In range")),"Pending") -> In range | J17: S11
B18: Enterprise organic net sales growth | C18: 2025-09-02 | D18: FY26 | E18: -0.06 | F18: -0.04 | G18: =IF(AND(ISNUMBER(E18),ISNUMBER(F18)),AVERAGE(E18,F18),E18) -> -0.05 | H18: ='Revenue summary'!F46 -> -0.037746775 | I18: =IF(ISNUMBER(H18),IF(H18>MAX(E18:F18)+1E-9,"Beat (above range)",IF(H18<E18-1E-9,"Miss (below range)","In range")),"Pending") -> Beat (above range) | J18: S11
B19: Beer operating income growth | C19: 2025-09-02 | D19: FY26 | E19: -0.09 | F19: -0.07 | G19: =IF(AND(ISNUMBER(E19),ISNUMBER(F19)),AVERAGE(E19,F19),E19) -> -0.08 | H19: ='Segment - Beer'!F108 -> -0.068760311 | I19: =IF(ISNUMBER(H19),IF(H19>MAX(E19:F19)+1E-9,"Beat (above range)",IF(H19<E19-1E-9,"Miss (below range)","In range")),"Pending") -> Beat (above range) | J19: S11
B20: Corporate expense ($M) | C20: 2025-09-02 | D20: FY26 | E20: 225 | F20: 225 | G20: =IF(AND(ISNUMBER(E20),ISNUMBER(F20)),AVERAGE(E20,F20),E20) -> 225 | H20: =-'Income Statement'!F103 -> 228.3 | I20: =IF(ISNUMBER(H20),IF(H20<E20-1E-9,"Beat (below guide)",IF(H20>MAX(E20:F20)+1E-9,"Miss (above guide)","In line")),"Pending") -> Miss (above guide) | J20: S11
B21: Comparable tax rate | C21: 2025-09-02 | D21: FY26 | E21: 0.19 | F21: 0.19 | G21: =IF(AND(ISNUMBER(E21),ISNUMBER(F21)),AVERAGE(E21,F21),E21) -> 0.19 | H21: ='Income Statement'!F183 -> 0.17861929 | I21: =IF(ISNUMBER(H21),IF(H21<E21-1E-9,"Beat (below guide)",IF(H21>MAX(E21:F21)+1E-9,"Miss (above guide)","In line")),"Pending") -> Beat (below guide) | J21: S11
B22: Interest expense, net ($M; comparable) | C22: 2025-09-02 | D22: FY26 | E22: 370 | F22: 370 | G22: =IF(AND(ISNUMBER(E22),ISNUMBER(F22)),AVERAGE(E22,F22),E22) -> 370 | H22: =-'Income Statement'!F172 -> 350.6 | I22: =IF(ISNUMBER(H22),IF(H22<E22-1E-9,"Beat (below guide)",IF(H22>MAX(E22:F22)+1E-9,"Miss (above guide)","In line")),"Pending") -> Beat (below guide) | J22: S11
B23: Beer shipments less depletions (pts) | C23: 2025-09-02 | D23: 2Q26 | E23: -0.07 | F23: -0.06 | G23: =IF(AND(ISNUMBER(E23),ISNUMBER(F23)),AVERAGE(E23,F23),E23) -> -0.065 | H23: ='Segment - Beer'!C30 -> -0.060091757 | I23: =IF(ISNUMBER(H23),IF(H23>MAX(E23:F23)+1E-9,"Beat (above range)",IF(H23<E23-1E-9,"Miss (below range)","In range")),"Pending") -> In range | J23: S11
B24: Operating cash flow ($M) | C24: 2025-09-02 | D24: FY26 | E24: 2500 | F24: 2600 | G24: =IF(AND(ISNUMBER(E24),ISNUMBER(F24)),AVERAGE(E24,F24),E24) -> 2550 | H24: ='Cash Flow Statement'!F24 -> 2669 | I24: =IF(ISNUMBER(H24),IF(H24>MAX(E24:F24)+1E-9,"Beat (above range)",IF(H24<E24-1E-9,"Miss (below range)","In range")),"Pending") -> Beat (above range) | J24: S11
B25: Free cash flow ($M) | C25: 2025-09-02 | D25: FY26 | E25: 1300 | F25: 1400 | G25: =IF(AND(ISNUMBER(E25),ISNUMBER(F25)),AVERAGE(E25,F25),E25) -> 1350 | H25: ='Cash Flow Statement'!F52 -> 1794 | I25: =IF(ISNUMBER(H25),IF(H25>MAX(E25:F25)+1E-9,"Beat (above range)",IF(H25<E25-1E-9,"Miss (below range)","In range")),"Pending") -> Beat (above range) | J25: S11
B26: Reported EPS ($) | C26: 2025-10-06 | D26: FY26 | E26: 9.86 | F26: 10.16 | G26: =IF(AND(ISNUMBER(E26),ISNUMBER(F26)),AVERAGE(E26,F26),E26) -> 10.01 | H26: ='Income Statement'!F91 -> 9.61 | I26: =IF(ISNUMBER(H26),IF(H26>MAX(E26:F26)+1E-9,"Beat (above range)",IF(H26<E26-1E-9,"Miss (below range)","In range")),"Pending") -> Miss (below range) | J26: S3
B27: Comparable EPS ($; affirmed) | C27: 2025-10-06 | D27: FY26 | E27: 11.3 | F27: 11.6 | G27: =IF(AND(ISNUMBER(E27),ISNUMBER(F27)),AVERAGE(E27,F27),E27) -> 11.45 | H27: ='Income Statement'!F159 -> 11.82 | I27: =IF(ISNUMBER(H27),IF(H27>MAX(E27:F27)+1E-9,"Beat (above range)",IF(H27<E27-1E-9,"Miss (below range)","In range")),"Pending") -> Beat (above range) | J27: S3
B28: Reported EPS ($) | C28: 2026-01-07 | D28: FY26 | E28: 9.72 | F28: 10.02 | G28: =IF(AND(ISNUMBER(E28),ISNUMBER(F28)),AVERAGE(E28,F28),E28) -> 9.87 | H28: ='Income Statement'!F91 -> 9.61 | I28: =IF(ISNUMBER(H28),IF(H28>MAX(E28:F28)+1E-9,"Beat (above range)",IF(H28<E28-1E-9,"Miss (below range)","In range")),"Pending") -> Miss (below range) | J28: S4
B29: Comparable EPS ($; affirmed) | C29: 2026-01-07 | D29: FY26 | E29: 11.3 | F29: 11.6 | G29: =IF(AND(ISNUMBER(E29),ISNUMBER(F29)),AVERAGE(E29,F29),E29) -> 11.45 | H29: ='Income Statement'!F159 -> 11.82 | I29: =IF(ISNUMBER(H29),IF(H29>MAX(E29:F29)+1E-9,"Beat (above range)",IF(H29<E29-1E-9,"Miss (below range)","In range")),"Pending") -> Beat (above range) | J29: S4
B30: Comparable EPS ($) | C30: 2026-04-08 | D30: FY27 | E30: 11.2 | F30: 11.9 | G30: =IF(AND(ISNUMBER(E30),ISNUMBER(F30)),AVERAGE(E30,F30),E30) -> 11.55 | H30: pending | I30: =IF(ISNUMBER(H30),IF(H30>MAX(E30:F30)+1E-9,"Beat (above range)",IF(H30<E30-1E-9,"Miss (below range)","In range")),"Pending") -> Pending | J30: S5
B31: Reported EPS ($) | C31: 2026-04-08 | D31: FY27 | E31: 11.1 | F31: 11.8 | G31: =IF(AND(ISNUMBER(E31),ISNUMBER(F31)),AVERAGE(E31,F31),E31) -> 11.45 | H31: pending | I31: =IF(ISNUMBER(H31),IF(H31>MAX(E31:F31)+1E-9,"Beat (above range)",IF(H31<E31-1E-9,"Miss (below range)","In range")),"Pending") -> Pending | J31: S5
B32: Comparable EPS ($; affirmed) | C32: 2026-06-30 | D32: FY27 | E32: 11.2 | F32: 11.9 | G32: =IF(AND(ISNUMBER(E32),ISNUMBER(F32)),AVERAGE(E32,F32),E32) -> 11.55 | H32: pending | I32: =IF(ISNUMBER(H32),IF(H32>MAX(E32:F32)+1E-9,"Beat (above range)",IF(H32<E32-1E-9,"Miss (below range)","In range")),"Pending") -> Pending | J32: S6
B33: Reported EPS ($; raised) | C33: 2026-06-30 | D33: FY27 | E33: 11.5 | F33: 12.2 | G33: =IF(AND(ISNUMBER(E33),ISNUMBER(F33)),AVERAGE(E33,F33),E33) -> 11.85 | H33: pending | I33: =IF(ISNUMBER(H33),IF(H33>MAX(E33:F33)+1E-9,"Beat (above range)",IF(H33<E33-1E-9,"Miss (below range)","In range")),"Pending") -> Pending | J33: S6
B34: Net sales ($M, GAAP) | C34: 2026-06-30 | D34: FY27 | E34: 8910 | F34: 9090 | G34: =IF(AND(ISNUMBER(E34),ISNUMBER(F34)),AVERAGE(E34,F34),E34) -> 9000 | H34: pending | I34: =IF(ISNUMBER(H34),IF(H34>MAX(E34:F34)+1E-9,"Beat (above range)",IF(H34<E34-1E-9,"Miss (below range)","In range")),"Pending") -> Pending | J34: S6
B35: Enterprise organic net sales growth | C35: 2026-06-30 | D35: FY27 | E35: -0.01 | F35: 0.01 | G35: =IF(AND(ISNUMBER(E35),ISNUMBER(F35)),AVERAGE(E35,F35),E35) -> 0 | H35: pending | I35: =IF(ISNUMBER(H35),IF(H35>MAX(E35:F35)+1E-9,"Beat (above range)",IF(H35<E35-1E-9,"Miss (below range)","In range")),"Pending") -> Pending | J35: S6
B36: Beer net sales growth | C36: 2026-06-30 | D36: FY27 | E36: -0.01 | F36: 0.01 | G36: =IF(AND(ISNUMBER(E36),ISNUMBER(F36)),AVERAGE(E36,F36),E36) -> 0 | H36: pending | I36: =IF(ISNUMBER(H36),IF(H36>MAX(E36:F36)+1E-9,"Beat (above range)",IF(H36<E36-1E-9,"Miss (below range)","In range")),"Pending") -> Pending | J36: S6
B37: W&S organic net sales growth | C37: 2026-06-30 | D37: FY27 | E37: -0.01 | F37: 0.01 | G37: =IF(AND(ISNUMBER(E37),ISNUMBER(F37)),AVERAGE(E37,F37),E37) -> 0 | H37: pending | I37: =IF(ISNUMBER(H37),IF(H37>MAX(E37:F37)+1E-9,"Beat (above range)",IF(H37<E37-1E-9,"Miss (below range)","In range")),"Pending") -> Pending | J37: S6
B38: Operating margin (comparable) | C38: 2026-06-30 | D38: FY27 | E38: 0.32 | F38: 0.33 | G38: =IF(AND(ISNUMBER(E38),ISNUMBER(F38)),AVERAGE(E38,F38),E38) -> 0.325 | H38: pending | I38: =IF(ISNUMBER(H38),IF(H38>MAX(E38:F38)+1E-9,"Beat (above range)",IF(H38<E38-1E-9,"Miss (below range)","In range")),"Pending") -> Pending | J38: S6
B39: Beer operating margin | C39: 2026-06-30 | D39: FY27 | E39: 0.37 | F39: 0.38 | G39: =IF(AND(ISNUMBER(E39),ISNUMBER(F39)),AVERAGE(E39,F39),E39) -> 0.375 | H39: pending | I39: =IF(ISNUMBER(H39),IF(H39>MAX(E39:F39)+1E-9,"Beat (above range)",IF(H39<E39-1E-9,"Miss (below range)","In range")),"Pending") -> Pending | J39: S6
B40: Wine & Spirits operating margin | C40: 2026-06-30 | D40: FY27 | E40: 0.05 | F40: 0.06 | G40: =IF(AND(ISNUMBER(E40),ISNUMBER(F40)),AVERAGE(E40,F40),E40) -> 0.055 | H40: pending | I40: =IF(ISNUMBER(H40),IF(H40>MAX(E40:F40)+1E-9,"Beat (above range)",IF(H40<E40-1E-9,"Miss (below range)","In range")),"Pending") -> Pending | J40: S6
B41: Comparable tax rate | C41: 2026-06-30 | D41: FY27 | E41: 0.2 | F41: 0.2 | G41: =IF(AND(ISNUMBER(E41),ISNUMBER(F41)),AVERAGE(E41,F41),E41) -> 0.2 | H41: pending | I41: =IF(ISNUMBER(H41),IF(H41<E41-1E-9,"Beat (below guide)",IF(H41>MAX(E41:F41)+1E-9,"Miss (above guide)","In line")),"Pending") -> Pending | J41: S6
B42: Operating cash flow ($M) | C42: 2026-06-30 | D42: FY27 | E42: 2400 | F42: 2500 | G42: =IF(AND(ISNUMBER(E42),ISNUMBER(F42)),AVERAGE(E42,F42),E42) -> 2450 | H42: pending | I42: =IF(ISNUMBER(H42),IF(H42>MAX(E42:F42)+1E-9,"Beat (above range)",IF(H42<E42-1E-9,"Miss (below range)","In range")),"Pending") -> Pending | J42: S6
B43: Capital expenditures ($M) | C43: 2026-06-30 | D43: FY27 | E43: 800 | F43: 800 | G43: =IF(AND(ISNUMBER(E43),ISNUMBER(F43)),AVERAGE(E43,F43),E43) -> 800 | H43: pending | I43: =IF(ISNUMBER(H43),IF(H43<E43-1E-9,"Beat (below guide)",IF(H43>MAX(E43:F43)+1E-9,"Miss (above guide)","In line")),"Pending") -> Pending | J43: S6
B44: Free cash flow ($M) | C44: 2026-06-30 | D44: FY27 | E44: 1600 | F44: 1700 | G44: =IF(AND(ISNUMBER(E44),ISNUMBER(F44)),AVERAGE(E44,F44),E44) -> 1650 | H44: pending | I44: =IF(ISNUMBER(H44),IF(H44>MAX(E44:F44)+1E-9,"Beat (above range)",IF(H44<E44-1E-9,"Miss (below range)","In range")),"Pending") -> Pending | J44: S6
B45: Beer marketing % ("over 10%") | C45: 2026-07-01 | D45: 2Q27 | E45: 0.1 | F45: n/a | G45: =IF(AND(ISNUMBER(E45),ISNUMBER(F45)),AVERAGE(E45,F45),E45) -> 0.1 | H45: ='Segment - Beer'!H92 -> 0.102 | I45: =IF(ISNUMBER(H45),IF(H45>E45,"Consistent","Below guide"),"Pending") -> Consistent | J45: S13 (2Q27E value is model estimate)

Sheet Sources
B1: Constellation Brands, Inc. (NYSE: STZ)
B2: Sources
B3: $ millions, except per share
B9: ID | C9: Published | D9: Retrieved (UTC) | E9: Title | J9: Publisher | feeds | URL or file
B10: S1 | C10: 2026-10-04 | D10: attached | E10: CapIQ history STZ_history.csv | J10: S&P Capital IQ | feeds: Inputs C; IS EPS history; calibration | workspace/STZ_history.csv
B11: S2 | C11: 2026-10-04 | D11: attached | E11: CapIQ consensus STZ_consensus.json | J11: S&P Capital IQ | feeds: Inputs A-B; Cover consensus | workspace/STZ_consensus.json
B12: S3 | C12: 2025-10-06 | D12: 10-04 23:27Z | E12: Q2 FY26 earnings release (EX-99.1) | J12: Constellation Brands / SEC | feeds: 2Q26A all tabs; 6M YTD cash flow | https://www.sec.gov/Archives/edgar/data/16918/000001691825000140/stzex991_83120258kearnings.htm
B13: S4 | C13: 2026-01-07 | D13: 10-04 23:27Z | E13: Q3 FY26 earnings release (EX-99.1) | J13: Constellation Brands / SEC | feeds: 3Q26A all tabs; 9M YTD cash flow | https://www.sec.gov/Archives/edgar/data/16918/000001691826000002/stzex991_113020258kearnings.htm
B14: S5 | C14: 2026-04-08 | D14: 10-04 23:26Z | E14: Q4 / FY26 earnings release (EX-99.1) | J14: Constellation Brands / SEC | feeds: 4Q26A, FY26A; FY27 initial guidance | https://www.sec.gov/Archives/edgar/data/16918/000001691826000008/stzex991_22820268kearnings.htm
B15: S6 | C15: 2026-06-30 | D15: 10-04 23:26Z | E15: Q1 FY27 earnings release (EX-99.1) | J15: Constellation Brands / SEC | feeds: 1Q27A; 1Q26 comparatives; FY27 guidance update | https://www.sec.gov/Archives/edgar/data/16918/000001691826000028/stzex991_53120268kearnings.htm
B16: S7 | C16: 2025-10-07 | D16: 10-04 23:31Z | E16: Q2 FY26 Form 10-Q | J16: SEC EDGAR | feeds: Segment marketing/G&A; NS bridge; buybacks; cover shares | https://www.sec.gov/Archives/edgar/data/16918/000001691825000141/stz-20250831.htm
B17: S8 | C17: 2026-01-08 | D17: 10-04 23:31Z | E17: Q3 FY26 Form 10-Q | J17: SEC EDGAR | feeds: 9M segment costs; NS bridge; buybacks; cover shares | https://www.sec.gov/Archives/edgar/data/16918/000001691826000005/stz-20251130.htm
B18: S9 | C18: 2026-04-22 | D18: 10-04 23:34Z | E18: FY26 Form 10-K (incl. XBRL R59 segment, R127 geography) | J18: SEC EDGAR | feeds: FY26 segment costs; geography; Q4 buybacks; cover shares | https://www.sec.gov/Archives/edgar/data/16918/000001691826000011/stz-20260228.htm ; .../R59.htm ; .../R127.htm
B19: S10 | C19: 2026-07-01 | D19: 10-04 23:31Z | E19: Q1 FY27 Form 10-Q | J19: SEC EDGAR | feeds: Segment costs; NS bridge; buybacks to 6/26/26; cover shares | https://www.sec.gov/Archives/edgar/data/16918/000001691826000029/stz-20260531.htm
B20: S11 | C20: 2025-09-02 | D20: 10-04 23:32Z | E20: FY26 outlook update (EX-99.1) | J20: Constellation Brands | feeds: Guidance; 2Q26 destock (6-7 pts) | https://ir.cbrands.com/sec-filings/all-sec-filings/content/0000016918-25-000132/stzex991_922025guidanceupd.htm
... B41: S32 | C41: 2026-10-04 | D41: attached | E41: Forecasting playbook v2; FactSet / LSEG beat-rate references | J41: Task file | feeds: Calibration method | workspace/forecasting-playbook.md
B43: Omitted tab: Geo — FY26 10-K geographic note (S9, R127) shows U.S. net sales $9,005.7M of $9,139.0M (98.5%); effectively one country.
B44: Omitted tab: Segment - Corporate Operations and Other — reported segment with no net sales (S9 segment note); its expense is modeled on Income Statement.
B45: Not available in sources: 1Q27 wine/spirits and channel splits (S6, S10 checked); 4Q26/FY26 beer net-sales bridge (10-K MD&A text truncated on retrieval); target-quarter actuals (not published at cutoff).
B46: Retrieval: every cited document has a publication date on or before 2026-10-04 (column C), before the 2026-10-04 22:22 UTC cutoff. Retrieval times in column D (23:26Z-23:34Z) are after the cutoff; this is not leakage, but no frozen pre-cutoff snapshots exist. SEC filings are fixed documents; web pages are as retrieved. CapIQ files (S1, S2) carry October 4 date precision only. 'srch' = read from search-result extracts on 2026-10-04. No target-quarter actual results were encountered.

Sheet Inputs
B1: Constellation Brands, Inc. (NYSE: STZ)
B2: Inputs (CapIQ raw data and beat-probability calibration)
B3: $ millions, except per share
J5: Notes / sources
B10: A. CapIQ consensus file STZ_consensus.json — top-level fields (raw)
B11: source | C11: S&P Capital IQ | J11: S2
B12: ticker | C12: STZ | J12: S2
B13: company | C13: Constellation Brands, Inc. | J13: S2
B14: fiscal_period | C14: Q2 FY2027 | J14: S2
B15: period_end_date | C15: 2026-08-31 | J15: S2
B16: as_of_date | C16: 2026-10-04 | J16: S2
B17: analyst_count | C17: 19 | J17: S2
B18: consensus_eps | C18: 3.55 | J18: S2
B19: eps_basis | C19: Normalized diluted EPS per common share, USD; verify issuer adjustments | J19: S2
B20: consensus_revenue_m | C20: 2539.1 | J20: S2
B21: currency | C21: USD | J21: S2
B22: summary_sha256 | C22: dcd0ceefcbfabc05b4b93dc4d870480edb653ec275c18d538b8e064442f96004 | J22: S2
B23: captured_precision | C23: date only, user confirmed | J23: S2
B24: currency_units_status | C24: USD per common share inferred; verify filings | J24: S2
B26: B. CapIQ summary_row (raw; blank = missing in source; target-price fields not used)
B27: ticker | C27: STZ | J27: S2
B28: company_name | C28: Constellation Brands, Inc. | J28: S2
B29: exchange_ticker | C29: NYSE:STZ | J29: S2
B30: capiq_company_id | C30: 258589 | J30: S2
B31: sp500_member | C31: Y | J31: S2
B32: market_cap_usd_m | J32: S2
B33: fiscal_quarter | C33: FQ2 2027 - Aug 2026 | J33: S2
B34: quarter_end_date | C34: 2026-08-31 | J34: S2
B35: expected_report_date | C35: 2026-10-06 | J35: S2
B36: fiscal_year_end | C36: Feb-28 | J36: S2
B37: analysts_covering | C37: 25 | J37: S2
B38: eps_normalized_mean | C38: 3.55 | J38: S2
B39: eps_normalized_median | C39: 3.56 | J39: S2
B40: eps_normalized_high | C40: 3.88 | J40: S2
B41: eps_normalized_low | C41: 3.25 | J41: S2
B42: eps_normalized_std_dev | C42: 0.16 | J42: S2
B43: eps_normalized_n_est | C43: 19 | J43: S2
B44: eps_normalized_guidance | J44: S2
B45: eps_normalized_guidance_low | J45: S2
B46: eps_normalized_guidance_high | J46: S2
B47: eps_gaap_mean | C47: 3.55 | J47: S2
B48: eps_gaap_median | C48: 3.53 | J48: S2
B49: eps_gaap_high | C49: 3.66 | J49: S2
B50: eps_gaap_low | C50: 3.47 | J50: S2
B51: eps_gaap_std_dev | C51: 0.07 | J51: S2
B52: eps_gaap_n_est | C52: 5 | J52: S2
B53: eps_gaap_guidance | J53: S2
B54: revenue_m_mean | C54: 2539.1 | J54: S2
B55: revenue_m_median | C55: 2544.99 | J55: S2
B56: revenue_m_high | C56: 2614.9 | J56: S2
B57: revenue_m_low | C57: 2467.92 | J57: S2
B58: revenue_m_std_dev | C58: 37.2 | J58: S2
B59: revenue_m_n_est | C59: 16 | J59: S2
B60: revenue_m_guidance | J60: S2
B61: revenue_m_guidance_low | J61: S2
B62: revenue_m_guidance_high | J62: S2
B63: ebitda_m | C63: 984.72 | J63: S2
B64: ebit_m | C64: 870.72 | J64: S2
B65: ebt_excl_excep_m | J65: S2
B66: ebt_gaap_m | J66: S2
B67: net_income_excl_excep_m | C67: 609.02 | J67: S2
B68: net_income_gaap_m | C68: 616.35 | J68: S2
B69: gross_margin_pct | C69: 52.51 | J69: S2
B70: effective_tax_rate_pct | C70: 20.19 | J70: S2
B71: d_and_a_m | C71: 111.4 | J71: S2
B72: capex_m | C72: -207.95 | J72: S2
B73: cfo_m | C73: 799.63 | J73: S2
B74: fcf_m | C74: 471.5 | J74: S2
B75: interest_expense_m | J75: S2
B76: net_debt_m | J76: S2
B77: cfps | C77: 5.09 | J77: S2
B78: bvps | J78: S2
B79: dps | C79: 1.03 | J79: S2
B80: nav_m | J80: S2
B81: navps | J81: S2
B82: roe_pct | J82: S2
B83: adj_nii_per_share_consensus | J83: S2
B84: target_price_mean | C84: 163.35 | J84: S2; not used (malformed ranges per task)
B85: target_price_median | C85: 165 | J85: S2; not used (malformed ranges per task)
B86: target_price_high | C86: 209 | J86: S2; not used (malformed ranges per task)
B87: target_price_low | C87: 110 | J87: S2; not used (malformed ranges per task)
B88: target_price_std_dev | C88: 25.2 | J88: S2; not used (malformed ranges per task)
B89: target_price_n_est | C89: 23 | J89: S2; not used (malformed ranges per task)
B90: recommendation | C90: Outperform | J90: S2
B91: recommendation_score | C91: 2.04 | J91: S2
B92: last_close_price | C92: 112.87 | J92: S2
B93: wk52_high_low | J93: S2
B94: currency | C94: USD | J94: S2
B95: units | C95: per-share in USD; revenue and income in USD millions | J95: S2
B96: estimates_captured_at | C96: 2026-10-04 | J96: S2
B97: notes | J97: S2
B99: C. CapIQ history STZ_history.csv (6 rows x 8 columns, raw)
B100: period_end_date | C100: report_date | D100: eps_normalized_consensus | E100: eps_normalized_actual | F100: eps_gaap_consensus | G100: eps_gaap_actual | H100: revenue_m_consensus | I100: revenue_m_actual | J100: Columns: period_end_date, report_date, eps_normalized_consensus, eps_normalized_actual, eps_gaap_consensus, eps_gaap_actual, revenue_m_consensus, revenue_m_actual
B101: 2025-02-28 | C101: 2025-04-09 | D101: 2.27 | E101: 2.63 | F101: 2.26 | G101: -2.09 | H101: 2123.05 | I101: 2164.2 | J101: S1 row 1
B102: 2025-05-31 | C102: 2025-07-01 | D102: 3.29 | E102: 3.22 | F102: 3.27 | G102: 2.9 | H102: 2555.81 | I102: 2515 | J102: S1 row 2
B103: 2025-08-31 | C103: 2025-10-06 | D103: 3.41 | E103: 3.63 | F103: 3.32 | G103: 2.65 | H103: 2457.62 | I103: 2481 | J103: S1 row 3
B104: 2025-11-30 | C104: 2026-01-07 | D104: 2.63 | E104: 3.06 | F104: 2.64 | G104: 2.88 | H104: 2156.17 | I104: 2222.8 | J104: S1 row 4
B105: 2026-02-28 | C105: 2026-04-08 | D105: 1.71 | E105: 1.9 | F105: 1.66 | G105: 1.16 | H105: 1879.71 | I105: 1920.2 | J105: S1 row 5
B106: 2026-05-31 | C106: 2026-06-30 | D106: 3.2 | E106: 3.43 | F106: 3.15 | G106: 3.79 | H106: 2389.12 | I106: 2432.7 | J106: S1 row 6
B108: D. Beat-probability calibration (playbook v2; links to Cover)
...
